Workbook
Name APU: '[1]1.2 APU'!$A$5:$L$2024
Name APU: '[2]1.3 APU'!$A$2:$L$735
Name APU: '1.2 APU'!$A$5:$L$958
Name CAPU: "rend"
Name Cp: #REF!
Name CP: Datos!$B$14
Name HMO: Datos!$B$12
Name j: [3]Datos!$B$10
Name j: Datos!$B$10
Name PRESUPUESTO_: '1.1 Formato C-1'!$A$11:$L$169
Name PZ: '1.3 Gastos Generales'!$P$1
Name Recursos: '[2]1.4 Insumos'!$A$1:$D$463
Name Recursos: '1.4 Insumos'!$A$1:$D$473
Name Rend: '1.2 Rendimiento'!$A:$E
Name RENDIMIENTO: '1.2 Rendimiento'!$A$4:$E$885
Name RiskCollectDistributionSamples: 2
Name RiskFixedSeed: 1
Name RiskHasSettings: TRUE
Name RiskMinimizeOnStart: FALSE
Name RiskMonitorConvergence: FALSE
Name RiskNumIterations: 10000
Name RiskNumSimulations: 1
Name RiskPauseOnError: FALSE
Name RiskRealTimeResults: FALSE
Name RiskResultsUpdateFreq: 100
Name RiskRunAfterRecalcMacro: FALSE
Name RiskRunAfterSimMacro: FALSE
Name RiskRunBeforeRecalcMacro: FALSE
Name RiskRunBeforeSimMacro: FALSE
Name RiskSamplingType: 2
Name RiskStandardRecalc: 1
Name RiskStatFunctionsUpdateFreq: 1
Name RiskUpdateDisplay: FALSE
Name RiskUpdateStatFunctions: TRUE
Name RiskUseDifferentSeedForEachSim: FALSE
Name RiskUseFixedSeed: FALSE
Name tc: #REF!
Name TC: [4]Datos!$B$13
Name TC: Datos!$B$13
Name vol: Datos!$B$11

Sheet 0000000

Sheet 1.1 Formato C-1
B1: FORMATO DE PRESUPUESTO
B3: PROPUESTA A PRECIOS UNITARIOS
B5: PROYECTO: | C5: MEJORAMIENTO DE VÍAS Y ACCESOS EXISTENTES SUBPROYECTOS A3-A4
B6: POSTOR: | C6: ZOVICSA
B7: FECHA : | C7: 44655
B9: ITEM | C9: DESCRIPCIÓN | D9: UNIDAD | E9: CANTIDAD ESTIMADA (A) | F9: COSTOS UNITARIOS (US$/UNID.) | J9: SUB TOTAL (US$) (A*E) | L9: HH Totales | M9: Comentarios
F10: MATERIAL (B) | G10: INSTALACIÓN (C) | H10: EQUIPO (D) | I10: TOTAL (E)=(B+C+D)
F11: (B) | G11: (C) | H11: (D)
A12: 10190 | B12: =VLOOKUP($A12,RENDIMIENTO,2,FALSE) -> 1 | C12: =VLOOKUP($A12,RENDIMIENTO,3,FALSE) -> TRABAJOS PRELIMINARES | J12: =SUBTOTAL(9,J13:J14) -> 94477.65
A13: 10191 | B13: =VLOOKUP($A13,RENDIMIENTO,2,FALSE) -> 1.01 | C13: =VLOOKUP($A13,RENDIMIENTO,3,FALSE) -> Movilización y demovilización de equipos | D13: =VLOOKUP($A13,RENDIMIENTO,4,FALSE) -> glb | E13: 1 | F13: =IFERROR(VLOOKUP(CONCATENATE($A13,$F$11),APU,11,FALSE),0) -> 0 | G13: =IFERROR(VLOOKUP(CONCATENATE($A13,$G$11),APU,11,FALSE),0) -> 0 | H13: =IFERROR(VLOOKUP(CONCATENATE($A13,$H$11),APU,11,FALSE),0) -> 39000 | I13: =SUM(F13:H13) -> 39000 | J13: =ROUND(E13*I13,2) -> 39000
A14: 10192 | B14: =VLOOKUP($A14,RENDIMIENTO,2,FALSE) -> 1.02 | C14: =VLOOKUP($A14,RENDIMIENTO,3,FALSE) -> Trazo, Nivelación y Replanteo | D14: =VLOOKUP($A14,RENDIMIENTO,4,FALSE) -> km | E14: 28.61 | F14: =IFERROR(VLOOKUP(CONCATENATE($A14,$F$11),APU,11,FALSE),0) -> 0 | G14: =IFERROR(VLOOKUP(CONCATENATE($A14,$G$11),APU,11,FALSE),0) -> 1532.14 | H14: =IFERROR(VLOOKUP(CONCATENATE($A14,$H$11),APU,11,FALSE),0) -> 406.96 | I14: =SUM(F14:H14) -> 1939.1 | J14: =ROUND(E14*I14,2) -> 55477.65
A15: 10196 | B15: =VLOOKUP($A15,RENDIMIENTO,2,FALSE) -> 2 | C15: =VLOOKUP($A15,RENDIMIENTO,3,FALSE) -> MOVIMIENTO DE TIERRAS | J15: =SUBTOTAL(9,J16:J17) -> 486801.72
A16: 10197 | B16: =VLOOKUP($A16,RENDIMIENTO,2,FALSE) -> 2.01 | C16: =VLOOKUP($A16,RENDIMIENTO,3,FALSE) -> Roce y Limpieza de Maleza | D16: =VLOOKUP($A16,RENDIMIENTO,4,FALSE) -> m2 | E16: 8583 | F16: =IFERROR(VLOOKUP(CONCATENATE($A16,$F$11),APU,11,FALSE),0) -> 0 | G16: =IFERROR(VLOOKUP(CONCATENATE($A16,$G$11),APU,11,FALSE),0) -> 0.62 | H16: =IFERROR(VLOOKUP(CONCATENATE($A16,$H$11),APU,11,FALSE),0) -> 2.43 | I16: =SUM(F16:H16) -> 3.05 | J16: =ROUND(E16*I16,2) -> 26178.15
A17: 10198 | B17: =VLOOKUP($A17,RENDIMIENTO,2,FALSE) -> 2.02 | C17: =VLOOKUP($A17,RENDIMIENTO,3,FALSE) -> Mejoramiento de vías Existentes | D17: =VLOOKUP($A17,RENDIMIENTO,4,FALSE) -> km | E17: 28.61 | F17: =IFERROR(VLOOKUP(CONCATENATE($A17,$F$11),APU,11,FALSE),0)+$F$33 -> 0 | G17: =IFERROR(VLOOKUP(CONCATENATE($A17,$G$11),APU,11,FALSE),0)+G33 -> 3840.43 | H17: =IFERROR(VLOOKUP(CONCATENATE($A17,$H$11),APU,11,FALSE),0)+H33 -> 12259.66 | I17: =SUM(F17:H17) -> 16100.09 | J17: =ROUND(E17*I17,2) -> 460623.57
A19: 9 | B19: 5 | C19: Costo Directo Total (S/.) (Ítems 1.0 + 2.0 + 3.0 + 4.0) | J19: =SUBTOTAL(9,J12:J17) -> 581279.37 | L19: =SUM(L13:L17) -> 0
A20: 11 | B20: 6 | C20: Gastos Generales ……..% (S/.) (% de ítem 5.0) | I20: =J20/$J$19 -> 0.34541347 | J20: =+'1.3 Gastos Generales'!L103 -> 200781.72
A21: 13 | B21: 7 | C21: Utilidades ……….% (S/.) (% de ítem 5.0) | I21: 0.1 | J21: =+J19*I21 -> 58127.937
A22: 14 | B22: 12 | C22: Costo Covid | I22: =1.57397843969702%*0 -> 0 | J22: =I22*J19 -> 0
C23: Costo Total General (S/.) (Ítems 5.0 + 6.0 + 7.0) | J23: =SUM(J19:J22) -> 840189.03
B24: Consideraciones:
B25: -Las tarifas consideradas en el presupuesta es a maquina seca, el cliente deberá abastecer el combustible a los equipos de linea amarilla, volquetes y equipos menores.
B26: -La jornada de trabajo considera en la oferta economica es de 8hrs, y los trabajos se realizaran a un solo turno.
B27: -La duración de las actividades de movimientos de tierras tiene una duración de 37días calendario. No incluye movilización y desmovilización
A33: 10199 | B33: =VLOOKUP($A33,RENDIMIENTO,2,FALSE) -> 2.02A | C33: =VLOOKUP($A33,RENDIMIENTO,3,FALSE) -> Carguio y transporte de material para mejoramiento | D33: km | E33: =+E17 -> 28.61 | F33: =IFERROR(VLOOKUP(CONCATENATE($A33,$F$11),APU,11,FALSE),0)*'1.2 APU'!H72 -> 0 | G33: =IFERROR(VLOOKUP(CONCATENATE($A33,$G$11),APU,11,FALSE),0)*'1.2 APU'!H72 -> 1728 | H33: =IFERROR(VLOOKUP(CONCATENATE($A33,$H$11),APU,11,FALSE),0)*'1.2 APU'!$H$72 -> 6672 | I33: =SUM(F33:H33) -> 8400 | J33: =ROUND(E33*I33,2) -> 240324

Sheet 1.2 Rendimiento
B4: ÍTEM | C4: DESCRIPCIÓN | D4: UNID. | E4: Rendimiento (/hr) | G4: Referencia
A6: 10001
A7: 10002
A8: 10003 | G8: MOB01318_SDC-057_2.08 Lastrado de plataforma (e=0.10m)
A9: 10004 | G9: MOB01318_5.01 Excavación Top Soil
A10: 10005 | G10: MOB01318_5.02 Eliminación mayor 1km
A11: 10006 | G11: MOB01318_5.03 Carguio y eliminación menor a 1km
A12: 10007 | G12: MOB01318_2.01 Excavación material inadecuado
A13: 10008
A14: 10009 | G14: MOB01318_2.12 Carguio y transporte material de filtro 2B<1km
A15: 10010 | G15: MOB01318_2.13 Transporte material de filtro 2B>1km
A16: 10011 | G16: MOB01318_SDC-047_1.02.03 Conformación de 3B no controlado
A17: 10012 | G17: MOB01318_SDC-047_1.02.01 Carguio y transporte material de enrocado d<1km
A18: 10013 | G18: MOB01318_SDC-047_1.02.02 Transporte material de enrocado d>1km
A19: 10014 | G19: MOB01318_SDC-047_1.02.03 Conformación de 3B no controlado
A20: 10015 | G20: MOB01318_SDC-047_1.02.01 Carguio y transporte material de enrocado d<1km
A21: 10016 | G21: MOB01318_SDC-047_1.02.02 Transporte material de enrocado d>1km
A22: 10017 | F22: Contractual MOB01318 | G22: MOB01318_SDC-047_1.02.03 Conformación de 3B no controlado
A23: 10018 | G23: MOB01318_SDC-047_1.02.01 Carguio y transporte material de enrocado d<1km
A24: 10019 | G24: MOB01318_SDC-047_1.02.02 Transporte material de enrocado d>1km
A25: 10020 | F25: Contractual MOB01318 | G25: MOB01318_2.14 Material de filtro 2B
A26: 10021 | G26: MOB01318_2.12 Carguio y transporte material de filtro 2B<1km
A27: 10022 | G27: MOB01318_2.13 Transporte material de filtro 2B>1km
A28: 10023 | F28: Contractual MOB01318 | G28: MOB01318_2.17 Mateiral de enrocado 3B
A29: 10024 | G29: MOB01318_2.15 Carguio y transporte material de enrocado d<1km
A30: 10025 | G30: MOB01318_2.15 Transporte material de enrocado d>1km
A31: 10026 | F31: SDC N°33 MOB01318
A32: 10027 | G32: MOB01318_2.12 Carguio y transporte material de filtro 2B<1km
A33: 10028 | G33: MOB01318_2.13 Transporte material de filtro 2B>1km
A34: 10029 | F34: SDC N°33 MOB01318 | G34: S20179_2.1 Relleno copactado c/material Arena de Relaves
A35: 10030 | G35: S20179_2.2 Transporte arena de relaves d<1km
A36: 10031 | G36: S20179_2.3 Transporte arena de relaves d>1km
A37: 10032 | F37: SDC N°33 MOB01318 | G37: MOB01118_6.05 Suministro e instalación de geomembrana HDPE e=1.5mm (inc pruebas)
A38: 10033 | F38: SDC N°38 MOB01318 | G38: MOB01118_6.04 Suministro e instalación de geotextil no tejido de 400g/m2 (inc Pruebas)
A39: 10034 | F39: SDC N°38 MOB01318
A40: 10035
A41: 10036 | G41: MOB01318_5.04 Conformación de Botadero de top soil
A42: 10037
A43: 10038
A44: 10039
A45: 10040 | G45: MOB01318_1.04 Facilidades en obra
A46: 10041
A47: 10042
A48: 10043
A49: 10044
A50: 10045
A51: 10046
A52: 10047
A53: 10048
A54: 10049
A55: 10050
A56: 10051
A57: 10052
... A194: 10189
A195: 10190 | B195: 1 | C195: TRABAJOS PRELIMINARES
A196: 10191 | B196: 1.01 | C196: Movilización y demovilización de equipos | D196: glb | E196: 1
A197: 10192 | B197: 1.02 | C197: Trazo, Nivelación y Replanteo | D197: km | E197: =0.85/8 -> 0.10625
A198: 10193
A199: 10194
A200: 10195
A201: 10196 | B201: 2 | C201: MOVIMIENTO DE TIERRAS
A202: 10197 | B202: 2.01 | C202: Roce y Limpieza de Maleza | D202: m2 | E202: =2800/8 -> 350
A203: 10198 | B203: 2.02 | C203: Mejoramiento de vías Existentes | D203: km | E203: =0.85/8 -> 0.10625
A204: 10199 | B204: 2.02A | C204: Carguio y transporte de material para mejoramiento | D204: m3 | E204: 110
A205: 10200
A206: 10201
A207: 10202
A208: 10203
A209: 10204 | B209: 3 | C209: REPARACIÓN Y REPOSICIÓN DE ESTRUCTURAS
A210: 10205 | B210: 3.01 | C210: Reparación de concreto | D210: m2
A211: 10206 | B211: 3.02 | C211: Demolición de estructuras existentes | D211: m2
A212: 10207 | B212: 3.03 | C212: Reposición de pase de agua con tubería HDPE Ø=24 | D212: m
A213: 10208
A214: 10209
A215: 10210
A216: 10211 | B216: 4 | C216: CABEZAL DE ENTRADA Y SALIDA
A217: 10212 | B217: 4.01 | C217: Reparación de concreto | D217: m3
A218: 10213 | B218: 4.02 | C218: Demolición de estructuras existentes | D218: m2
A219: 10214
A220: 10215
A221: 10216
A222: 10217
A223: 10218
A224: 10219
A225: 10220
A226: 10221
A227: 10222
A228: 10223
A229: 10224
A230: 10225
... A243: 10238

Sheet 1.2 APU
B4: ANALISIS DE PRECIOS UNITARIOS | M4: CANTIDAD Y COSTO DE INSUMOS DEL PRESUPUESTO REFERENCIAL | S4: CANTIDAD Y COSTO DE INSUMOS DEL METRADO EJECUTADO
B6: ='1.1 Formato C-1'!B5 -> PROYECTO: | C6: ='1.1 Formato C-1'!C5:J5 -> MEJORAMIENTO DE VÍAS Y ACCESOS EXISTENTES SUBPROYECTOS A3-A4
B7: ='1.1 Formato C-1'!B6 -> POSTOR: | C7: ='1.1 Formato C-1'!C6:J6 -> ZOVICSA | O7: 146272.47 | S7: VALORIZACION No | U7: #REF!
B8: ='1.1 Formato C-1'!B7 -> FECHA : | C8: ='1.1 Formato C-1'!C7:J7 -> 44655
A11: 10191 | B11: Partida | C11: =VLOOKUP($A11,PRESUPUESTO_,2,FALSE) -> 1.01 | D11: =VLOOKUP($A11,PRESUPUESTO_,3,FALSE) -> Movilización y demovilización de equipos | K11: =SUM(K14:K23) -> 39000 | M11: =D11 -> Movilización y demovilización de equipos | S11: =D11 -> Movilización y demovilización de equipos | X11: 103
B12: Rendimiento: | C12: =VLOOKUP($A11,RENDIMIENTO,5,FALSE) -> 1 | D12: =VLOOKUP($A11,RENDIMIENTO,4,FALSE) -> glb | H12: C.U. Total: | I12: =K11 -> 39000 | J12: =VLOOKUP($A11,RENDIMIENTO,4,FALSE) -> glb | M12: =VLOOKUP(A11,PRESUPUESTO_,5,FALSE) -> 1 | N12: #N/A | O12: TOTAL PARTIDA: | P12: =SUM(P14:P21) -> #REF! | Q12: =VLOOKUP(A11,PRESUPUESTO_,10,FALSE) -> 39000 | R12: =IF(Q12<>P12,"ver","ok") -> #REF! | S12: #N/A | T12: #N/A | U12: TOTAL PARTIDA: | V12: =SUM(#REF!) -> #REF! | X12: 103
B13: Codigo | C13: Recurso | F13: UND | G13: Cuadrilla | H13: Cantidad | I13: C.U. | J13: C.Parcial | K13: SUBTOTAL | M13: DESCRIPCION | N13: UND | O13: CANTIDAD | P13: COSTOx PART. | S13: DESCRIPCION | T13: UND | U13: CANTIDAD | V13: COSTOx PART. | X13: 103
A14: =CONCATENATE(A11,L14) -> 10191(D) | B14: Herramientas y Equipos | K14: =SUM(J15:J22) -> 39000 | L14: (D) | X14: 103 | AX14: 6000
B15: TF00117 | C15: =+'Equipos-Personal (HH y HM)'!A7 -> Tractor sobre Orugas CAT D8T | F15: Und | H15: 1 | I15: 5850 | J15: =ROUND(H15*I15,2) -> 5850 | M15: =$C15 -> Tractor sobre Orugas CAT D8T | N15: =$F15 -> Und | O15: =H15*11*0 -> 0 | P15: =J15*#REF! -> #REF! | S15: =$C15 -> Tractor sobre Orugas CAT D8T | T15: =$F15 -> Und | U15: =ROUND(#REF!*$H15,2) -> #REF! | V15: =ROUND(#REF!*$J15,2) -> #REF! | X15: 103
B16: TF00117 | C16: =+'Equipos-Personal (HH y HM)'!A10 -> Cargador Frontal John Deere 744 K | F16: Und | H16: 1 | I16: 1950 | J16: =ROUND(H16*I16,2) -> 1950 | M16: =$C16 -> Cargador Frontal John Deere 744 K | N16: =$F16 -> Und | O16: =H16*11*0 -> 0 | P16: =J16*#REF! -> #REF! | S16: =$C16 -> Cargador Frontal John Deere 744 K | T16: =$F16 -> Und | U16: =ROUND(#REF!*$H16,2) -> #REF! | V16: =ROUND(#REF!*$J16,2) -> #REF! | X16: 103
B17: TF00117 | C17: =+'Equipos-Personal (HH y HM)'!A12 -> Retroexcavadora Cat 420e | F17: Und | H17: 1 | I17: 3900 | J17: =ROUND(H17*I17,2) -> 3900 | M17: =$C17 -> Retroexcavadora Cat 420e | N17: =$F17 -> Und | O17: =H17*11*0 -> 0 | P17: =J17*#REF! -> #REF! | S17: =$C17 -> Retroexcavadora Cat 420e | T17: =$F17 -> Und | U17: =ROUND(#REF!*$H17,2) -> #REF! | V17: =ROUND(#REF!*$J17,2) -> #REF! | X17: 103
B18: TF00117 | C18: =+'Equipos-Personal (HH y HM)'!A13 -> Volquete de 17 m3 | F18: Und | H18: 7 | I18: 1950 | J18: =ROUND(H18*I18,2) -> 13650 | M18: =$C18 -> Volquete de 17 m3 | N18: =$F18 -> Und | O18: =H18*11*0 -> 0 | P18: =J18*#REF! -> #REF! | S18: =$C18 -> Volquete de 17 m3 | T18: =$F18 -> Und | U18: =ROUND(#REF!*$H18,2) -> #REF! | V18: =ROUND(#REF!*$J18,2) -> #REF! | X18: 103
B19: TF00117 | C19: =+'Equipos-Personal (HH y HM)'!A14 -> Cisterna de agua 5,000 gln. | F19: Und | H19: 1 | I19: 1950 | J19: =ROUND(H19*I19,2) -> 1950 | M19: =$C19 -> Cisterna de agua 5,000 gln. | N19: =$F19 -> Und | O19: =H19*11*0 -> 0 | P19: =J19*#REF! -> #REF! | S19: =$C19 -> Cisterna de agua 5,000 gln. | T19: =$F19 -> Und | U19: =ROUND(#REF!*$H19,2) -> #REF! | V19: =ROUND(#REF!*$J19,2) -> #REF! | X19: 103
B20: TF00117 | C20: =+'Equipos-Personal (HH y HM)'!A16 -> Motoniveladora de 140 HP | F20: Und | H20: 1 | I20: 3900 | J20: =ROUND(H20*I20,2) -> 3900 | M20: =$C20 -> Motoniveladora de 140 HP | N20: =$F20 -> Und | O20: =H20*11*0 -> 0 | P20: =J20*#REF! -> #REF! | S20: =$C20 -> Motoniveladora de 140 HP | T20: =$F20 -> Und | U20: =ROUND(#REF!*$H20,2) -> #REF! | V20: =ROUND(#REF!*$J20,2) -> #REF! | X20: 103
B21: TF00117 | C21: =+'Equipos-Personal (HH y HM)'!A17 -> Rodillo Liso Vibratorio Autopropulsado HAMM 20 Tn. | F21: Und | H21: 1 | I21: 1950 | J21: =ROUND(H21*I21,2) -> 1950 | M21: =$C21 -> Rodillo Liso Vibratorio Autopropulsado HAMM 20 Tn. | N21: =$F21 -> Und | O21: =H21*11*0 -> 0 | P21: =J21*#REF! -> #REF! | S21: =$C21 -> Rodillo Liso Vibratorio Autopropulsado HAMM 20 Tn. | T21: =$F21 -> Und | U21: =ROUND(#REF!*$H21,2) -> #REF! | V21: =ROUND(#REF!*$J21,2) -> #REF! | X21: 103
B22: TF00117 | C22: Camión Furgon | F22: Viajes | H22: 5 | I22: 1170 | J22: =ROUND(H22*I22,2) -> 5850 | M22: =$C22 -> Camión Furgon | N22: =$F22 -> Viajes | O22: =H22*11*0 -> 0 | P22: =J22*#REF! -> #REF! | S22: =$C22 -> Camión Furgon | T22: =$F22 -> Viajes | U22: =ROUND(#REF!*$H22,2) -> #REF! | V22: =ROUND(#REF!*$J22,2) -> #REF! | X22: 103
J23: =K14 -> 39000 | X23: -3
A25: 10192 | B25: Partida | C25: =VLOOKUP($A25,PRESUPUESTO_,2,FALSE) -> 1.02 | D25: =VLOOKUP($A25,PRESUPUESTO_,3,FALSE) -> Trazo, Nivelación y Replanteo | K25: =SUM(K28:K38) -> 1939.1 | M25: =D25 -> Trazo, Nivelación y Replanteo | S25: =D25 -> Trazo, Nivelación y Replanteo | X25: 103
B26: Rendimiento: | C26: =VLOOKUP($A25,RENDIMIENTO,5,FALSE) -> 0.10625 | D26: =VLOOKUP($A25,RENDIMIENTO,4,FALSE) -> km | E26: /hr | H26: C.U. Total: | I26: =K25 -> 1939.1 | J26: =VLOOKUP($A25,RENDIMIENTO,4,FALSE) -> km | M26: =VLOOKUP(A25,PRESUPUESTO_,5,FALSE) -> 28.61 | N26: #N/A | O26: TOTAL PARTIDA: | P26: =SUM(P29:P37) -> #REF! | Q26: =VLOOKUP(A25,PRESUPUESTO_,10,FALSE) -> 55477.65 | R26: =IF(Q26<>P26,"ver","ok") -> #REF! | S26: #N/A | T26: #N/A | U26: TOTAL PARTIDA: | V26: =SUM(#REF!) -> #REF! | X26: 103 | Z26: Cota 4125 | AA26: Cota 4126 | AB26: Cota 4127 | AC26: Cota 4128 | AD26: Cota 4129 | AE26: Cota 4130 | AF26: Cota 4131 | AG26: Cota 4132 | AH26: Cota 4133 | AI26: Cota 4134 | AJ26: Cota 4135
B27: Codigo | C27: Recurso | F27: UND | G27: Cuadrilla | H27: Cantidad | I27: C.U. | J27: C.Parcial | K27: SUBTOTAL | M27: DESCRIPCION | N27: UND | O27: CANTIDAD | P27: COSTOx PART. | S27: DESCRIPCION | T27: UND | U27: CANTIDAD | V27: COSTOx PART. | X27: 103 | AG27: =+'[5]1.9 Duration'!#REF! -> #REF! | AH27: =+'[5]1.9 Duration'!#REF! -> #REF! | AI27: =+'[5]1.9 Duration'!#REF! -> #REF! | AJ27: =+'[5]1.9 Duration'!#REF! -> #REF!
A28: =CONCATENATE(A25,L28) -> 10192(C) | B28: Mano de Obra | K28: =+J33 -> 1532.14 | L28: (C) | X28: 103
B29: TF00005 | C29: =VLOOKUP($B29,Recursos,2,FALSE) -> Topógrafo | F29: =VLOOKUP($B29,Recursos,3,FALSE) -> hh | G29: 2 | H29: =G29/$C$26 -> 18.823529 | I29: =VLOOKUP($B29,Recursos,4,FALSE) -> 28.247868 | J29: =ROUND(H29*I29,2) -> 531.72 | M29: =$C29 -> Topógrafo | N29: =$F29 -> hh | O29: =ROUND($M$26*$H29,2) -> 538.54 | P29: =J29*#REF! -> #REF! | S29: =$C29 -> Topógrafo | T29: =$F29 -> hh | U29: =ROUND(#REF!*$H29,2) -> #REF! | V29: =ROUND(#REF!*$J29,2) -> #REF! | X29: 103 | AG29: =+$H$164*AG$162 -> 0 | AH29: =+$H$164*AH$162 -> 0 | AI29: =+$H$164*AI$162 -> 0 | AJ29: =+$H$164*AJ$162 -> 0 | AK29: =SUM(Z29:AJ29) -> 0 | AL29: =IF(AK29=O29,"OK","CORREGIR") -> CORREGIR
B30: TF00007 | C30: =VLOOKUP($B30,Recursos,2,FALSE) -> Cadista | F30: =VLOOKUP($B30,Recursos,3,FALSE) -> hh | G30: 1 | H30: =G30/$C$26 -> 9.4117647 | I30: =VLOOKUP($B30,Recursos,4,FALSE) -> 22.311788 | J30: =ROUND(H30*I30,2) -> 209.99 | M30: =$C30 -> Cadista | N30: =$F30 -> hh | O30: =ROUND($M$26*$H30,2) -> 269.27 | P30: =J30*#REF! -> #REF! | S30: =$C30 -> Cadista | T30: =$F30 -> hh | U30: =ROUND(#REF!*$H30,2) -> #REF! | V30: =ROUND(#REF!*$J30,2) -> #REF! | X30: 103 | AG30: =+$H$165*AG$162 -> 0 | AH30: =+$H$165*AH$162 -> 0 | AI30: =+$H$165*AI$162 -> 0 | AJ30: =+$H$165*AJ$162 -> 0 | AK30: =SUM(Z30:AJ30) -> 0 | AL30: =IF(AK30=O30,"OK","CORREGIR") -> CORREGIR
B31: TF00006 | C31: =VLOOKUP($B31,Recursos,2,FALSE) -> Auxiliar de Topógrafo | F31: =VLOOKUP($B31,Recursos,3,FALSE) -> hh | G31: 2 | H31: =G31/$C$26 -> 18.823529 | I31: =VLOOKUP($B31,Recursos,4,FALSE) -> 22.311788 | J31: =ROUND(H31*I31,2) -> 419.99 | M31: =$C31 -> Auxiliar de Topógrafo | N31: =$F31 -> hh | O31: =ROUND($M$26*$H31,2) -> 538.54 | P31: =J31*#REF! -> #REF! | S31: =$C31 -> Auxiliar de Topógrafo | T31: =$F31 -> hh | U31: =ROUND(#REF!*$H31,2) -> #REF! | V31: =ROUND(#REF!*$J31,2) -> #REF! | X31: 103 | AG31: =+$H$165*AG$162 -> 0 | AH31: =+$H$165*AH$162 -> 0 | AI31: =+$H$165*AI$162 -> 0 | AJ31: =+$H$165*AJ$162 -> 0 | AK31: =SUM(Z31:AJ31) -> 0 | AL31: =IF(AK31=O31,"OK","CORREGIR") -> CORREGIR
B32: TF00012 | C32: =VLOOKUP($B32,Recursos,2,FALSE) -> Peón | F32: =VLOOKUP($B32,Recursos,3,FALSE) -> hh | G32: 2 | H32: =G32/$C$26 -> 18.823529 | I32: =VLOOKUP($B32,Recursos,4,FALSE) -> 19.679802 | J32: =ROUND(H32*I32,2) -> 370.44 | M32: =$C32 -> Peón | N32: =$F32 -> hh | O32: =ROUND($M$26*$H32,2) -> 538.54 | P32: =J32*#REF! -> #REF! | S32: =$C32 -> Peón | T32: =$F32 -> hh | U32: =ROUND(#REF!*$H32,2) -> #REF! | V32: =ROUND(#REF!*$J32,2) -> #REF! | X32: 103 | AG32: =+$H$165*AG$162 -> 0 | AH32: =+$H$165*AH$162 -> 0 | AI32: =+$H$165*AI$162 -> 0 | AJ32: =+$H$165*AJ$162 -> 0 | AK32: =SUM(Z32:AJ32) -> 0 | AL32: =IF(AK32=O32,"OK","CORREGIR") -> CORREGIR
J33: =SUM(J29:J32) -> 1532.14
A34: =CONCATENATE(A25,L34) -> 10192(D) | B34: Herramientas y Equipos | K34: =SUM(J36:J37) -> 406.96 | L34: (D) | X34: 103
B35: TF00044 | C35: =VLOOKUP($B35,Recursos,2,FALSE) -> Estación total | F35: =VLOOKUP($B35,Recursos,3,FALSE) -> hm | G35: 0.25 | H35: =G35/$C$26 -> 2.3529412 | I35: =VLOOKUP($B35,Recursos,4,FALSE) -> 11.4 | J35: =ROUND(H35*I35,2) -> 26.82 | M35: =$C35 -> Estación total | N35: =$F35 -> hm | O35: =ROUND($M$26*$H35,2) -> 67.32 | P35: =J35*#REF! -> #REF! | S35: =$C35 -> Estación total | T35: =$F35 -> hm | U35: =ROUND(#REF!*$H35,2) -> #REF! | V35: =ROUND(#REF!*$J35,2) -> #REF! | X35: 103 | AG35: =+$H$169*AG$162 -> 0 | AH35: =+$H$169*AH$162 -> 0 | AI35: =+$H$169*AI$162 -> 0 | AJ35: =+$H$169*AJ$162 -> 0 | AK35: =SUM(Z35:AJ35) -> 0 | AL35: =IF(AK35=O35,"OK","CORREGIR") -> CORREGIR
B36: TF00043 | C36: =VLOOKUP($B36,Recursos,2,FALSE) -> GPS | F36: =VLOOKUP($B36,Recursos,3,FALSE) -> hm | G36: 0.75 | H36: =G36/$C$26 -> 7.0588235 | I36: =VLOOKUP($B36,Recursos,4,FALSE) -> 46.8 | J36: =ROUND(H36*I36,2) -> 330.35 | M36: =$C36 -> GPS | N36: =$F36 -> hm | O36: =ROUND($M$26*$H36,2) -> 201.95 | P36: =J36*#REF! -> #REF! | S36: =$C36 -> GPS | T36: =$F36 -> hm | U36: =ROUND(#REF!*$H36,2) -> #REF! | V36: =ROUND(#REF!*$J36,2) -> #REF! | X36: 103 | AG36: =+$H$169*AG$162 -> 0 | AH36: =+$H$169*AH$162 -> 0 | AI36: =+$H$169*AI$162 -> 0 | AJ36: =+$H$169*AJ$162 -> 0 | AK36: =SUM(Z36:AJ36) -> 0 | AL36: =IF(AK36=O36,"OK","CORREGIR") -> CORREGIR
B37: TF00060 | C37: =VLOOKUP($B37,Recursos,2,FALSE) -> Herramientas (% Mano Obra) | F37: =VLOOKUP($B37,Recursos,3,FALSE) -> % | H37: 0.05 | I37: =J33 -> 1532.14 | J37: =ROUND(H37*I37,2) -> 76.61 | M37: =$C37 -> Herramientas (% Mano Obra) | N37: =$F37 -> % | P37: =J37*#REF! -> #REF! | S37: =$C37 -> Herramientas (% Mano Obra) | T37: =$F37 -> % | U37: =ROUND(#REF!*$H37,2) -> #REF! | V37: =ROUND(#REF!*$J37,2) -> #REF! | X37: 103
J38: =K34 -> 406.96 | X38: -3
A40: 10197 | B40: Partida | C40: =VLOOKUP($A40,PRESUPUESTO_,2,FALSE) -> 2.01 | D40: =VLOOKUP($A40,PRESUPUESTO_,3,FALSE) -> Roce y Limpieza de Maleza | K40: =SUM(K43:K53) -> 3.05 | M40: =D40 -> Roce y Limpieza de Maleza | S40: =D40 -> Roce y Limpieza de Maleza | X40: 103 | Z40: BOOSTER | AK40: RELLENO AL VOLTEO EN FUNDACION 0+800 A 1+200 | AO40: RELLENO CONTROLADO EN FUNDACION 0+800 A 1+200 | AY40: RELLENO DE BERMA
B41: Rendimiento: | C41: =VLOOKUP($A40,RENDIMIENTO,5,FALSE) -> 350 | D41: =VLOOKUP($A40,RENDIMIENTO,4,FALSE) -> m2 | E41: /hr | H41: C.U. Total: | I41: =K40 -> 3.05 | J41: =VLOOKUP($A40,RENDIMIENTO,4,FALSE) -> m2 | L41: =M41/(C41*8) -> 3.0653571 | M41: =VLOOKUP(A40,PRESUPUESTO_,5,FALSE) -> 8583 | N41: #N/A | O41: TOTAL PARTIDA: | P41: =SUM(P44:P52) -> #REF! | Q41: =VLOOKUP(A40,PRESUPUESTO_,10,FALSE) -> 26178.15 | R41: =IF(Q41<>P41,"ver","ok") -> #REF! | S41: #N/A | T41: #N/A | U41: TOTAL PARTIDA: | V41: =SUM(#REF!) -> #REF! | X41: 103 | Z41: Cota 4125 | AA41: Cota 4126 | AB41: Cota 4127 | AC41: Cota 4128 | AD41: Cota 4129 | AE41: Cota 4130 | AF41: Cota 4131 | AG41: Cota 4132 | AH41: Cota 4133 | AI41: Cota 4134 | AJ41: Cota 4135 | AK41: Cota 4132 | AL41: Cota 4133 | AM41: Cota 4134 | AN41: Cota 4135 | AO41: Cota 4136 | AP41: Cota 4137 | AQ41: Cota 4138 | AR41: Cota 4139 | AS41: Cota 4140 | AT41: Cota 4141 | AU41: Cota 4142 | AV41: Cota 4143 | AW41: Cota 4144 | AX41: Cota 4145 | AY41: Prog. 0+800a1+000 | AZ41: Prog. 1+000 a 1+200
B42: Codigo | C42: Recurso | F42: UND | G42: Cuadrilla | H42: Cantidad | I42: C.U. | J42: C.Parcial | K42: SUBTOTAL | M42: DESCRIPCION | N42: UND | O42: CANTIDAD | P42: COSTOx PART. | S42: DESCRIPCION | T42: UND | U42: CANTIDAD | V42: COSTOx PART. | X42: 103 | Z42: =+'[4]1.9 Duration'!#REF! -> #REF! | AA42: =+'[4]1.9 Duration'!#REF! -> #REF! | AB42: =+'[4]1.9 Duration'!#REF! -> #REF! | AC42: =+'[4]1.9 Duration'!#REF! -> #REF! | AD42: =+'[4]1.9 Duration'!#REF! -> #REF! | AE42: =+'[4]1.9 Duration'!#REF! -> #REF! | AF42: =+'[4]1.9 Duration'!#REF! -> #REF! | AG42: =+'[4]1.9 Duration'!#REF! -> #REF! | ... AJ42: =+'[4]1.9 Duration'!#REF! -> #REF! | AK42: ='[4]1.9 Duration'!#REF! -> #REF! | AL42: ='[4]1.9 Duration'!#REF! -> #REF! | AM42: ='[4]1.9 Duration'!#REF! -> #REF! | AN42: ='[4]1.9 Duration'!#REF! -> #REF! | AO42: =+'[4]1.9 Duration'!#REF! -> #REF! | AP42: =+'[4]1.9 Duration'!#REF! -> #REF! | AQ42: =+'[4]1.9 Duration'!#REF! -> #REF! | AR42: =+'[4]1.9 Duration'!#REF! -> #REF! | AS42: =+'[4]1.9 Duration'!#REF! -> #REF! | AT42: =+'[4]1.9 Duration'!F4 -> 0 | AU42: =+'[4]1.9 Duration'!F8 -> 4 | AV42: =+'[4]1.9 Duration'!F12 -> 1 | AW42: =+'[4]1.9 Duration'!F16 -> 2 | AX42: =+'[4]1.9 Duration'!F20 -> 65237.642 | AY42: =+'[4]1.9 Duration'!F80 -> 27538.366 | AZ42: =+'[4]1.9 Duration'!F84 -> 13922.235
A43: =CONCATENATE(A40,L43) -> 10197(C) | B43: Mano de Obra | K43: =+J47 -> 0.62 | L43: (C) | X43: 103
B44: TF00002 | C44: =VLOOKUP($B44,Recursos,2,FALSE) -> Capataz | F44: =VLOOKUP($B44,Recursos,3,FALSE) -> hh | G44: 1 | H44: =ROUNDUP(G44/$C$41,4) -> 0.0029 | I44: =VLOOKUP($B44,Recursos,4,FALSE) -> 29.540833 | J44: =ROUND(H44*I44,2) -> 0.09 | M44: =$C44 -> Capataz | N44: =$F44 -> hh | O44: =ROUND($M$41*$H44,2) -> 24.89 | P44: =J44*#REF! -> #REF! | S44: =$C44 -> Capataz | T44: =$F44 -> hh | U44: =ROUND(#REF!*$H44,2) -> #REF! | V44: =ROUND(#REF!*$J44,2) -> #REF! | X44: 103 | Z44: =+$H44*#REF! -> #REF! | AA44: =+$H44*#REF! -> #REF! | AB44: =+$H44*#REF! -> #REF! | AC44: =+$H44*#REF! -> #REF! | AD44: =+$H44*#REF! -> #REF! | AE44: =+$H44*#REF! -> #REF! | AF44: =+$H44*#REF! -> #REF! | AG44: =+$H44*#REF! -> #REF! | ... AZ44: =+$H44*#REF! -> #REF! | BA44: =SUM(Z44:AZ44) -> #REF! | BB44: =IF(BA44=O44,"OK","CORREGIR") -> #REF!
B45: TF00003 | C45: =VLOOKUP($B45,Recursos,2,FALSE) -> Operador de equipo pesado | F45: =VLOOKUP($B45,Recursos,3,FALSE) -> hh | G45: 5 | H45: =ROUNDUP(G45/$C$41,4) -> 0.0143 | I45: =VLOOKUP($B45,Recursos,4,FALSE) -> 29.046555 | J45: =ROUND(H45*I45,2) -> 0.42 | M45: =$C45 -> Operador de equipo pesado | N45: =$F45 -> hh | O45: =ROUND($M$41*$H45,2) -> 122.74 | P45: =J45*#REF! -> #REF! | S45: =$C45 -> Operador de equipo pesado | T45: =$F45 -> hh | U45: =ROUND(#REF!*$H45,2) -> #REF! | V45: =ROUND(#REF!*$J45,2) -> #REF! | X45: 103 | Z45: =+$H45*#REF! -> #REF! | AA45: =+$H45*#REF! -> #REF! | AB45: =+$H45*#REF! -> #REF! | AC45: =+$H45*#REF! -> #REF! | AD45: =+$H45*#REF! -> #REF! | AE45: =+$H45*#REF! -> #REF! | AF45: =+$H45*#REF! -> #REF! | AG45: =+$H45*#REF! -> #REF! | ... AZ45: =+$H45*#REF! -> #REF! | BA45: =SUM(Z45:AZ45) -> #REF! | BB45: =IF(BA45=O45,"OK","CORREGIR") -> #REF!
B46: TF00014 | C46: =VLOOKUP($B46,Recursos,2,FALSE) -> Vigía | F46: =VLOOKUP($B46,Recursos,3,FALSE) -> hh | G46: 2 | H46: =ROUNDUP(G46/$C$41,4) -> 0.0058 | I46: =VLOOKUP($B46,Recursos,4,FALSE) -> 19.679802 | J46: =ROUND(H46*I46,2) -> 0.11 | M46: =$C46 -> Vigía | N46: =$F46 -> hh | O46: =ROUND($M$41*$H46,2) -> 49.78 | P46: =J46*#REF! -> #REF! | S46: =$C46 -> Vigía | T46: =$F46 -> hh | U46: =ROUND(#REF!*$H46,2) -> #REF! | V46: =ROUND(#REF!*$J46,2) -> #REF! | X46: 103 | Z46: =+$H46*#REF! -> #REF! | AA46: =+$H46*#REF! -> #REF! | AB46: =+$H46*#REF! -> #REF! | AC46: =+$H46*#REF! -> #REF! | AD46: =+$H46*#REF! -> #REF! | AE46: =+$H46*#REF! -> #REF! | AF46: =+$H46*#REF! -> #REF! | AG46: =+$H46*#REF! -> #REF! | ... AZ46: =+$H46*#REF! -> #REF! | BA46: =SUM(Z46:AZ46) -> #REF! | BB46: =IF(BA46=O46,"OK","CORREGIR") -> #REF!
J47: =SUM(J44:J46) -> 0.62
A48: =CONCATENATE(A40,L48) -> 10197(D) | B48: Herramientas y Equipos | K48: =SUM(J49:J52) -> 2.43 | L48: (D) | X48: 103
B49: TF00025 | C49: =VLOOKUP($B49,Recursos,2,FALSE) -> Cargador Frontal John Deere 744 K | F49: =VLOOKUP($B49,Recursos,3,FALSE) -> hm | G49: 1 | H49: =ROUNDUP(G49/$C$41,4) -> 0.0029 | I49: =VLOOKUP($B49,Recursos,4,FALSE) -> 190.56139 | J49: =ROUND(H49*I49,2) -> 0.55 | M49: =$C49 -> Cargador Frontal John Deere 744 K | N49: =$F49 -> hm | O49: =ROUND($M$41*$H49,2) -> 24.89 | P49: =J49*#REF! -> #REF! | S49: =$C49 -> Cargador Frontal John Deere 744 K | T49: =$F49 -> hm | U49: =ROUND(#REF!*$H49,2) -> #REF! | V49: =ROUND(#REF!*$J49,2) -> #REF! | X49: 103 | Z49: =+$H49*#REF! -> #REF! | AA49: =+$H49*#REF! -> #REF! | AB49: =+$H49*#REF! -> #REF! | AC49: =+$H49*#REF! -> #REF! | AD49: =+$H49*#REF! -> #REF! | AE49: =+$H49*#REF! -> #REF! | AF49: =+$H49*#REF! -> #REF! | AG49: =+$H49*#REF! -> #REF! | ... AZ49: =+$H49*#REF! -> #REF! | BA49: =SUM(Z49:AZ49) -> #REF! | BB49: =IF(BA49=O49,"OK","CORREGIR") -> #REF!
B50: TF00026 | C50: =VLOOKUP($B50,Recursos,2,FALSE) -> Retroexcavadora Cat 420e | F50: =VLOOKUP($B50,Recursos,3,FALSE) -> hm | G50: 1 | H50: =ROUNDUP(G50/$C$41,4) -> 0.0029 | I50: =VLOOKUP($B50,Recursos,4,FALSE) -> 135.83139 | J50: =ROUND(H50*I50,2) -> 0.39 | M50: =$C50 -> Retroexcavadora Cat 420e | N50: =$F50 -> hm | O50: =ROUND($M$41*$H50,2) -> 24.89 | P50: =J50*#REF! -> #REF! | S50: =$C50 -> Retroexcavadora Cat 420e | T50: =$F50 -> hm | U50: =ROUND(#REF!*$H50,2) -> #REF! | V50: =ROUND(#REF!*$J50,2) -> #REF! | X50: 103 | Z50: =+$H50*#REF! -> #REF! | AA50: =+$H50*#REF! -> #REF! | AB50: =+$H50*#REF! -> #REF! | AC50: =+$H50*#REF! -> #REF! | AD50: =+$H50*#REF! -> #REF! | AE50: =+$H50*#REF! -> #REF! | AF50: =+$H50*#REF! -> #REF! | AG50: =+$H50*#REF! -> #REF! | ... AZ50: =+$H50*#REF! -> #REF! | BA50: =SUM(Z50:AZ50) -> #REF! | BB50: =IF(BA50=O50,"OK","CORREGIR") -> #REF!
B51: TF00027 | C51: =VLOOKUP($B51,Recursos,2,FALSE) -> Volquete de 17 m3 | F51: =VLOOKUP($B51,Recursos,3,FALSE) -> hm | G51: 4 | H51: =ROUNDUP(G51/$C$41,4) -> 0.0115 | I51: =VLOOKUP($B51,Recursos,4,FALSE) -> 127.05139 | J51: =ROUND(H51*I51,2) -> 1.46 | M51: =$C51 -> Volquete de 17 m3 | N51: =$F51 -> hm | O51: =ROUND($M$41*$H51,2) -> 98.7 | P51: =J51*#REF! -> #REF! | S51: =$C51 -> Volquete de 17 m3 | T51: =$F51 -> hm | U51: =ROUND(#REF!*$H51,2) -> #REF! | V51: =ROUND(#REF!*$J51,2) -> #REF! | X51: 103 | Z51: =+$H51*#REF! -> #REF! | AA51: =+$H51*#REF! -> #REF! | AB51: =+$H51*#REF! -> #REF! | AC51: =+$H51*#REF! -> #REF! | AD51: =+$H51*#REF! -> #REF! | AE51: =+$H51*#REF! -> #REF! | AF51: =+$H51*#REF! -> #REF! | AG51: =+$H51*#REF! -> #REF! | ... AZ51: =+$H51*#REF! -> #REF! | BA51: =SUM(Z51:AZ51) -> #REF! | BB51: =IF(BA51=O51,"OK","CORREGIR") -> #REF!
B52: TF00060 | C52: =VLOOKUP($B52,Recursos,2,FALSE) -> Herramientas (% Mano Obra) | F52: =VLOOKUP($B52,Recursos,3,FALSE) -> % | H52: 0.05 | I52: =J47 -> 0.62 | J52: =ROUND(H52*I52,2) -> 0.03 | M52: =$C52 -> Herramientas (% Mano Obra) | N52: =$F52 -> % | P52: =J52*#REF! -> #REF! | S52: =$C52 -> Herramientas (% Mano Obra) | T52: =$F52 -> % | U52: =ROUND(#REF!*$H52,2) -> #REF! | V52: =ROUND(#REF!*$J52,2) -> #REF! | X52: 103
J53: =K48 -> 2.43 | L53: =+M56/(C56*8) -> 33.658824 | X53: -3
A55: 10198 | B55: Partida | C55: =VLOOKUP($A55,PRESUPUESTO_,2,FALSE) -> 2.02 | D55: =VLOOKUP($A55,PRESUPUESTO_,3,FALSE) -> Mejoramiento de vías Existentes | K55: =SUM(K58:K73) -> 16100.09 | M55: =D55 -> Mejoramiento de vías Existentes | S55: =D55 -> Mejoramiento de vías Existentes | X55: 103 | Z55: BOOSTER | AK55: RELLENO AL VOLTEO EN FUNDACION 0+800 A 1+200 | AO55: RELLENO CONTROLADO EN FUNDACION 0+800 A 1+200 | AY55: RELLENO DE BERMA
B56: Rendimiento: | C56: =VLOOKUP($A55,RENDIMIENTO,5,FALSE) -> 0.10625 | D56: =VLOOKUP($A55,RENDIMIENTO,4,FALSE) -> km | E56: /hr | H56: C.U. Total: | I56: =K55 -> 16100.09 | J56: =VLOOKUP($A55,RENDIMIENTO,4,FALSE) -> km | M56: =VLOOKUP(A55,PRESUPUESTO_,5,FALSE) -> 28.61 | N56: #N/A | O56: TOTAL PARTIDA: | P56: =SUM(P59:P73) -> #REF! | Q56: =VLOOKUP(A55,PRESUPUESTO_,10,FALSE) -> 460623.57 | R56: =IF(Q56<>P56,"ver","ok") -> #REF! | S56: #N/A | T56: #N/A | U56: TOTAL PARTIDA: | V56: =SUM(#REF!) -> #REF! | X56: 103 | Z56: Cota 4125 | AA56: Cota 4126 | AB56: Cota 4127 | AC56: Cota 4128 | AD56: Cota 4129 | AE56: Cota 4130 | AF56: Cota 4131 | AG56: Cota 4132 | AH56: Cota 4133 | AI56: Cota 4134 | AJ56: Cota 4135 | AK56: Cota 4132 | AL56: Cota 4133 | AM56: Cota 4134 | AN56: Cota 4135 | AO56: Cota 4136 | AP56: Cota 4137 | AQ56: Cota 4138 | AR56: Cota 4139 | AS56: Cota 4140 | AT56: Cota 4141 | AU56: Cota 4142 | AV56: Cota 4143 | AW56: Cota 4144 | AX56: Cota 4145 | AY56: Prog. 0+800a1+000 | AZ56: Prog. 1+000 a 1+200
B57: Codigo | C57: Recurso | F57: UND | G57: Cuadrilla | H57: Cantidad | I57: C.U. | J57: C.Parcial | K57: SUBTOTAL | M57: DESCRIPCION | N57: UND | O57: CANTIDAD | P57: COSTOx PART. | S57: DESCRIPCION | T57: UND | U57: CANTIDAD | V57: COSTOx PART. | X57: 103 | Z57: =+'[4]1.9 Duration'!#REF! -> #REF! | AA57: =+'[4]1.9 Duration'!#REF! -> #REF! | AB57: =+'[4]1.9 Duration'!#REF! -> #REF! | AC57: =+'[4]1.9 Duration'!#REF! -> #REF! | AD57: =+'[4]1.9 Duration'!#REF! -> #REF! | AE57: =+'[4]1.9 Duration'!#REF! -> #REF! | AF57: =+'[4]1.9 Duration'!#REF! -> #REF! | AG57: =+'[4]1.9 Duration'!#REF! -> #REF! | ... AR57: =+'[4]1.9 Duration'!#REF! -> #REF! | AS57: =+'[4]1.9 Duration'!F1 -> 0 | AT57: =+'[4]1.9 Duration'!F5 -> 1 | AU57: =+'[4]1.9 Duration'!F9 -> 12000 | AV57: =+'[4]1.9 Duration'!F13 -> 0 | AW57: =+'[4]1.9 Duration'!F17 -> 0 | AX57: =+'[4]1.9 Duration'!F21 -> 21745.881 | AY57: =+'[4]1.9 Duration'!F81 -> 0 | AZ57: =+'[4]1.9 Duration'!F85 -> 13894.213
A58: =CONCATENATE(A55,L58) -> 10198(C) | B58: Mano de Obra | K58: =+J63 -> 2112.43 | L58: (C) | X58: 103
B59: TF00002 | C59: =VLOOKUP($B59,Recursos,2,FALSE) -> Capataz | F59: =VLOOKUP($B59,Recursos,3,FALSE) -> hh | G59: 1 | H59: =ROUNDUP(G59/$C$56,4) -> 9.4118 | I59: =VLOOKUP($B59,Recursos,4,FALSE) -> 29.540833 | J59: =ROUND(H59*I59,2) -> 278.03 | M59: =$C59 -> Capataz | N59: =$F59 -> hh | O59: =ROUND($M$56*$H59,2) -> 269.27 | P59: =J59*#REF! -> #REF! | S59: =$C59 -> Capataz | T59: =$F59 -> hh | U59: =ROUND(#REF!*$H59,2) -> #REF! | V59: =ROUND(#REF!*$J59,2) -> #REF! | X59: 103 | Z59: =+$H59*#REF! -> #REF! | AA59: =+$H59*#REF! -> #REF! | AB59: =+$H59*#REF! -> #REF! | AC59: =+$H59*#REF! -> #REF! | AD59: =+$H59*#REF! -> #REF! | AE59: =+$H59*#REF! -> #REF! | AF59: =+$H59*#REF! -> #REF! | AG59: =+$H59*#REF! -> #REF! | ... AJ59: =+$H59*#REF! -> #REF! | AK59: =+#REF!*#REF! -> #REF! | AL59: =+#REF!*#REF! -> #REF! | AM59: =+#REF!*#REF! -> #REF! | AN59: =+#REF!*#REF! -> #REF! | AO59: =+$H59*#REF! -> #REF! | AP59: =+$H59*#REF! -> #REF! | AQ59: =+$H59*#REF! -> #REF! | AR59: =+$H59*#REF! -> #REF! | AS59: =+$H59*#REF! -> #REF! | AT59: =+$H59*#REF! -> #REF! | AU59: =+$H59*#REF! -> #REF! | AV59: =+$H59*#REF! -> #REF! | ... AZ59: =+$H59*#REF! -> #REF! | BA59: =SUM(Z59:AZ59) -> #REF! | BB59: =IF(BA59=O59,"OK","CORREGIR") -> #REF!
B60: TF00003 | C60: =VLOOKUP($B60,Recursos,2,FALSE) -> Operador de equipo pesado | F60: =VLOOKUP($B60,Recursos,3,FALSE) -> hh | G60: 4 | H60: =ROUNDUP(G60/$C$56,4) -> 37.6471 | I60: =VLOOKUP($B60,Recursos,4,FALSE) -> 29.046555 | J60: =ROUND(H60*I60,2) -> 1093.52 | M60: =$C60 -> Operador de equipo pesado | N60: =$F60 -> hh | O60: =ROUND($M$56*$H60,2) -> 1077.08 | P60: =J60*#REF! -> #REF! | S60: =$C60 -> Operador de equipo pesado | T60: =$F60 -> hh | U60: =ROUND(#REF!*$H60,2) -> #REF! | V60: =ROUND(#REF!*$J60,2) -> #REF! | X60: 103 | Z60: =+$H60*#REF! -> #REF! | AA60: =+$H60*#REF! -> #REF! | AB60: =+$H60*#REF! -> #REF! | AC60: =+$H60*#REF! -> #REF! | AD60: =+$H60*#REF! -> #REF! | AE60: =+$H60*#REF! -> #REF! | AF60: =+$H60*#REF! -> #REF! | AG60: =+$H60*#REF! -> #REF! | ... AJ60: =+$H60*#REF! -> #REF! | AK60: =+#REF!*#REF! -> #REF! | AL60: =+#REF!*#REF! -> #REF! | AM60: =+#REF!*#REF! -> #REF! | AN60: =+#REF!*#REF! -> #REF! | AO60: =+$H60*#REF! -> #REF! | AP60: =+$H60*#REF! -> #REF! | AQ60: =+$H60*#REF! -> #REF! | AR60: =+$H60*#REF! -> #REF! | AS60: =+$H60*#REF! -> #REF! | AT60: =+$H60*#REF! -> #REF! | AU60: =+$H60*#REF! -> #REF! | AV60: =+$H60*#REF! -> #REF! | ... AZ60: =+$H60*#REF! -> #REF! | BA60: =SUM(Z60:AZ60) -> #REF! | BB60: =IF(BA60=O60,"OK","CORREGIR") -> #REF!
B61: TF00012 | C61: =VLOOKUP($B61,Recursos,2,FALSE) -> Peón | F61: =VLOOKUP($B61,Recursos,3,FALSE) -> hh | G61: 2 | H61: =ROUNDUP(G61/$C$56,4) -> 18.8236 | I61: =VLOOKUP($B61,Recursos,4,FALSE) -> 19.679802 | J61: =ROUND(H61*I61,2) -> 370.44 | M61: =$C61 -> Peón | N61: =$F61 -> hh | O61: =ROUND($M$56*$H61,2) -> 538.54 | P61: =J61*#REF! -> #REF! | S61: =$C61 -> Peón | T61: =$F61 -> hh | U61: =ROUND(#REF!*$H61,2) -> #REF! | V61: =ROUND(#REF!*$J61,2) -> #REF! | X61: 103 | Z61: =+$H61*#REF! -> #REF! | AA61: =+$H61*#REF! -> #REF! | AB61: =+$H61*#REF! -> #REF! | AC61: =+$H61*#REF! -> #REF! | AD61: =+$H61*#REF! -> #REF! | AE61: =+$H61*#REF! -> #REF! | AF61: =+$H61*#REF! -> #REF! | AG61: =+$H61*#REF! -> #REF! | ... AJ61: =+$H61*#REF! -> #REF! | AK61: =+#REF!*#REF! -> #REF! | AL61: =+#REF!*#REF! -> #REF! | AM61: =+#REF!*#REF! -> #REF! | AN61: =+#REF!*#REF! -> #REF! | AO61: =+$H61*#REF! -> #REF! | AP61: =+$H61*#REF! -> #REF! | AQ61: =+$H61*#REF! -> #REF! | AR61: =+$H61*#REF! -> #REF! | AS61: =+$H61*#REF! -> #REF! | AT61: =+$H61*#REF! -> #REF! | AU61: =+$H61*#REF! -> #REF! | AV61: =+$H61*#REF! -> #REF! | ... AZ61: =+$H61*#REF! -> #REF! | BA61: =SUM(Z61:AZ61) -> #REF! | BB61: =IF(BA61=O61,"OK","CORREGIR") -> #REF!
B62: TF00014 | C62: =VLOOKUP($B62,Recursos,2,FALSE) -> Vigía | F62: =VLOOKUP($B62,Recursos,3,FALSE) -> hh | G62: 2 | H62: =ROUNDUP(G62/$C$56,4) -> 18.8236 | I62: =VLOOKUP($B62,Recursos,4,FALSE) -> 19.679802 | J62: =ROUND(H62*I62,2) -> 370.44 | M62: =$C62 -> Vigía | N62: =$F62 -> hh | O62: =ROUND($M$56*$H62,2) -> 538.54 | P62: =J62*#REF! -> #REF! | S62: =$C62 -> Vigía | T62: =$F62 -> hh | U62: =ROUND(#REF!*$H62,2) -> #REF! | V62: =ROUND(#REF!*$J62,2) -> #REF! | X62: 103 | Z62: =+$H62*#REF! -> #REF! | AA62: =+$H62*#REF! -> #REF! | AB62: =+$H62*#REF! -> #REF! | AC62: =+$H62*#REF! -> #REF! | AD62: =+$H62*#REF! -> #REF! | AE62: =+$H62*#REF! -> #REF! | AF62: =+$H62*#REF! -> #REF! | AG62: =+$H62*#REF! -> #REF! | ... AJ62: =+$H62*#REF! -> #REF! | AK62: =+#REF!*#REF! -> #REF! | AL62: =+#REF!*#REF! -> #REF! | AM62: =+#REF!*#REF! -> #REF! | AN62: =+#REF!*#REF! -> #REF! | AO62: =+$H62*#REF! -> #REF! | AP62: =+$H62*#REF! -> #REF! | AQ62: =+$H62*#REF! -> #REF! | AR62: =+$H62*#REF! -> #REF! | AS62: =+$H62*#REF! -> #REF! | AT62: =+$H62*#REF! -> #REF! | AU62: =+$H62*#REF! -> #REF! | AV62: =+$H62*#REF! -> #REF! | ... AZ62: =+$H62*#REF! -> #REF! | BA62: =SUM(Z62:AZ62) -> #REF! | BB62: =IF(BA62=O62,"OK","CORREGIR") -> #REF!
J63: =SUM(J59:J62) -> 2112.43
A64: =CONCATENATE(A55,L64) -> 10198(D) | B64: Herramientas y Equipos | K64: =SUM(J65:J69) -> 5587.66 | L64: (D) | X64: 103
B65: TF00033 | C65: =VLOOKUP($B65,Recursos,2,FALSE) -> Rodillo Liso Vibratorio Autopropulsado HAMM 20 Tn. | F65: =VLOOKUP($B65,Recursos,3,FALSE) -> hm | G65: 1 | H65: =ROUNDUP(G65/$C$56,4) -> 9.4118 | I65: =VLOOKUP($B65,Recursos,4,FALSE) -> 172.08639 | J65: =ROUND(H65*I65,2) -> 1619.64 | M65: =$C65 -> Rodillo Liso Vibratorio Autopropulsado HAMM 20 Tn. | N65: =$F65 -> hm | O65: =ROUND($M$56*$H65,2) -> 269.27 | P65: =J65*#REF! -> #REF! | S65: =$C65 -> Rodillo Liso Vibratorio Autopropulsado HAMM 20 Tn. | T65: =$F65 -> hm | U65: =ROUND(#REF!*$H65,2) -> #REF! | V65: =ROUND(#REF!*$J65,2) -> #REF! | X65: 103 | Z65: =+$H65*#REF! -> #REF! | AA65: =+$H65*#REF! -> #REF! | AB65: =+$H65*#REF! -> #REF! | AC65: =+$H65*#REF! -> #REF! | AD65: =+$H65*#REF! -> #REF! | AE65: =+$H65*#REF! -> #REF! | AF65: =+$H65*#REF! -> #REF! | AG65: =+$H65*#REF! -> #REF! | ... AJ65: =+$H65*#REF! -> #REF! | AK65: =+#REF!*#REF! -> #REF! | AL65: =+#REF!*#REF! -> #REF! | AM65: =+#REF!*#REF! -> #REF! | AN65: =+#REF!*#REF! -> #REF! | AO65: =+$H65*#REF! -> #REF! | AP65: =+$H65*#REF! -> #REF! | AQ65: =+$H65*#REF! -> #REF! | AR65: =+$H65*#REF! -> #REF! | AS65: =+$H65*#REF! -> #REF! | AT65: =+$H65*#REF! -> #REF! | AU65: =+$H65*#REF! -> #REF! | AV65: =+$H65*#REF! -> #REF! | ... AZ65: =+$H65*#REF! -> #REF! | BA65: =SUM(Z65:AZ65) -> #REF! | BB65: =IF(BA65=O65,"OK","CORREGIR") -> #REF!
B66: TF00021 | C66: =VLOOKUP($B66,Recursos,2,FALSE) -> Tractor sobre Orugas CAT D8T | F66: =VLOOKUP($B66,Recursos,3,FALSE) -> hm | G66: 1 | H66: =ROUNDUP(G66/$C$56,4) -> 9.4118 | I66: =VLOOKUP($B66,Recursos,4,FALSE) -> 308.49639 | J66: =ROUND(H66*I66,2) -> 2903.51 | M66: =$C66 -> Tractor sobre Orugas CAT D8T | N66: =$F66 -> hm | O66: =ROUND($M$56*$H66,2) -> 269.27 | P66: =J66*#REF! -> #REF! | S66: =$C66 -> Tractor sobre Orugas CAT D8T | T66: =$F66 -> hm | U66: =ROUND(#REF!*$H66,2) -> #REF! | V66: =ROUND(#REF!*$J66,2) -> #REF! | X66: 103 | Z66: =+$H66*#REF! -> #REF! | AA66: =+$H66*#REF! -> #REF! | AB66: =+$H66*#REF! -> #REF! | AC66: =+$H66*#REF! -> #REF! | AD66: =+$H66*#REF! -> #REF! | AE66: =+$H66*#REF! -> #REF! | AF66: =+$H66*#REF! -> #REF! | AG66: =+$H66*#REF! -> #REF! | ... AJ66: =+$H66*#REF! -> #REF! | AK66: =+#REF!*#REF! -> #REF! | AL66: =+#REF!*#REF! -> #REF! | AM66: =+#REF!*#REF! -> #REF! | AN66: =+#REF!*#REF! -> #REF! | AO66: =+$H66*#REF! -> #REF! | AP66: =+$H66*#REF! -> #REF! | AQ66: =+$H66*#REF! -> #REF! | AR66: =+$H66*#REF! -> #REF! | AS66: =+$H66*#REF! -> #REF! | AT66: =+$H66*#REF! -> #REF! | AU66: =+$H66*#REF! -> #REF! | AV66: =+$H66*#REF! -> #REF! | ... AZ66: =+$H66*#REF! -> #REF! | BA66: =SUM(Z66:AZ66) -> #REF! | BB66: =IF(BA66=O66,"OK","CORREGIR") -> #REF!
B67: TF00029 | C67: =VLOOKUP($B67,Recursos,2,FALSE) -> Cisterna de agua 5,000 gln. | F67: =VLOOKUP($B67,Recursos,3,FALSE) -> hm | G67: 1 | H67: =ROUNDUP(G67/$C$56,4) -> 9.4118 | I67: =VLOOKUP($B67,Recursos,4,FALSE) -> 101.88139 | J67: =ROUND(H67*I67,2) -> 958.89 | M67: =$C67 -> Cisterna de agua 5,000 gln. | N67: =$F67 -> hm | O67: =ROUND($M$56*$H67,2) -> 269.27 | P67: =J67*#REF! -> #REF! | S67: =$C67 -> Cisterna de agua 5,000 gln. | T67: =$F67 -> hm | U67: =ROUND(#REF!*$H67,2) -> #REF! | V67: =ROUND(#REF!*$J67,2) -> #REF! | X67: 103 | Z67: =+$H67*#REF! -> #REF! | AA67: =+$H67*#REF! -> #REF! | AB67: =+$H67*#REF! -> #REF! | AC67: =+$H67*#REF! -> #REF! | AD67: =+$H67*#REF! -> #REF! | AE67: =+$H67*#REF! -> #REF! | AF67: =+$H67*#REF! -> #REF! | AG67: =+$H67*#REF! -> #REF! | ... AJ67: =+$H67*#REF! -> #REF! | AK67: =+#REF!*#REF! -> #REF! | AL67: =+#REF!*#REF! -> #REF! | AM67: =+#REF!*#REF! -> #REF! | AN67: =+#REF!*#REF! -> #REF! | AO67: =+$H67*#REF! -> #REF! | AP67: =+$H67*#REF! -> #REF! | AQ67: =+$H67*#REF! -> #REF! | AR67: =+$H67*#REF! -> #REF! | AS67: =+$H67*#REF! -> #REF! | AT67: =+$H67*#REF! -> #REF! | AU67: =+$H67*#REF! -> #REF! | AV67: =+$H67*#REF! -> #REF! | ... AZ67: =+$H67*#REF! -> #REF! | BA67: =SUM(Z67:AZ67) -> #REF! | BB67: =IF(BA67=O67,"OK","CORREGIR") -> #REF!
B68: TF00032 | C68: =VLOOKUP($B68,Recursos,2,FALSE) -> Motoniveladora de 140 HP | F68: =VLOOKUP($B68,Recursos,3,FALSE) -> hm | G68: 1 | H68: =ROUNDUP(G68/$C$56,4) -> 9.4118 | I68: =VLOOKUP($B68,Recursos,4,FALSE) -> 0 | J68: =ROUND(H68*I68,2) -> 0 | M68: =$C68 -> Motoniveladora de 140 HP | N68: =$F68 -> hm | O68: =ROUND($M$56*$H68,2) -> 269.27 | P68: =J68*#REF! -> #REF! | S68: =$C68 -> Motoniveladora de 140 HP | T68: =$F68 -> hm | U68: =ROUND(#REF!*$H68,2) -> #REF! | V68: =ROUND(#REF!*$J68,2) -> #REF! | X68: 103 | Z68: =+$H68*#REF! -> #REF! | AA68: =+$H68*#REF! -> #REF! | AB68: =+$H68*#REF! -> #REF! | AC68: =+$H68*#REF! -> #REF! | AD68: =+$H68*#REF! -> #REF! | AE68: =+$H68*#REF! -> #REF! | AF68: =+$H68*#REF! -> #REF! | AG68: =+$H68*#REF! -> #REF! | ... AJ68: =+$H68*#REF! -> #REF! | AK68: =+#REF!*#REF! -> #REF! | AL68: =+#REF!*#REF! -> #REF! | AM68: =+#REF!*#REF! -> #REF! | AN68: =+#REF!*#REF! -> #REF! | AO68: =+$H68*#REF! -> #REF! | AP68: =+$H68*#REF! -> #REF! | AQ68: =+$H68*#REF! -> #REF! | AR68: =+$H68*#REF! -> #REF! | AS68: =+$H68*#REF! -> #REF! | AT68: =+$H68*#REF! -> #REF! | AU68: =+$H68*#REF! -> #REF! | AV68: =+$H68*#REF! -> #REF! | ... AZ68: =+$H68*#REF! -> #REF! | BA68: =SUM(Z68:AZ68) -> #REF! | BB68: =IF(BA68=O68,"OK","CORREGIR") -> #REF!
B69: TF00060 | C69: =VLOOKUP($B69,Recursos,2,FALSE) -> Herramientas (% Mano Obra) | F69: =VLOOKUP($B69,Recursos,3,FALSE) -> % | H69: 0.05 | I69: =J63 -> 2112.43 | J69: =ROUND(H69*I69,2) -> 105.62 | M69: =$C69 -> Herramientas (% Mano Obra) | N69: =$F69 -> % | P69: =J69*#REF! -> #REF! | S69: =$C69 -> Herramientas (% Mano Obra) | T69: =$F69 -> % | U69: =ROUND(#REF!*$H69,2) -> #REF! | V69: =ROUND(#REF!*$J69,2) -> #REF! | X69: 103
J70: =K64 -> 5587.66 | X70: -3
A71: =CONCATENATE(A55,L71) -> 10198(D) | B71: Subpartidas | K71: =SUM(J72:J72) -> 8400 | L71: (D) | X71: 103
B72: 10199 | C72: =VLOOKUP($B72,PRESUPUESTO_,3,FALSE) -> Carguio y transporte de material para mejoramiento | H72: =0.15*1000*4 -> 600 | I72: =+I77 -> 14 | J72: =ROUND(H72*I72,2) -> 8400 | M72: =$C72 -> Carguio y transporte de material para mejoramiento | N72: =$F72 -> 0 | O72: =SUM(O83:O89) -> 3203.17 | P72: =J72*#REF! -> #REF! | S72: =$C72 -> Carguio y transporte de material para mejoramiento | T72: =$F72 -> 0 | U72: =ROUND(#REF!*$H72,2) -> #REF! | V72: =ROUND(#REF!*$J72,2) -> #REF! | X72: 103 | Z72: =+$H72*#REF! -> #REF! | AA72: =+$H72*#REF! -> #REF! | AB72: =+$H72*#REF! -> #REF! | AC72: =+$H72*#REF! -> #REF! | AD72: =+$H72*#REF! -> #REF! | AE72: =+$H72*#REF! -> #REF! | AF72: =+$H72*#REF! -> #REF! | AG72: =+$H72*#REF! -> #REF! | ... AJ72: =+$H72*#REF! -> #REF! | AK72: =+#REF!*#REF! -> #REF! | AL72: =+#REF!*#REF! -> #REF! | AM72: =+#REF!*#REF! -> #REF! | AN72: =+#REF!*#REF! -> #REF! | AO72: =+$H72*#REF! -> #REF! | AP72: =+$H72*#REF! -> #REF! | AQ72: =+$H72*#REF! -> #REF! | AR72: =+$H72*#REF! -> #REF! | AS72: =+$H72*#REF! -> #REF! | AT72: =+$H72*#REF! -> #REF! | AU72: =+$H72*#REF! -> #REF! | AV72: =+$H72*#REF! -> #REF! | ... AZ72: =+$H72*#REF! -> #REF! | BA72: =SUM(Z72:AZ72) -> #REF! | BB72: =IF(BA72=O72,"OK","CORREGIR") -> #REF!
J73: =K71 -> 8400 | X73: -3
A76: 10199 | B76: Partida | C76: =VLOOKUP($A76,PRESUPUESTO_,2,FALSE) -> 2.02A | D76: =VLOOKUP($A76,PRESUPUESTO_,3,FALSE) -> Carguio y transporte de material para mejoramiento | K76: =SUM(K79:K92) -> 14 | M76: =D76 -> Carguio y transporte de material para mejoramiento | S76: =D76 -> Carguio y transporte de material para mejoramiento | X76: 103 | Z76: Cota 4136 | AA76: Cota 4137 | AB76: Cota 4138 | AC76: Cota 4139 | AD76: Cota 4140 | AE76: Cota 4141 | AF76: Cota 4142 | AG76: Cota 4143 | AH76: Cota 4144 | AI76: Cota 4145
B77: Rendimiento: | C77: =VLOOKUP($A76,RENDIMIENTO,5,FALSE) -> 110 | D77: =VLOOKUP($A76,RENDIMIENTO,4,FALSE) -> m3 | E77: /hr | H77: C.U. Total: | I77: =K76 -> 14 | J77: =VLOOKUP($A76,RENDIMIENTO,4,FALSE) -> m3 | M77: =VLOOKUP(A76,PRESUPUESTO_,5,FALSE) -> 28.61 | N77: #N/A | O77: TOTAL PARTIDA: | P77: =SUM(P80:P91) -> #REF! | Q77: =VLOOKUP(A76,PRESUPUESTO_,10,FALSE) -> 240324 | R77: =IF(Q77<>P77,"ver","ok") -> #REF! | S77: #N/A | T77: #N/A | U77: TOTAL PARTIDA: | V77: =SUM(#REF!) -> #REF! | X77: 103 | Z77: =+'[4]1.9 Duration'!#REF! -> #REF! | AA77: =+'[4]1.9 Duration'!#REF! -> #REF! | AB77: =+'[4]1.9 Duration'!#REF! -> #REF! | AC77: =+'[4]1.9 Duration'!#REF! -> #REF! | AD77: =+'[4]1.9 Duration'!#REF! -> #REF! | AE77: =+'[4]1.9 Duration'!#REF! -> #REF! | AF77: =+'[4]1.9 Duration'!#REF! -> #REF! | AG77: =+'[4]1.9 Duration'!#REF! -> #REF! | ... AI77: =+'[4]1.9 Duration'!#REF! -> #REF!
B78: Codigo | C78: Recurso | F78: UND | G78: Cuadrilla | H78: Cantidad | I78: C.U. | J78: C.Parcial | K78: SUBTOTAL | M78: DESCRIPCION | N78: UND | O78: CANTIDAD | P78: COSTOx PART. | Q78: =M77/(C77*11*2)/30 -> 0.00039407713 | S78: DESCRIPCION | T78: UND | U78: CANTIDAD | V78: COSTOx PART. | X78: 103
A79: =CONCATENATE(A76,L79) -> 10199(B) | B79: Materiales | K79: =+J81 -> 0 | L79: (B) | X79: 103
B80: TF00051 | C80: =VLOOKUP($B80,Recursos,2,FALSE) -> Materiales varios | F80: =VLOOKUP($B80,Recursos,3,FALSE) -> glb | G80: 0 | H80: 0 | I80: =VLOOKUP($B80,Recursos,4,FALSE) -> 0 | J80: =ROUND(H80*I80,2) -> 0 | M80: =$C80 -> Materiales varios | N80: =$F80 -> glb | O80: =ROUND($M$77*$H80,2) -> 0 | P80: =J80*#REF! -> #REF! | S80: =$C80 -> Materiales varios | T80: =$F80 -> glb | U80: =ROUND(#REF!*$H80,2) -> #REF! | V80: =ROUND(#REF!*$J80,2) -> #REF! | X80: 103
J81: =SUM(J79:J80) -> 0
A82: =CONCATENATE(A76,L82) -> 10199(C) | B82: Mano de Obra | K82: =+J86 -> 2.88 | L82: (C) | X82: 103
B83: TF00002 | C83: =VLOOKUP($B83,Recursos,2,FALSE) -> Capataz | F83: =VLOOKUP($B83,Recursos,3,FALSE) -> hh | G83: 0.5 | H83: =ROUNDUP(G83/C77,4) -> 0.0046 | I83: =VLOOKUP($B83,Recursos,4,FALSE) -> 29.540833 | J83: =ROUND(H83*I83,2) -> 0.14 | M83: =$C83 -> Capataz | N83: =$F83 -> hh | O83: =ROUND($M$77*$H83*$H$72,2) -> 78.96 | P83: =J83*#REF! -> #REF! | S83: =$C83 -> Capataz | T83: =$F83 -> hh | U83: =ROUND(#REF!*$H83,2) -> #REF! | V83: =ROUND(#REF!*$J83,2) -> #REF! | X83: 103 | Z83: =+#REF!*#REF! -> #REF! | AA83: =+#REF!*#REF! -> #REF! | AB83: =+#REF!*#REF! -> #REF! | AC83: =+#REF!*#REF! -> #REF! | AD83: =+#REF!*#REF! -> #REF! | AE83: =+#REF!*#REF! -> #REF! | AF83: =+#REF!*#REF! -> #REF! | AG83: =+#REF!*#REF! -> #REF! | ... AI83: =+#REF!*#REF! -> #REF! | AK83: =SUM(Z83:AI83) -> #REF! | AL83: =IF(AK83=O83,"OK","CORREGIR") -> #REF!
B84: TF00003 | C84: =VLOOKUP($B84,Recursos,2,FALSE) -> Operador de equipo pesado | F84: =VLOOKUP($B84,Recursos,3,FALSE) -> hh | G84: 9 | H84: =ROUNDUP(G84/C77,4) -> 0.0819 | I84: =VLOOKUP($B84,Recursos,4,FALSE) -> 29.046555 | J84: =ROUND(H84*I84,2) -> 2.38 | M84: =$C84 -> Operador de equipo pesado | N84: =$F84 -> hh | O84: =ROUND($M$77*$H84*$H$72,2) -> 1405.9 | P84: =J84*#REF! -> #REF! | S84: =$C84 -> Operador de equipo pesado | T84: =$F84 -> hh | U84: =ROUND(#REF!*$H84,2) -> #REF! | V84: =ROUND(#REF!*$J84,2) -> #REF! | X84: 103 | Z84: =+#REF!*#REF! -> #REF! | AA84: =+#REF!*#REF! -> #REF! | AB84: =+#REF!*#REF! -> #REF! | AC84: =+#REF!*#REF! -> #REF! | AD84: =+#REF!*#REF! -> #REF! | AE84: =+#REF!*#REF! -> #REF! | AF84: =+#REF!*#REF! -> #REF! | AG84: =+#REF!*#REF! -> #REF! | ... AI84: =+#REF!*#REF! -> #REF! | AK84: =SUM(Z84:AI84) -> #REF! | AL84: =IF(AK84=O84,"OK","CORREGIR") -> #REF!
B85: TF00014 | C85: =VLOOKUP($B85,Recursos,2,FALSE) -> Vigía | F85: =VLOOKUP($B85,Recursos,3,FALSE) -> hh | G85: 2 | H85: =ROUNDUP(G85/C77,4) -> 0.0182 | I85: =VLOOKUP($B85,Recursos,4,FALSE) -> 19.679802 | J85: =ROUND(H85*I85,2) -> 0.36 | M85: =$C85 -> Vigía | N85: =$F85 -> hh | O85: =ROUND($M$77*$H85*$H$72,2) -> 312.42 | P85: =J85*#REF! -> #REF! | S85: =$C85 -> Vigía | T85: =$F85 -> hh | U85: =ROUND(#REF!*$H85,2) -> #REF! | V85: =ROUND(#REF!*$J85,2) -> #REF! | X85: 103 | Z85: =+#REF!*#REF! -> #REF! | AA85: =+#REF!*#REF! -> #REF! | AB85: =+#REF!*#REF! -> #REF! | AC85: =+#REF!*#REF! -> #REF! | AD85: =+#REF!*#REF! -> #REF! | AE85: =+#REF!*#REF! -> #REF! | AF85: =+#REF!*#REF! -> #REF! | AG85: =+#REF!*#REF! -> #REF! | ... AI85: =+#REF!*#REF! -> #REF! | AK85: =SUM(Z85:AI85) -> #REF! | AL85: =IF(AK85=O85,"OK","CORREGIR") -> #REF!
J86: =SUM(J83:J85) -> 2.88
A87: =CONCATENATE(A76,L87) -> 10199(D) | B87: Herramientas y Equipos | K87: =SUM(J88:J91) -> 11.12 | L87: (D) | X87: 103
B88: TF00025 | C88: =VLOOKUP($B88,Recursos,2,FALSE) -> Cargador Frontal John Deere 744 K | F88: =VLOOKUP($B88,Recursos,3,FALSE) -> hm | G88: 1 | H88: =ROUNDUP(G88/C77,4) -> 0.0091 | I88: =VLOOKUP($B88,Recursos,4,FALSE) -> 190.56139 | J88: =ROUND(H88*I88,2) -> 1.73 | M88: =$C88 -> Cargador Frontal John Deere 744 K | N88: =$F88 -> hm | O88: =ROUND($M$77*$H88*$H$72,2) -> 156.21 | P88: =J88*#REF! -> #REF! | S88: =$C88 -> Cargador Frontal John Deere 744 K | T88: =$F88 -> hm | U88: =ROUND(#REF!*$H88,2) -> #REF! | V88: =ROUND(#REF!*$J88,2) -> #REF! | X88: 103 | Z88: =+#REF!*#REF! -> #REF! | AA88: =+#REF!*#REF! -> #REF! | AB88: =+#REF!*#REF! -> #REF! | AC88: =+#REF!*#REF! -> #REF! | AD88: =+#REF!*#REF! -> #REF! | AE88: =+#REF!*#REF! -> #REF! | AF88: =+#REF!*#REF! -> #REF! | AG88: =+#REF!*#REF! -> #REF! | ... AI88: =+#REF!*#REF! -> #REF! | AK88: =SUM(Z88:AI88) -> #REF! | AL88: =IF(AK88=O88,"OK","CORREGIR") -> #REF!
B89: TF00027 | C89: =VLOOKUP($B89,Recursos,2,FALSE) -> Volquete de 17 m3 | F89: =VLOOKUP($B89,Recursos,3,FALSE) -> hm | G89: 8 | H89: =ROUNDUP(G89/C77,4) -> 0.0728 | I89: =VLOOKUP($B89,Recursos,4,FALSE) -> 127.05139 | J89: =ROUND(H89*I89,2) -> 9.25 | M89: =$C89 -> Volquete de 17 m3 | N89: =$F89 -> hm | O89: =ROUND($M$77*$H89*$H$72,2) -> 1249.68 | P89: =J89*#REF! -> #REF! | S89: =$C89 -> Volquete de 17 m3 | T89: =$F89 -> hm | U89: =ROUND(#REF!*$H89,2) -> #REF! | V89: =ROUND(#REF!*$J89,2) -> #REF! | X89: 103 | Z89: =+#REF!*#REF! -> #REF! | AA89: =+#REF!*#REF! -> #REF! | AB89: =+#REF!*#REF! -> #REF! | AC89: =+#REF!*#REF! -> #REF! | AD89: =+#REF!*#REF! -> #REF! | AE89: =+#REF!*#REF! -> #REF! | AF89: =+#REF!*#REF! -> #REF! | AG89: =+#REF!*#REF! -> #REF! | ... AI89: =+#REF!*#REF! -> #REF! | AK89: =SUM(Z89:AI89) -> #REF! | AL89: =IF(AK89=O89,"OK","CORREGIR") -> #REF!
B90: TF00041 | C90: =VLOOKUP($B90,Recursos,2,FALSE) -> Luminaria 4K | F90: =VLOOKUP($B90,Recursos,3,FALSE) -> hm | G90: 0 | H90: =ROUNDUP(G90/C77,4) -> 0 | I90: =VLOOKUP($B90,Recursos,4,FALSE) -> 0 | J90: =ROUND(H90*I90,2) -> 0 | M90: =$C90 -> Luminaria 4K | N90: =$F90 -> hm | O90: =ROUND($M$77*$H90*$H$72,2) -> 0 | P90: =J90*#REF! -> #REF! | S90: =$C90 -> Luminaria 4K | T90: =$F90 -> hm | U90: =ROUND(#REF!*$H90,2) -> #REF! | V90: =ROUND(#REF!*$J90,2) -> #REF! | X90: 103 | Z90: =+#REF!*#REF! -> #REF! | AA90: =+#REF!*#REF! -> #REF! | AB90: =+#REF!*#REF! -> #REF! | AC90: =+#REF!*#REF! -> #REF! | AD90: =+#REF!*#REF! -> #REF! | AE90: =+#REF!*#REF! -> #REF! | AF90: =+#REF!*#REF! -> #REF! | AG90: =+#REF!*#REF! -> #REF! | ... AI90: =+#REF!*#REF! -> #REF! | AK90: =SUM(Z90:AI90) -> #REF! | AL90: =IF(AK90=O90,"OK","CORREGIR") -> #REF!
B91: TF00060 | C91: =VLOOKUP($B91,Recursos,2,FALSE) -> Herramientas (% Mano Obra) | F91: =VLOOKUP($B91,Recursos,3,FALSE) -> % | H91: 0.05 | I91: =J86 -> 2.88 | J91: =ROUND(H91*I91,2) -> 0.14 | M91: =$C91 -> Herramientas (% Mano Obra) | N91: =$F91 -> % | P91: =J91*#REF! -> #REF! | S91: =$C91 -> Herramientas (% Mano Obra) | T91: =$F91 -> % | U91: =ROUND(#REF!*$H91,2) -> #REF! | V91: =ROUND(#REF!*$J91,2) -> #REF! | X91: 103
J92: =K87 -> 11.12 | X92: -3
M114: Capataz | N114: =SUMIF($M$10:$M$104,M114,$O$10:$O$104) -> 373.12
M115: Operador | N115: =SUMIF($M$10:$M$104,M115,$O$10:$O$104) -> 0
M116: Operario | N116: =SUMIF($M$10:$M$104,M116,$O$10:$O$104) -> 0
M117: Topógrafo | N117: =SUMIF($M$10:$M$104,M117,$O$10:$O$104) -> 538.54
M118: Auxiliar de Topógrafo | N118: =SUMIF($M$10:$M$104,M118,$O$10:$O$104) -> 538.54
M119: Cadista | N119: =SUMIF($M$10:$M$104,M119,$O$10:$O$104) -> 269.27
M120: Operario Termofusionista | N120: =SUMIF($M$10:$M$104,M120,$O$10:$O$104) -> 0
M121: Oficial Termofusionista | N121: =SUMIF($M$10:$M$104,M121,$O$10:$O$104) -> 0
M122: Técnico QC de geosinteticos | N122: =SUMIF($M$10:$M$104,M122,$O$10:$O$104) -> 0
M123: Oficial | N123: =SUMIF($M$10:$M$104,M123,$O$10:$O$104) -> 0
M124: Peón | N124: =SUMIF($M$10:$M$104,M124,$O$10:$O$104) -> 1077.08
M125: Cuadrador | N125: =SUMIF($M$10:$M$104,M125,$O$10:$O$104) -> 0
... M153: Motosierra de 24" de espada | N153: =SUMIF($M$10:$M$104,M153,$O$10:$O$104) -> 0

Sheet 1.4 Insumos
A2: ESTRUCTURA DE TARIFA DE EQUIPOS Y MANO DE OBRA
A4: =+'1.2 APU'!B6 -> PROYECTO: | B4: =+'1.2 APU'!C6 -> MEJORAMIENTO DE VÍAS Y ACCESOS EXISTENTES SUBPROYECTOS A3-A4
A5: =+'1.2 APU'!B7 -> POSTOR: | B5: =+'1.2 APU'!C7 -> ZOVICSA
A6: =+'1.2 APU'!B8 -> FECHA : | B6: =+'1.2 APU'!C8 -> 44655
A9: CODIGO | B9: DESCRIPCIÓN | C9: UND | D9: COSTO S/h | F9: CANTIDAD HH
A10: TF00001 | B10: MANO DE OBRA
A11: TF00002 | B11: Capataz | C11: hh | D11: 29.540833 | F11: =SUMIF('1.2 APU'!$B$9:$B$111,'1.4 Insumos'!A11,'1.2 APU'!$O$9:$O$111) -> 373.12
A12: TF00003 | B12: Operador de equipo pesado | C12: hh | D12: 29.046555 | F12: =SUMIF('1.2 APU'!$B$9:$B$111,'1.4 Insumos'!A12,'1.2 APU'!$O$9:$O$111) -> 2605.72
A13: TF00004 | B13: Operario | C13: hh | D13: 28.247868 | F13: =SUMIF('1.2 APU'!$B$9:$B$111,'1.4 Insumos'!A13,'1.2 APU'!$O$9:$O$111) -> 0
A14: TF00005 | B14: Topógrafo | C14: hh | D14: 28.247868 | F14: =SUMIF('1.2 APU'!$B$9:$B$111,'1.4 Insumos'!A14,'1.2 APU'!$O$9:$O$111) -> 538.54
A15: TF00006 | B15: Auxiliar de Topógrafo | C15: hh | D15: 22.311788 | F15: =SUMIF('1.2 APU'!$B$9:$B$111,'1.4 Insumos'!A15,'1.2 APU'!$O$9:$O$111) -> 538.54
A16: TF00007 | B16: Cadista | C16: hh | D16: 22.311788 | F16: =SUMIF('1.2 APU'!$B$9:$B$111,'1.4 Insumos'!A16,'1.2 APU'!$O$9:$O$111) -> 269.27
A17: TF00008 | B17: Operario Termofusionista | C17: hh | F17: =SUMIF('1.2 APU'!$B$9:$B$111,'1.4 Insumos'!A17,'1.2 APU'!$O$9:$O$111) -> 0
A18: TF00009 | B18: Oficial Termofusionista | C18: hh | F18: =SUMIF('1.2 APU'!$B$9:$B$111,'1.4 Insumos'!A18,'1.2 APU'!$O$9:$O$111) -> 0
A19: TF00010 | B19: Técnico QC de geosinteticos | C19: hh | F19: =SUMIF('1.2 APU'!$B$9:$B$111,'1.4 Insumos'!A19,'1.2 APU'!$O$9:$O$111) -> 0
A20: TF00011 | B20: Oficial | C20: hh | D20: 20.706091 | F20: =SUMIF('1.2 APU'!$B$9:$B$111,'1.4 Insumos'!A20,'1.2 APU'!$O$9:$O$111) -> 0
A21: TF00012 | B21: Peón | C21: hh | D21: 19.679802 | F21: =SUMIF('1.2 APU'!$B$9:$B$111,'1.4 Insumos'!A21,'1.2 APU'!$O$9:$O$111) -> 1077.08
A22: TF00013 | B22: Cuadrador | C22: hh | D22: 19.679802 | F22: =SUMIF('1.2 APU'!$B$9:$B$111,'1.4 Insumos'!A22,'1.2 APU'!$O$9:$O$111) -> 0
A23: TF00014 | B23: Vigía | C23: hh | D23: 19.679802 | F23: =SUMIF('1.2 APU'!$B$9:$B$111,'1.4 Insumos'!A23,'1.2 APU'!$O$9:$O$111) -> 900.74
A24: TF00015 | B24: Rigger | C24: hh | F24: =SUMIF('1.2 APU'!$B$9:$B$111,'1.4 Insumos'!A24,'1.2 APU'!$O$9:$O$111) -> 0
A25: TF00016 | B25: Técnico de suelos | C25: hh | F25: =SUMIF('1.2 APU'!$B$9:$B$111,'1.4 Insumos'!A25,'1.2 APU'!$O$9:$O$111) -> 0
A26: TF00017 | B26: Auxiliar Técnico de suelos | C26: hh | F26: =SUMIF('1.2 APU'!$B$9:$B$111,'1.4 Insumos'!A26,'1.2 APU'!$O$9:$O$111) -> 0
A27: TF00018 | B27: Controlador | C27: hh | F27: =SUMIF('1.2 APU'!$B$9:$B$111,'1.4 Insumos'!A27,'1.2 APU'!$O$9:$O$111) -> 0
A28: TF00019 | B28: Supervisor | C28: hh | F28: =SUMIF('1.2 APU'!$B$9:$B$111,'1.4 Insumos'!A28,'1.2 APU'!$O$9:$O$111) -> 0
A29: TF00020 | B29: EQUIPOS PESADOS
A30: TF00021 | B30: Tractor sobre Orugas CAT D8T | C30: hm | D30: 308.49639 | F30: =SUMIF('1.2 APU'!$B$9:$B$111,'1.4 Insumos'!A30,'1.2 APU'!$O$9:$O$111) -> 269.27
A31: TF00022 | B31: Tractor sobre Orugas CAT D6T | C31: hm | D31: 212.42639 | F31: =SUMIF('1.2 APU'!$B$9:$B$111,'1.4 Insumos'!A31,'1.2 APU'!$O$9:$O$111) -> 0
A32: TF00023 | B32: Excavadora EC 380D | C32: hm | D32: 235.59639 | F32: =SUMIF('1.2 APU'!$B$9:$B$111,'1.4 Insumos'!A32,'1.2 APU'!$O$9:$O$111) -> 0
A33: TF00024 | B33: Excavadora John Deere 290 | C33: hm | D33: 215.12139 | F33: =SUMIF('1.2 APU'!$B$9:$B$111,'1.4 Insumos'!A33,'1.2 APU'!$O$9:$O$111) -> 0
A34: TF00025 | B34: Cargador Frontal John Deere 744 K | C34: hm | D34: 190.56139 | F34: =SUMIF('1.2 APU'!$B$9:$B$111,'1.4 Insumos'!A34,'1.2 APU'!$O$9:$O$111) -> 181.1
A35: TF00026 | B35: Retroexcavadora Cat 420e | C35: hm | D35: 135.83139 | F35: =SUMIF('1.2 APU'!$B$9:$B$111,'1.4 Insumos'!A35,'1.2 APU'!$O$9:$O$111) -> 24.89
A36: TF00027 | B36: Volquete de 17 m3 | C36: hm | D36: 127.05139 | F36: =SUMIF('1.2 APU'!$B$9:$B$111,'1.4 Insumos'!A36,'1.2 APU'!$O$9:$O$111) -> 1348.38
A37: TF00028 | B37: Volquetes de 15 m3 | C37: hm | D37: 135.05139 | F37: =SUMIF('1.2 APU'!$B$9:$B$111,'1.4 Insumos'!A37,'1.2 APU'!$O$9:$O$111) -> 0
A38: TF00029 | B38: Cisterna de agua 5,000 gln. | C38: hm | D38: 101.88139 | F38: =SUMIF('1.2 APU'!$B$9:$B$111,'1.4 Insumos'!A38,'1.2 APU'!$O$9:$O$111) -> 269.27
A39: TF00030 | B39: Camión Grúa de 20 Ton. | C39: hm | F39: =SUMIF('1.2 APU'!$B$9:$B$111,'1.4 Insumos'!A39,'1.2 APU'!$O$9:$O$111) -> 0
A40: TF00031 | B40: Camión Furgon | C40: hm | F40: =SUMIF('1.2 APU'!$B$9:$B$111,'1.4 Insumos'!A40,'1.2 APU'!$O$9:$O$111) -> 0
A41: TF00032 | B41: Motoniveladora de 140 HP | C41: hm | F41: =SUMIF('1.2 APU'!$B$9:$B$111,'1.4 Insumos'!A41,'1.2 APU'!$O$9:$O$111) -> 269.27
A42: TF00033 | B42: Rodillo Liso Vibratorio Autopropulsado HAMM 20 Tn. | C42: hm | D42: 172.08639 | F42: =SUMIF('1.2 APU'!$B$9:$B$111,'1.4 Insumos'!A42,'1.2 APU'!$O$9:$O$111) -> 269.27
A43: TF00034 | B43: Rodillo Liso Vibratorio Autopropulsado HAMM 11 Tn. | C43: hm | D43: 126.66139 | F43: =SUMIF('1.2 APU'!$B$9:$B$111,'1.4 Insumos'!A43,'1.2 APU'!$O$9:$O$111) -> 0
A44: TF00035 | B44: Perforadora | C44: hm | F44: =SUMIF('1.2 APU'!$B$9:$B$111,'1.4 Insumos'!A44,'1.2 APU'!$O$9:$O$111) -> 0
A45: TF00036 | B45: Camión Cisterna de Combustible de 3,000GL | C45: und | F45: =SUMIF('1.2 APU'!$B$9:$B$111,'1.4 Insumos'!A45,'1.2 APU'!$O$9:$O$111) -> 0
A46: TF00037 | B46: Martillo hidraulico | C46: hm | F46: =SUMIF('1.2 APU'!$B$9:$B$111,'1.4 Insumos'!A46,'1.2 APU'!$O$9:$O$111) -> 0
A47: TF00038 | B47: EQUIPOS MENORES
A48: TF00039 | B48: Minicargador Cat 246, 74 HP | C48: hm | D48: 80.796392 | F48: =SUMIF('1.2 APU'!$B$9:$B$111,'1.4 Insumos'!A48,'1.2 APU'!$O$9:$O$111) -> 0
A49: TF00118 | B49: Grupo electrogeno 100KW | C49: hm | F49: =SUMIF('1.2 APU'!$B$9:$B$111,'1.4 Insumos'!A49,'1.2 APU'!$O$9:$O$111) -> 0
A50: TF00040 | B50: Grupo electrogeno 200KW | C50: hm | F50: =SUMIF('1.2 APU'!$B$9:$B$111,'1.4 Insumos'!A50,'1.2 APU'!$O$9:$O$111) -> 0
A51: TF00041 | B51: Luminaria 4K | C51: hm | F51: =SUMIF('1.2 APU'!$B$9:$B$111,'1.4 Insumos'!A51,'1.2 APU'!$O$9:$O$111) -> 0
A52: TF00042 | B52: Rodillo compactador Tandem Tipo Chupetero | C52: hm | F52: =SUMIF('1.2 APU'!$B$9:$B$111,'1.4 Insumos'!A52,'1.2 APU'!$O$9:$O$111) -> 0
A53: TF00043 | B53: GPS | C53: hm | D53: 46.8 | F53: =SUMIF('1.2 APU'!$B$9:$B$111,'1.4 Insumos'!A53,'1.2 APU'!$O$9:$O$111) -> 201.95
A54: TF00044 | B54: Estación total | C54: hm | D54: 11.4 | F54: =SUMIF('1.2 APU'!$B$9:$B$111,'1.4 Insumos'!A54,'1.2 APU'!$O$9:$O$111) -> 67.32
A55: TF00045 | B55: Electrobomba capacidad 4" | C55: hm | F55: =SUMIF('1.2 APU'!$B$9:$B$111,'1.4 Insumos'!A55,'1.2 APU'!$O$9:$O$111) -> 0
A56: TF00046 | B56: Electrobomba capacidad 6" | C56: hm | F56: =SUMIF('1.2 APU'!$B$9:$B$111,'1.4 Insumos'!A56,'1.2 APU'!$O$9:$O$111) -> 0
A57: TF00047 | B57: Electrobomba capacidad 8" | C57: hm | F57: =SUMIF('1.2 APU'!$B$9:$B$111,'1.4 Insumos'!A57,'1.2 APU'!$O$9:$O$111) -> 0
A58: TF000471 | B58: Equipo de termofusión de 48" (inc.grupo electrogeno) | C58: mes | F58: =SUMIF('1.2 APU'!$B$9:$B$111,'1.4 Insumos'!A58,'1.2 APU'!$O$9:$O$111) -> 0
A59: TF000472 | B59: Motosierra de 36" de espada | C59: hm | F59: =SUMIF('1.2 APU'!$B$9:$B$111,'1.4 Insumos'!A59,'1.2 APU'!$O$9:$O$111) -> 0
A60: TF00048 | B60: MATERIALES
A61: TF00049 | B61: Manta plastica | C61: m2 | F61: =SUMIF('1.2 APU'!$B$9:$B$111,'1.4 Insumos'!A61,'1.2 APU'!$O$9:$O$111) -> 0
A62: TF00050 | B62: Zaranda estática con malla de 6" | F62: =SUMIF('1.2 APU'!$B$9:$B$111,'1.4 Insumos'!A62,'1.2 APU'!$O$9:$O$111) -> 0
A63: TF00051 | B63: Materiales varios | C63: glb | F63: =SUMIF('1.2 APU'!$B$9:$B$111,'1.4 Insumos'!A63,'1.2 APU'!$O$9:$O$111) -> 0
A64: TF00052 | B64: Modulos | F64: =SUMIF('1.2 APU'!$B$9:$B$111,'1.4 Insumos'!A64,'1.2 APU'!$O$9:$O$111) -> 0
A65: TF00053 | B65: Materiales de campo | C65: glb | F65: =SUMIF('1.2 APU'!$B$9:$B$111,'1.4 Insumos'!A65,'1.2 APU'!$O$9:$O$111) -> 0
A66: TF00054 | B66: Muebles de oficina | C66: glb | F66: =SUMIF('1.2 APU'!$B$9:$B$111,'1.4 Insumos'!A66,'1.2 APU'!$O$9:$O$111) -> 0
A67: TF00055 | B67: Señalización y EPPs colectivos | C67: mes | F67: =SUMIF('1.2 APU'!$B$9:$B$111,'1.4 Insumos'!A67,'1.2 APU'!$O$9:$O$111) -> 0
A68: TF00056 | B68: Utiles de oficina | C68: glb | F68: =SUMIF('1.2 APU'!$B$9:$B$111,'1.4 Insumos'!A68,'1.2 APU'!$O$9:$O$111) -> 0
A69: TF00057 | B69: Materiales de laboratorio en obra | C69: glb | F69: =SUMIF('1.2 APU'!$B$9:$B$111,'1.4 Insumos'!A69,'1.2 APU'!$O$9:$O$111) -> 0
A70: TF00058 | B70: Manguera x100m 6" de descarga y accesorios | C70: rll | F70: =SUMIF('1.2 APU'!$B$9:$B$111,'1.4 Insumos'!A70,'1.2 APU'!$O$9:$O$111) -> 0
A71: TF00059 | B71: Accesorios | C71: glb | F71: =SUMIF('1.2 APU'!$B$9:$B$111,'1.4 Insumos'!A71,'1.2 APU'!$O$9:$O$111) -> 0
A72: TF00060 | B72: Herramientas (% Mano Obra) | C72: % | F72: =SUMIF('1.2 APU'!$B$9:$B$111,'1.4 Insumos'!A72,'1.2 APU'!$O$9:$O$111) -> 0
A73: TF00061 | B73: Taller en obra | C73: und | F73: =SUMIF('1.2 APU'!$B$9:$B$111,'1.4 Insumos'!A73,'1.2 APU'!$O$9:$O$111) -> 0
A74: TF00062 | B74: Multicamp para almacen de campo | C74: und | F74: =SUMIF('1.2 APU'!$B$9:$B$111,'1.4 Insumos'!A74,'1.2 APU'!$O$9:$O$111) -> 0
A75: TF00063 | B75: Multicamp para laboratorio | C75: und | F75: =SUMIF('1.2 APU'!$B$9:$B$111,'1.4 Insumos'!A75,'1.2 APU'!$O$9:$O$111) -> 0
A76: TF00064 | B76: Equipos de laboratorio en obra | C76: und | F76: =SUMIF('1.2 APU'!$B$9:$B$111,'1.4 Insumos'!A76,'1.2 APU'!$O$9:$O$111) -> 0
... A90: TF00078 | B90: Geotextil no tejido 400g/m2 | C90: m2 | F90: =SUMIF('1.2 APU'!$B$9:$B$111,'1.4 Insumos'!A90,'1.2 APU'!$O$9:$O$111) -> 0
A91: TF00079 | B91: Estacas | F91: =SUMIF('1.2 APU'!$B$9:$B$111,'1.4 Insumos'!A91,'1.2 APU'!$O$9:$O$111) -> 0
A92: TF00080 | B92: Materiales varios | F92: =SUMIF('1.2 APU'!$B$9:$B$111,'1.4 Insumos'!A92,'1.2 APU'!$O$9:$O$111) -> 0
A93: TF00081 | B93: Kids anti derrames colectivos | F93: =SUMIF('1.2 APU'!$B$9:$B$111,'1.4 Insumos'!A93,'1.2 APU'!$O$9:$O$111) -> 0
A94: TF00082 | B94: Acero corrugado FY4200 G60 | C94: kg | F94: =SUMIF('1.2 APU'!$B$9:$B$111,'1.4 Insumos'!A94,'1.2 APU'!$O$9:$O$111) -> 0
A95: TF00083 | B95: Multicamp para oficina | C95: und | F95: =SUMIF('1.2 APU'!$B$9:$B$111,'1.4 Insumos'!A95,'1.2 APU'!$O$9:$O$111) -> 0
A96: TF00084 | B96: Geomembrana HDPE 1.5mm | C96: m2 | F96: =SUMIF('1.2 APU'!$B$9:$B$111,'1.4 Insumos'!A96,'1.2 APU'!$O$9:$O$111) -> 0
A97: TF00085 | B97: Camión Grúa de 12-20 Ton. | C97: hm | F97: =SUMIF('1.2 APU'!$B$9:$B$111,'1.4 Insumos'!A97,'1.2 APU'!$O$9:$O$111) -> 0
A98: TF00086 | B98: Geomanta | C98: m2 | F98: =SUMIF('1.2 APU'!$B$9:$B$111,'1.4 Insumos'!A98,'1.2 APU'!$O$9:$O$111) -> 0
A99: TF00087 | B99: Aditivo curador | C99: gln | F99: =SUMIF('1.2 APU'!$B$9:$B$111,'1.4 Insumos'!A99,'1.2 APU'!$O$9:$O$111) -> 0
A100: TF00088 | B100: Mochila aspersora | C100: hm | F100: =SUMIF('1.2 APU'!$B$9:$B$111,'1.4 Insumos'!A100,'1.2 APU'!$O$9:$O$111) -> 0
A101: TF00089 | B101: Concreto plástico, según diseño | C101: m3 | F101: =SUMIF('1.2 APU'!$B$9:$B$111,'1.4 Insumos'!A101,'1.2 APU'!$O$9:$O$111) -> 0
A102: TF00090 | B102: Bomba móvil con pluma | C102: hm | F102: =SUMIF('1.2 APU'!$B$9:$B$111,'1.4 Insumos'!A102,'1.2 APU'!$O$9:$O$111) -> 0
A103: TF00091 | B103: Consumibles | C103: % | F103: =SUMIF('1.2 APU'!$B$9:$B$111,'1.4 Insumos'!A103,'1.2 APU'!$O$9:$O$111) -> 0
A104: TF00092 | B104: Electrobomba capacidad 8" | C104: turno | F104: =SUMIF('1.2 APU'!$B$9:$B$111,'1.4 Insumos'!A104,'1.2 APU'!$O$9:$O$111) -> 0
A105: TF00093 | B105: Electrobomba capacidad 6" | C105: turno | F105: =SUMIF('1.2 APU'!$B$9:$B$111,'1.4 Insumos'!A105,'1.2 APU'!$O$9:$O$111) -> 0
... A129: TF00117 | B129: Servicio de transporte camión semitrailer (interno) | C129: Viaje | F129: =SUMIF('1.2 APU'!$B$9:$B$111,'1.4 Insumos'!A129,'1.2 APU'!$O$9:$O$111) -> 0
A130: NO118 | C130: m | F130: =SUMIF('1.2 APU'!$B$9:$B$111,'1.4 Insumos'!A130,'1.2 APU'!$O$9:$O$111) -> 0
A131: TF00119 | F131: =SUMIF('1.2 APU'!$B$9:$B$111,'1.4 Insumos'!A131,'1.2 APU'!$O$9:$O$111) -> 0
A132: TF00120 | B132: Sierra circular 7" | C132: hm | F132: =SUMIF('1.2 APU'!$B$9:$B$111,'1.4 Insumos'!A132,'1.2 APU'!$O$9:$O$111) -> 0
A133: TF00121 | B133: Eslinga de 2" x 2 m. | C133: glb | F133: =SUMIF('1.2 APU'!$B$9:$B$111,'1.4 Insumos'!A133,'1.2 APU'!$O$9:$O$111) -> 0
A134: TF00122 | B134: Eslinga de 3" x 6 m. | C134: glb | F134: =SUMIF('1.2 APU'!$B$9:$B$111,'1.4 Insumos'!A134,'1.2 APU'!$O$9:$O$111) -> 0
A135: TF00123 | B135: Cable de extensión 480v de 30 metros, con conectores macho metálico y conector hembra plástico | C135: glb | F135: =SUMIF('1.2 APU'!$B$9:$B$111,'1.4 Insumos'!A135,'1.2 APU'!$O$9:$O$111) -> 0
A136: TF00124 | B136: Soga de 1/2" x 35 mts | C136: hm | F136: =SUMIF('1.2 APU'!$B$9:$B$111,'1.4 Insumos'!A136,'1.2 APU'!$O$9:$O$111) -> 0
A137: TF00125 | B137: Electrobomba capacidad 8" | C137: hm | F137: =SUMIF('1.2 APU'!$B$9:$B$111,'1.4 Insumos'!A137,'1.2 APU'!$O$9:$O$111) -> 0
A138: TF00126 | B138: Electrobomba capacidad 6" | C138: hm | F138: =SUMIF('1.2 APU'!$B$9:$B$111,'1.4 Insumos'!A138,'1.2 APU'!$O$9:$O$111) -> 0
A139: TF00127 | B139: Grupo electrogeno 200KW | C139: hm | F139: =SUMIF('1.2 APU'!$B$9:$B$111,'1.4 Insumos'!A139,'1.2 APU'!$O$9:$O$111) -> 0
A140: TF00128 | B140: Camión Plataforma | C140: hm | F140: =SUMIF('1.2 APU'!$B$9:$B$111,'1.4 Insumos'!A140,'1.2 APU'!$O$9:$O$111) -> 0
...

Sheet 1.3 Gastos Generales
O1: Plazo = | P1: =ROUND(37/30,2) -> 1.23 | S1: Laborado | T1: DL | U1: Total
R2: Regimen | S2: 15 | T2: 6 | U2: =+S2+T2 -> 21 | V2: =+S2/U2 -> 0.71428571
B3: GASTOS GENERALES
B5: Licitación: | D5: =+'[1]1.2 APU'!C6 -> CONSTRUCCIÓN PLATAFORMA DE CONTRATISTAS E1 Y E2
B6: Presentado a: | D6: OHLA
B7: Postor: | D7: ZOVICSA
B8: Fecha: | D8: =+'1.2 APU'!C8 -> 44655
B10: DETALLE DE GASTOS GENERALES FIJOS
B12: COSTO | C12: CONCEPTO | E12: Und | F12: P.U. US$ | G12: Cant | H12: Turnos | I12: Tiempo | J12: Aporte | K12: Parcial US$ | L12: Subtotal US$
C14: 1 | D14: SERVICIOS Y ALQUILERES EN OBRA | L14: =ROUND(SUM(K15:K17),2) -> 0
C15: . | D15: Inst. Sistema de control de combustible en EQ | E15: Und | F15: 100 | G15: 0 | J15: 0.5 | K15: =ROUND(J15*G15*F15,2) -> 0
C16: . | D16: Inst. de Sistema Antifatiga | E16: Und | F16: =700 -> 700 | G16: 0 | J16: 1 | K16: =ROUND(J16*G16*F16,2) -> 0
C19: 2 | D19: OTROS GASTOS | L19: =ROUND(SUM(K20:K22),2) -> 18972
C20: . | D20: Examen pre y pos - ocupacional | E20: Und | F20: =ROUNDUP(446/TC,2) -> 446 | G20: =ROUND('Equipos-Personal (HH y HM)'!E43+SUMPRODUCT(G31:G63,J31:J63),0) -> 51 | I20: 1 | J20: 0.75 | K20: =ROUND(F20*G20*I20*J20,2) -> 17059.5
C21: . | D21: Examen de inducción | E21: Und | F21: =ROUNDUP(50/TC,2) -> 50 | G21: =ROUND('Equipos-Personal (HH y HM)'!E43+SUMPRODUCT(G31:G63,J31:J63),0) -> 51 | I21: 1 | J21: 0.75 | K21: =ROUND(F21*G21*I21*J21,2) -> 1912.5
C22: . | D22: Inducción general | E22: Und | F22: =[1]Tarifas!D128*8*4*V2 -> 167.54286 | G22: =ROUND('Equipos-Personal (HH y HM)'!E43+SUMPRODUCT(G31:G63,J31:J63),0)*0 -> 0 | I22: 1 | J22: 0.75 | K22: =ROUND(F22*G22*I22*J22,2) -> 0
D24: GASTOS GENERALES FIJOS TOTALES | K24: S/. | L24: =SUM(L13:L23) -> 18972
B26: DETALLE DE GASTOS GENERALES VARIABLES
B28: COSTO | C28: CONCEPTO | E28: Und | F28: P.U. S/. | G28: Cant | H28: Turnos | I28: Tiempo | J28: Aporte | K28: Parcial S/. | L28: Subtotal US$
C30: 1 | D30: PERSONAL STAFF | L30: =SUBTOTAL(9,K31:K44) -> 106225.88
B31: V | C31: . | D31: Jefe de proyecto | E31: mes | F31: =ROUND(16000*1.47/TC,2) -> 23520 | G31: 0 | H31: 1 | I31: =PZ -> 1.23 | J31: 0.5 | K31: =PRODUCT(F31:J31) -> 0
B32: V | C32: . | D32: Ing. Residente | E32: mes | F32: =ROUND(13500*1.47/TC,2) -> 19845 | G32: 1 | H32: 1 | I32: =$I$31 -> 1.23 | J32: 1 | K32: =PRODUCT(F32:J32) -> 24409.35
B33: V | C33: . | D33: Jefe de Oficina Técnica | E33: mes | F33: =ROUND(11000*1.47/TC,2) -> 16170 | G33: 1 | H33: 1 | I33: =$I$31 -> 1.23 | J33: 1 | K33: =PRODUCT(F33:J33) -> 19889.1
B34: V | C34: . | D34: Ing. de Oficina Técnica | E34: mes | F34: =ROUND(8000*1.47/TC,2) -> 11760 | G34: 1 | H34: 1 | I34: =$I$31 -> 1.23 | J34: 1 | K34: =PRODUCT(F34:J34) -> 14464.8
B35: V | C35: . | D35: Ing. de Costos | E35: mes | F35: =ROUND(6000*1.47/TC,2) -> 8820 | G35: =1*0 -> 0 | H35: 1 | I35: =$I$31 -> 1.23 | J35: 1 | K35: =PRODUCT(F35:J35) -> 0
B36: V | C36: . | D36: Supervisor de campo | E36: mes | F36: =ROUND(6500*1.47/TC,2) -> 9555 | G36: 2 | H36: 1 | I36: =$I$31 -> 1.23 | J36: 1 | K36: =PRODUCT(F36:J36) -> 23505.3
B37: V | C37: . | D37: Jefe de SSOMA | E37: mes | F37: =ROUND(8000*1.47/TC,2) -> 11760 | G37: =1*0 -> 0 | H37: 1 | I37: =$I$31 -> 1.23 | J37: 0.5 | K37: =PRODUCT(F37:J37) -> 0
B38: V | C38: . | D38: Ing. Supervisor de SSO | E38: mes | F38: =ROUND(5500*1.47/TC,2) -> 8085 | G38: 1 | H38: 1 | I38: =$I$31 -> 1.23 | J38: 1 | K38: =PRODUCT(F38:J38) -> 9944.55
B39: V | C39: . | D39: Supervisor MA | E39: mes | F39: =ROUND(3500*1.47/TC,2) -> 5145 | G39: 1 | H39: 1 | I39: =$I$31 -> 1.23 | J39: 0.5 | K39: =PRODUCT(F39:J39) -> 3164.175
B40: V | C40: . | D40: Jefe de Control de Calidad | E40: mes | F40: =ROUND(8000*1.47/TC,2) -> 11760 | G40: 0 | H40: 1 | I40: =$I$31 -> 1.23 | J40: 0.5 | K40: =PRODUCT(F40:J40) -> 0
B41: V | C41: . | D41: Supervisor de QC | E41: mes | F41: =ROUND(6000*1.47/TC,2) -> 8820 | G41: 1 | H41: 1 | I41: =$I$31 -> 1.23 | J41: 1 | K41: =PRODUCT(F41:J41) -> 10848.6
B42: V | C42: . | D42: Supervisor de Mtto | E42: mes | F42: =ROUND(4500*1.47/TC,2) -> 6615 | G42: 0 | H42: 1 | I42: =$I$31 -> 1.23 | J42: 0.5 | K42: =PRODUCT(F42:J42) -> 0
B43: V | C43: . | D43: Jefe de Topografía | E43: mes | F43: =ROUND(5000*1.47/TC,2) -> 7350 | G43: 0 | H43: 1 | I43: =$I$31 -> 1.23 | J43: 0.5 | K43: =PRODUCT(F43:J43) -> 0
B44: V | C44: . | D44: Administrador | E44: mes | F44: =ROUND(4500*1.47/TC,2) -> 6615 | G44: 0 | H44: 1 | I44: =$I$31 -> 1.23 | J44: 1 | K44: =PRODUCT(F44:J44) -> 0
C46: 2 | D46: PERSONAL TECNICO Y AUXILIAR | L46: =SUBTOTAL(9,K47:K51) -> 10826.989
B47: V | C47: . | D47: Técnico de Campo y Laboratorio | E47: mes | F47: =ROUND([1]Tarifas!D133*11*30*V2,2) -> 2187.43 | G47: 1 | H47: 1 | I47: =$I$31 -> 1.23 | J47: 1 | K47: =PRODUCT(F47:J47) -> 2690.5389
B48: V | C48: . | D48: Asistente de Oficina Técnica | E48: mes | F48: =ROUND(4500*1.47/TC,2) -> 6615 | G48: 1 | H48: 1 | I48: =$I$31 -> 1.23 | J48: 1 | K48: =PRODUCT(F48:J48) -> 8136.45
B49: V | C49: . | D49: Enfermero ocupacional | E49: mes | F49: =ROUND(3500*1.47/TC,2) -> 5145 | G49: 0 | H49: 1 | I49: =$I$31 -> 1.23 | J49: 1 | K49: =PRODUCT(F49:J49) -> 0
B50: V | C50: . | D50: Control Documentario | E50: mes | F50: =ROUND(3500*1.47/TC,2) -> 5145 | G50: 0 | H50: 1 | I50: =$I$31 -> 1.23 | J50: 0.5 | K50: =PRODUCT(F50:J50) -> 0
B51: V | C51: . | D51: Controlador | E51: mes | F51: =ROUND([1]Tarifas!D135*11*30*V2,) -> 1728 | G51: 0 | H51: 1 | I51: =$I$31 -> 1.23 | J51: 1 | K51: =PRODUCT(F51:J51) -> 0
C53: 3 | D53: PERSONAL DE MANTENIMIENTO | L53: =SUBTOTAL(9,K54:K57) -> 0
B54: V | C54: . | D54: Mecánico | E54: mes | F54: =ROUND(4000*1.47/TC,2) -> 5880 | G54: =1*0 -> 0 | H54: 1 | I54: =$I$31 -> 1.23 | J54: 1 | K54: =PRODUCT(F54:J54) -> 0
B55: V | C55: . | D55: Electricista | E55: mes | F55: =ROUND(3800*1.47/TC,2) -> 5586 | G55: =1*0 -> 0 | H55: 1 | I55: =$I$31 -> 1.23 | J55: 0.5 | K55: =PRODUCT(F55:J55) -> 0
B56: V | C56: . | D56: Soldador | E56: mes | F56: =ROUND(3100*1.47/TC,2) -> 4557 | G56: =1*0 -> 0 | H56: 1 | I56: =$I$31 -> 1.23 | J56: 1 | K56: =PRODUCT(F56:J56) -> 0
B57: V | C57: . | D57: Llantero | E57: mes | F57: =ROUND(3100*1.47/TC,2) -> 4557 | G57: =1*0 -> 0 | H57: 1 | I57: =$I$31 -> 1.23 | J57: 0.5 | K57: =PRODUCT(F57:J57) -> 0
C59: 4 | D59: CONDUCTORES DE VEHICULOS | L59: =SUBTOTAL(9,K60:K63) -> 9944.55
B60: V | C60: . | D60: Camioneta | E60: mes | F60: =2750*1.47/TC -> 4042.5 | G60: 1 | H60: 1 | I60: =$I$31 -> 1.23 | J60: 1 | K60: =PRODUCT(F60:J60) -> 4972.275
B61: V | C61: . | D61: Minibus | E61: mes | F61: =2750*1.47/TC -> 4042.5 | G61: 1 | H61: 1 | I61: =$I$31 -> 1.23 | J61: 1 | K61: =PRODUCT(F61:J61) -> 4972.275
B62: V | C62: . | D62: Combi/Minivan | E62: mes | F62: =2750*1.47/TC -> 4042.5 | G62: 0 | H62: 1 | I62: =$I$31 -> 1.23 | J62: 0 | K62: =PRODUCT(F62:J62) -> 0
B63: V | C63: . | D63: Cisterna de combustible de 3000Gl | E63: mes | F63: =2750*1.47/TC -> 4042.5 | G63: 0 | H63: 1 | I63: =$I$31 -> 1.23 | J63: 0 | K63: =PRODUCT(F63:J63) -> 0
C65: 5 | D65: VEHICULOS | L65: =SUBTOTAL(9,K66:K70) -> 7749
B66: V | C66: . | D66: Camioneta | E66: mes | F66: =ROUNDUP(60*30,2) -> 1800 | G66: 1 | H66: 1 | I66: =$I$31 -> 1.23 | J66: 1 | K66: =PRODUCT(F66:J66) -> 2214
B67: V | C67: . | D67: Minibus | E67: mes | F67: =ROUNDUP(150*30,2) -> 4500 | G67: 1 | H67: 1 | I67: =$I$31 -> 1.23 | J67: 1 | K67: =PRODUCT(F67:J67) -> 5535
B68: V | C68: . | D68: Combi/Minivan | E68: mes | F68: =ROUNDUP(85*30,2) -> 2550 | G68: 0 | H68: 1 | I68: =$I$31 -> 1.23 | J68: 1 | K68: =PRODUCT(F68:J68) -> 0
B69: V | C69: . | D69: Cisterna de combustible de 3000Gl | E69: mes | F69: =ROUNDUP(200*30,2) -> 6000 | G69: =1*0 -> 0 | H69: 1 | I69: =$I$31 -> 1.23 | J69: 0 | K69: =PRODUCT(F69:J69) -> 0
B70: V | C70: . | D70: Lubricador | E70: mes | F70: =ROUNDUP(130*30,2) -> 3900 | G70: =1*0 -> 0 | H70: 1 | I70: =$I$31 -> 1.23 | J70: 0.5 | K70: =PRODUCT(F70:J70) -> 0
C72: 6 | D72: SERVICIOS Y ALQUILERES EN OBRA | L72: =SUBTOTAL(9,K73:K73) -> 355.2978
B73: V | C73: . | D73: Agua en caja de 20lt | E73: Caja | F73: =ROUND(22/TC,2) -> 22 | G73: =ROUNDUP(0.5*('Equipos-Personal (HH y HM)'!B41+SUMPRODUCT('1.3 Gastos Generales'!G31:G63,'1.3 Gastos Generales'!J31:J63))*30/20,2) -> 13.13 | I73: =$I$31 -> 1.23 | K73: =PRODUCT(F73:J73) -> 355.2978
C75: 7 | D75: COMUNICACION | L75: =SUBTOTAL(9,K76:K78) -> 4597.125
B76: V | C76: . | D76: Radio Frecuencia | E76: mes | F76: =ROUNDUP(1500/24,2) -> 62.5 | G76: =ROUNDUP(SUM(G32,G36,G38,G54,G41)/2,0)+SUM('Equipos-Personal (HH y HM)'!G7:G19)*2+'Equipos-Personal (HH y HM)'!B33+'Equipos-Personal (HH y HM)'!B31+'Equipos-Personal (HH y HM)'!B34+'Equipos-Personal (HH y HM)'!B39+'Equipos-Personal (HH y HM)'!B40 -> 47 | I76: =$I$31 -> 1.23 | K76: =PRODUCT(F76:J76) -> 3613.125
B77: V | C77: . | D77: Celular | E77: mes | F77: =ROUNDUP(100/TC,2) -> 100 | G77: =COUNT(G31:G33,G37,G40,G43,G44)+G36/2 -> 8 | I77: =$I$31 -> 1.23 | K77: =PRODUCT(F77:J77) -> 984
B78: V | C78: . | D78: Modem de Internet | E78: mes | F78: =ROUNDUP(1100/TC,2) -> 1100 | G78: =COUNT(G32,G33,G37,G40,G43,G44)*0 -> 0 | I78: =$I$31 -> 1.23 | K78: =PRODUCT(F78:J78) -> 0
C80: 8 | D80: FIANZAS Y SEGUROS | L80: =SUBTOTAL(9,K81:K85) -> 6289.3702
B81: V | C81: . | D81: Carta Fianza de Fiel Cumplimiento | E81: glb | F81: =+N84 -> 686.51109 | G81: 1 | K81: =PRODUCT(F81:J81) -> 686.51109 | N81: 744185.46
B82: V | C82: . | D82: SCTR | E82: mes | F82: =ROUNDUP(30/TC,2) -> 30 | G82: =ROUNDUP(SUMPRODUCT(G31:G63,J31:J63),0) -> 12 | I82: =$I$31 -> 1.23 | K82: =PRODUCT(F82:J82) -> 442.8 | N82: =+N81*0.0075 -> 5581.3909
B83: V | C83: . | D83: Seguro medico | E83: mes | F83: 65 | G83: =ROUNDUP(SUMPRODUCT(G31:G63,J31:J63),0) -> 12 | I83: =$I$31 -> 1.23 | K83: =PRODUCT(F83:J83) -> 959.4 | N83: =+N82*I82 -> 6865.1109
B84: V | C84: . | D84: TREC y Responsabilidad Civil | E84: und | F84: 1800 | G84: =SUM('Equipos-Personal (HH y HM)'!G7:G19) -> 13 | I84: =$I$31 -> 1.23 | J84: 0.09 | K84: =PRODUCT(F84:J84) -> 2590.38 | N84: =+N83*0.1 -> 686.51109
B85: V | C85: . | D85: Seguro Covid-19 | E85: mes | F85: =ROUNDUP(((70/TC)*1.1)/3,2) -> 25.67 | G85: =ROUNDUP(SUMPRODUCT(G31:G63,J31:J63),0)+G89 -> 51 | I85: =$I$31 -> 1.23 | K85: =PRODUCT(F85:J85) -> 1610.2791
C87: 13 | D87: OTROS GASTOS | L87: =SUBTOTAL(9,K88:K96) -> 35821.516
B88: V | C88: . | D88: Equipos de Protección Personal Empleados | E88: und | F88: =+'EPPs EMPLEADOS'!H38 -> 320 | G88: =ROUNDUP(SUMPRODUCT(G31:G63,J31:J63),0) -> 12 | I88: 1 | K88: =PRODUCT(F88:J88) -> 3840
B89: V | C89: . | D89: Equipos de Protección Personal Obreros | E89: und | F89: =+'EEPs OBREROS'!H42 -> 482 | G89: =G20-G88 -> 39 | I89: 1 | K89: =PRODUCT(F89:J89) -> 18798
B90: V | C90: . | D90: Equipos de Protección Colectiva | E90: und | F90: =AVERAGE(F88:F89) -> 401 | G90: 1 | I90: =$I$31 -> 1.23 | K90: =PRODUCT(F90:J90) -> 493.23
C91: . | D91: Monitoreo de Sistema Antifatiga | E91: Und | F91: =22 -> 22 | G91: 0 | I91: =I90 -> 1.23 | K91: =PRODUCT(F91:J91) -> 0
B92: V | C92: . | D92: Viaticos visita de gerencia | E92: Mes | F92: 400 | G92: 0 | I92: =$I$31 -> 1.23 | J92: 0.5 | K92: =PRODUCT(F92:J92) -> 0
B93: V | C93: . | D93: Gastos Adm. Oficina Central | E93: Mes | F93: 2500 | G93: 0 | I93: =$I$31 -> 1.23 | J93: 0.5 | K93: =PRODUCT(F93:J93) -> 0
B94: V | C94: . | D94: Certificación a operadores | E94: und | F94: 650 | G94: =+'Equipos-Personal (HH y HM)'!E30 -> 13 | I94: =$I$31 -> 1.23 | J94: 0.09 | K94: =PRODUCT(F94:J94) -> 935.415
B95: V | C95: . | D95: Mantenimiento mecánico | E95: mes | F95: 5367.705 | G95: 1 | I95: =$I$31 -> 1.23 | J95: 0.5 | K95: =PRODUCT(F95:J95) -> 3301.1386
B96: V | C96: . | D96: Costo Covid | E96: glb | F96: =+'1.7 Costos Covid'!L101 -> 8453.7327 | G96: 1 | I96: 1 | K96: =PRODUCT(F96:J96) -> 8453.7327
D98: GASTOS GENERALES VARIABLES TOTALES | K98: S/. | L98: =SUM(L30:L95) -> 181809.72
B100: RESUMEN DE GASTOS GENERALES | J100: % | K100: Parcial S/. | L100: Total US$
B102: V | C102: . | D102: GASTOS GENERALES VARIABLES | J102: =K102/($L$98+$L$24) -> 0.90550933 | K102: =+L98 -> 181809.72
B103: F | C103: . | D103: GASTOS GENERALES FIJOS | J103: =K103/($L$98+$L$24) -> 0.094490672 | K103: =+L24 -> 18972 | L103: =K102+K103 -> 200781.72

Sheet 1.9 Duration
U1: Turno día | V1: Turno noche | W1: Horas Totales
C2: CUADRO DE DURACIONES | U2: 11 | V2: 10 | W2: =U2+V2 -> 21
C3: Activity ID | D3: Activity Name | E3: und | F3: Metrado Estimado | G3: Calendario | H3: Ratio HH | I3: HH Total | J3: Rendimiento | K3: Rendimiento | L3: Cuadrilla | M3: Duración | N3: Duración Final en el cronograma | O3: Start | P3: Finish | Q3: Predecessors | R3: Successors | S3: Comentarios
B4: 10190 | C4: =VLOOKUP($B4,RENDIMIENTO,2,FALSE) -> 1 | D4: =VLOOKUP($B4,RENDIMIENTO,3,FALSE) -> TRABAJOS PRELIMINARES | N4: =SUM(N6:N7) -> #N/A
B5: 10191 | C5: =VLOOKUP($B5,RENDIMIENTO,2,FALSE) -> 1.01 | D5: =VLOOKUP($B5,RENDIMIENTO,3,FALSE) -> Movilización y demovilización de equipos | E5: =VLOOKUP($B5,RENDIMIENTO,4,FALSE) -> glb | F5: =VLOOKUP(B5,PRESUPUESTO_,5,FALSE) -> 1 | G5: Un turno | H5: =I5/F5 -> 0 | I5: =VLOOKUP(B5,PRESUPUESTO_,12,FALSE) -> 0 | J5: =ROUND(VLOOKUP(B5,Rend,5,FALSE),2) -> 1 | K5: =CONCATENATE(ROUND(VLOOKUP(B5,Rend,5,FALSE),2),VLOOKUP(B5,Rend,4,FALSE),"/día") -> 1glb/día | L5: 1 | M5: =IF(G5="Un turno",F5/(J5*L5),F5/(2*J5*L5)) -> 1 | N5: =IF(M5=0,0,IF(M5<0.5,1,ROUND(M5,0))) -> 1 | Q5: SDC 0024_3.02: FS | R5: SDC 0024_1.02: SS
B6: 10192 | C6: =VLOOKUP($B6,RENDIMIENTO,2,FALSE) -> 1.02 | D6: =VLOOKUP($B6,RENDIMIENTO,3,FALSE) -> Trazo, Nivelación y Replanteo | E6: =VLOOKUP($B6,RENDIMIENTO,4,FALSE) -> km | F6: =VLOOKUP(B6,PRESUPUESTO_,5,FALSE) -> 28.61 | G6: Un turno | H6: =I6/F6 -> 0 | I6: =VLOOKUP(B6,PRESUPUESTO_,12,FALSE) -> 0 | J6: =ROUND(VLOOKUP(B6,Rend,5,FALSE),2) -> 0.11 | K6: =CONCATENATE(ROUND(VLOOKUP(B6,Rend,5,FALSE),2),VLOOKUP(B6,Rend,4,FALSE),"/día") -> 0.11km/día | L6: 1 | M6: =IF(G6="Un turno",F6/(J6*L6),F6/(2*J6*L6)) -> 260.09091 | N6: =IF(M6=0,0,IF(M6<0.5,1,ROUND(M6,0))) -> 260 | Q6: SDC 0024_2.06: FS, SDC 0024_1.01: SS | R6: SDC 0024_1.03: FS, 7.01.02: FS
B7: 10193 | C7: =VLOOKUP($B7,RENDIMIENTO,2,FALSE) -> 0 | D7: =VLOOKUP($B7,RENDIMIENTO,3,FALSE) -> 0 | E7: =VLOOKUP($B7,RENDIMIENTO,4,FALSE) -> 0 | F7: =VLOOKUP(B7,PRESUPUESTO_,5,FALSE) -> #N/A | G7: Un turno | H7: =I7/F7 -> #N/A | I7: =VLOOKUP(B7,PRESUPUESTO_,12,FALSE) -> #N/A | J7: =ROUND(VLOOKUP(B7,Rend,5,FALSE),2) -> 0 | K7: =CONCATENATE(ROUND(VLOOKUP(B7,Rend,5,FALSE),2),VLOOKUP(B7,Rend,4,FALSE),"/día") -> 0/día | L7: 1 | M7: =IF(G7="Un turno",F7/(J7*L7),F7/(2*J7*L7)) -> #N/A | N7: =IF(M7=0,0,IF(M7<0.5,1,ROUND(M7,0))) -> #N/A | Q7: SDC 0024_1.02: FS | R7: 7.01.02: FS
B8: 10196 | C8: =VLOOKUP($B8,RENDIMIENTO,2,FALSE) -> 2 | D8: =VLOOKUP($B8,RENDIMIENTO,3,FALSE) -> MOVIMIENTO DE TIERRAS | N8: =SUM(N11,N13) -> #N/A
B9: 10197 | C9: =VLOOKUP($B9,RENDIMIENTO,2,FALSE) -> 2.01 | D9: =VLOOKUP($B9,RENDIMIENTO,3,FALSE) -> Roce y Limpieza de Maleza | E9: =VLOOKUP($B9,RENDIMIENTO,4,FALSE) -> m2 | F9: =VLOOKUP(B9,PRESUPUESTO_,5,FALSE) -> 8583 | G9: Doble turno | H9: =I9/F9 -> 0 | I9: =VLOOKUP(B9,PRESUPUESTO_,12,FALSE) -> 0 | J9: =ROUND(VLOOKUP(B9,Rend,5,FALSE),2) -> 350 | K9: =CONCATENATE(ROUND(VLOOKUP(B9,Rend,5,FALSE),2),VLOOKUP(B9,Rend,4,FALSE),"/hr") -> 350m2/hr | L9: =L11 -> 0.60948226 | M9: =IF(G9="Un turno",F9/(($U$2-1)*J9*L9),F9/($W$2*J9*L9)) -> 1.9159788 | N9: =IF(M9=0,0,IF(M9<0.5,1,ROUND(M9,0))) -> 2 | Q9: SDC 0024_2.03: SS | R9: 3.05.01: FS
B10: 10198 | C10: =VLOOKUP($B10,RENDIMIENTO,2,FALSE) -> 2.02 | D10: =VLOOKUP($B10,RENDIMIENTO,3,FALSE) -> Mejoramiento de vías Existentes | E10: =VLOOKUP($B10,RENDIMIENTO,4,FALSE) -> km | F10: =VLOOKUP(B10,PRESUPUESTO_,5,FALSE) -> 28.61 | G10: Doble turno | H10: =I10/F10 -> 0 | I10: =VLOOKUP(B10,PRESUPUESTO_,12,FALSE) -> 0 | J10: =ROUND(VLOOKUP(B10,Rend,5,FALSE),2) -> 0.11 | K10: =CONCATENATE(ROUND(VLOOKUP(B10,Rend,5,FALSE),2),VLOOKUP(B10,Rend,4,FALSE),"/hr") -> 0.11km/hr | L10: 3.35 | M10: =IF(G10="Un turno",F10/(($U$2-1)*J10*L10),F10/($W$2*J10*L10)) -> 3.6970989 | N10: =IF(M10=0,0,IF(M10<0.5,1,ROUND(M10,0))) -> 4 | Q10: SDC 0024_2.03: SS | R10: 3.05.01: FS
B11: 10199 | C11: =VLOOKUP($B11,RENDIMIENTO,2,FALSE) -> 2.02A | D11: =VLOOKUP($B11,RENDIMIENTO,3,FALSE) -> Carguio y transporte de material para mejoramiento | E11: =VLOOKUP($B11,RENDIMIENTO,4,FALSE) -> m3 | F11: =VLOOKUP(B11,PRESUPUESTO_,5,FALSE) -> 28.61 | G11: Doble turno | H11: =I11/F11 -> 0 | I11: =VLOOKUP(B11,PRESUPUESTO_,12,FALSE) -> 0 | J11: =ROUND(VLOOKUP(B11,Rend,5,FALSE),2) -> 110 | K11: =CONCATENATE(ROUND(VLOOKUP(B11,Rend,5,FALSE),2),VLOOKUP(B11,Rend,4,FALSE),"/hr") -> 110m3/hr | L11: =1743.11926605505/(130*22) -> 0.60948226 | M11: =IF(G11="Un turno",F11/(($U$2-1)*J11*L11),F11/($W$2*J11*L11)) -> 0.020320987 | N11: =IF(M11=0,0,IF(M11<0.5,1,ROUND(M11,0))) -> 1 | Q11: 3.03.03: FS, 3.04.03: FS | R11: SDC 0024_2.01: SS, SDC 0024_2.02: SS, SDC 0024_2.06: FS, 3.05.02: FS
B12: 10201 | C12: =VLOOKUP($B12,RENDIMIENTO,2,FALSE) -> 0 | D12: =VLOOKUP($B12,RENDIMIENTO,3,FALSE) -> 0 | E12: =VLOOKUP($B12,RENDIMIENTO,4,FALSE) -> 0 | F12: =VLOOKUP(B12,PRESUPUESTO_,5,FALSE) -> #N/A | G12: Doble turno | H12: =I12/F12 -> #N/A | I12: =VLOOKUP(B12,PRESUPUESTO_,12,FALSE) -> #N/A | J12: =ROUND(VLOOKUP(B12,Rend,5,FALSE),2) -> 0 | K12: =CONCATENATE(ROUND(VLOOKUP(B12,Rend,5,FALSE),2),VLOOKUP(B12,Rend,4,FALSE),"/hr") -> 0/hr | L12: =4130.47918204506/(203*22) -> 0.92487219 | M12: =IF(G12="Un turno",F12/(($U$2-1)*J12*L12),F12/($W$2*J12*L12)) -> #N/A | N12: =IF(M12=0,0,IF(M12<0.5,1,ROUND(M12,0))) -> #N/A | Q12: SDC 0024_2.06: SS, 3.06.01: FS | R12: 7.01.01: FS, SDC 0024_3.02: FS
B13: 10200 | C13: =VLOOKUP($B13,RENDIMIENTO,2,FALSE) -> 0 | D13: =VLOOKUP($B13,RENDIMIENTO,3,FALSE) -> 0 | E13: =VLOOKUP($B13,RENDIMIENTO,4,FALSE) -> 0 | F13: =VLOOKUP(B13,PRESUPUESTO_,5,FALSE) -> #N/A | G13: Doble turno | H13: =I13/F13 -> #N/A | I13: =VLOOKUP(B13,PRESUPUESTO_,12,FALSE) -> #N/A | J13: =ROUND(VLOOKUP(B13,Rend,5,FALSE),2) -> 0 | K13: =CONCATENATE(ROUND(VLOOKUP(B13,Rend,5,FALSE),2),VLOOKUP(B13,Rend,4,FALSE),"/hr") -> 0/hr | L13: =4130.47918204506/(203*22) -> 0.92487219 | M13: =IF(G13="Un turno",F13/(($U$2-1)*J13*L13),F13/($W$2*J13*L13)) -> #N/A | N13: =IF(M13=0,0,IF(M13<0.5,1,ROUND(M13,0))) -> #N/A | Q13: SDC 0024_2.03: FS, 3.06.02: FS | R13: SDC 0024_2.04: SS, SDC 0024_1.02: FS, SDC 0024_3.02: FS, H 14: FS, 7.01.02: FS
B14: 10204 | C14: =VLOOKUP($B14,RENDIMIENTO,2,FALSE) -> 3 | D14: =VLOOKUP($B14,RENDIMIENTO,3,FALSE) -> REPARACIÓN Y REPOSICIÓN DE ESTRUCTURAS | N14: =SUM(N16,N18) -> #N/A
B15: 10206 | C15: =VLOOKUP($B15,RENDIMIENTO,2,FALSE) -> 3.02 | D15: =VLOOKUP($B15,RENDIMIENTO,3,FALSE) -> Demolición de estructuras existentes | E15: =VLOOKUP($B15,RENDIMIENTO,4,FALSE) -> m2 | F15: =VLOOKUP(B15,PRESUPUESTO_,5,FALSE) -> #N/A | G15: Un turno | H15: =I15/F15 -> #N/A | I15: =VLOOKUP(B15,PRESUPUESTO_,12,FALSE) -> #N/A | J15: =ROUND(VLOOKUP(B15,Rend,5,FALSE),2) -> 0 | K15: =CONCATENATE(ROUND(VLOOKUP(B15,Rend,5,FALSE),2),VLOOKUP(B15,Rend,4,FALSE),"/hr") -> 0m2/hr | L15: 0.65 | M15: =IF(G15="Un turno",F15/(($U$2-1)*J15*L15),F15/($W$2*J15*L15)) -> #N/A | N15: =IF(M15=0,0,IF(M15<0.5,1,ROUND(M15,0))) -> #N/A | Q15: SDC 0024_3.02: SS | R15: SDC 0024_3.04: FS
B16: 10205 | C16: =VLOOKUP($B16,RENDIMIENTO,2,FALSE) -> 3.01 | D16: =VLOOKUP($B16,RENDIMIENTO,3,FALSE) -> Reparación de concreto | E16: =VLOOKUP($B16,RENDIMIENTO,4,FALSE) -> m2 | F16: =VLOOKUP(B16,PRESUPUESTO_,5,FALSE) -> #N/A | G16: Un turno | H16: =I16/F16 -> #N/A | I16: =VLOOKUP(B16,PRESUPUESTO_,12,FALSE) -> #N/A | J16: =ROUND(VLOOKUP(B16,Rend,5,FALSE),2) -> 0 | K16: =CONCATENATE(ROUND(VLOOKUP(B16,Rend,5,FALSE),2),VLOOKUP(B16,Rend,4,FALSE),"/hr") -> 0m2/hr | L16: 1 | M16: =IF(G16="Un turno",F16/(($U$2-1)*J16*L16),F16/($W$2*J16*L16)) -> #N/A | N16: =IF(M16=0,0,IF(M16<0.5,1,ROUND(M16,0))) -> #N/A | Q16: SDC 0024_2.06: FS, SDC 0024_2.04: FS | R16: SDC 0024_3.01: SS, SDC 0024_3.03: SS, SDC 0024_3.04: FS, SDC 0024_1.01: FS
B17: 10207 | C17: =VLOOKUP($B17,RENDIMIENTO,2,FALSE) -> 3.03 | D17: =VLOOKUP($B17,RENDIMIENTO,3,FALSE) -> Reposición de pase de agua con tubería HDPE Ø=24 | E17: =VLOOKUP($B17,RENDIMIENTO,4,FALSE) -> m | F17: =VLOOKUP(B17,PRESUPUESTO_,5,FALSE) -> #N/A | G17: Un turno | H17: =I17/F17 -> #N/A | I17: =VLOOKUP(B17,PRESUPUESTO_,12,FALSE) -> #N/A | J17: =ROUND(VLOOKUP(B17,Rend,5,FALSE),2) -> 0 | K17: =CONCATENATE(ROUND(VLOOKUP(B17,Rend,5,FALSE),2),VLOOKUP(B17,Rend,4,FALSE),"/día") -> 0m/día | L17: 1 | M17: =IF(G17="Un turno",F17/(J17*L17),F17/(2*J17*L17)) -> #N/A | N17: =IF(M17=0,0,IF(M17<0.5,1,ROUND(M17,0))) -> #N/A | Q17: SDC 0024_3.02: SS | R17: SDC 0024_3.04: SS
B18: 10208 | C18: =VLOOKUP($B18,RENDIMIENTO,2,FALSE) -> 0 | D18: =VLOOKUP($B18,RENDIMIENTO,3,FALSE) -> 0 | E18: =VLOOKUP($B18,RENDIMIENTO,4,FALSE) -> 0 | F18: =VLOOKUP(B18,PRESUPUESTO_,5,FALSE) -> #N/A | G18: Un turno | H18: =I18/F18 -> #N/A | I18: =VLOOKUP(B18,PRESUPUESTO_,12,FALSE) -> #N/A | J18: =ROUND(VLOOKUP(B18,Rend,5,FALSE),2) -> 0 | K18: =CONCATENATE(ROUND(VLOOKUP(B18,Rend,5,FALSE),2),VLOOKUP(B18,Rend,4,FALSE),"/hr") -> 0/hr | L18: 2 | M18: =IF(G18="Un turno",F18/(($U$2-1)*J18*L18),F18/($W$2*J18*L18)) -> #N/A | N18: =(IF(M18=0,0,IF(M18<0.5,1,ROUND(M18,0)))) -> #N/A | Q18: SDC 0024_3.03: SS, SDC 0024_3.02: FS, SDC 0024_3.01: FS | R18: 7.01.03: FS
I19: =SUM(I5:I18) -> #N/A

Sheet 1.4 COMBUSTIBLE
B1: CONSUMO COMBUSTIBLE
B3: PROYECTO:
B4: Licitación: | C4: ='1.1 Formato C-1'!C5:J5 -> MEJORAMIENTO DE VÍAS Y ACCESOS EXISTENTES SUBPROYECTOS A3-A4
B5: Postor: | C5: ='1.1 Formato C-1'!C6:J6 -> ZOVICSA
B6: Fecha: | C6: ='1.1 Formato C-1'!C7:J7 -> 44655
B8: ÍTEM | C8: EQUIPOS | D8: COMBUSTIBLE | E8: HORAS MÁQUINA | F8: CONSUMO (gal/H) | G8: VOLUMEN (gal)
B9: 1 | C9: =+'Equipos-Personal (HH y HM)'!A7 -> Tractor sobre Orugas CAT D8T | D9: Diesel 2 | E9: =+'Equipos-Personal (HH y HM)'!B7 -> 269.27 | F9: ='Equipos-Personal (HH y HM)'!H7 -> 10 | G9: =E9*F9 -> 2692.7 | H9: =+F9*$I$9 -> 184.5 | I9: 18.45
B10: 2 | C10: =+'Equipos-Personal (HH y HM)'!A8 -> Tractor sobre Orugas CAT D6T | D10: Diesel 2 | E10: =+'Equipos-Personal (HH y HM)'!B8 -> 0 | F10: ='Equipos-Personal (HH y HM)'!H8 -> 5.5 | G10: =E10*F10 -> 0
B11: 3 | C11: =+'Equipos-Personal (HH y HM)'!A9 -> Excavadora John Deere 290 | D11: Diesel 2 | E11: =+'Equipos-Personal (HH y HM)'!B9 -> 0 | F11: ='Equipos-Personal (HH y HM)'!H9 -> 7 | G11: =E11*F11 -> 0
B12: 4 | C12: =+'Equipos-Personal (HH y HM)'!A10 -> Cargador Frontal John Deere 744 K | D12: Diesel 2 | E12: =+'Equipos-Personal (HH y HM)'!B10 -> 181.1 | F12: ='Equipos-Personal (HH y HM)'!H10 -> 6.5 | G12: =E12*F12 -> 1177.15 | H12: =+F12*$I$9 -> 119.925
C13: =+'Equipos-Personal (HH y HM)'!A11 -> Excavadora EC 380D | D13: Diesel 2 | E13: =+'Equipos-Personal (HH y HM)'!B11 -> 0 | F13: ='Equipos-Personal (HH y HM)'!H11 -> 7 | G13: =E13*F13 -> 0 | H13: =+F13*$I$9 -> 129.15
B14: 5 | C14: =+'Equipos-Personal (HH y HM)'!A12 -> Retroexcavadora Cat 420e | D14: Diesel 2 | E14: =+'Equipos-Personal (HH y HM)'!B12 -> 24.89 | F14: ='Equipos-Personal (HH y HM)'!H12 -> 2.5 | G14: =E14*F14 -> 62.225 | H14: =+F14*$I$9 -> 46.125
B15: 6 | C15: =+'Equipos-Personal (HH y HM)'!A13 -> Volquete de 17 m3 | D15: Diesel 2 | E15: =+'Equipos-Personal (HH y HM)'!B13 -> 1348.38 | F15: ='Equipos-Personal (HH y HM)'!H13 -> 3.2 | G15: =E15*F15 -> 4314.816 | H15: =+F15*$I$9 -> 59.04
B16: 7 | C16: =+'Equipos-Personal (HH y HM)'!A14 -> Cisterna de agua 5,000 gln. | D16: Diesel 2 | E16: =+'Equipos-Personal (HH y HM)'!B14 -> 269.27 | F16: ='Equipos-Personal (HH y HM)'!H14 -> 3.2 | G16: =E16*F16 -> 861.664 | H16: =+F16*$I$9 -> 59.04
B17: 8 | C17: =+'Equipos-Personal (HH y HM)'!A15 -> Camión Grúa de 20 Ton. | D17: Diesel 2 | E17: =+'Equipos-Personal (HH y HM)'!B15 -> 0 | F17: ='Equipos-Personal (HH y HM)'!H15 -> 5.5 | G17: =E17*F17 -> 0 | H17: =+F17*$I$9 -> 101.475
B18: 9 | C18: =+'Equipos-Personal (HH y HM)'!A16 -> Motoniveladora de 140 HP | D18: Diesel 2 | E18: =+'Equipos-Personal (HH y HM)'!B16 -> 269.27 | F18: ='Equipos-Personal (HH y HM)'!H16 -> 3.5 | G18: =E18*F18 -> 942.445 | H18: =+F18*$I$9 -> 64.575
B19: 10 | C19: =+'Equipos-Personal (HH y HM)'!A17 -> Rodillo Liso Vibratorio Autopropulsado HAMM 20 Tn. | D19: Diesel 2 | E19: =+'Equipos-Personal (HH y HM)'!B17 -> 269.27 | F19: ='Equipos-Personal (HH y HM)'!H17 -> 2 | G19: =E19*F19 -> 538.54 | H19: =+F19*$I$9 -> 36.9
B20: 11 | C20: =+'Equipos-Personal (HH y HM)'!A18 -> Rodillo Liso Vibratorio Autopropulsado HAMM 11 Tn. | D20: Diesel 2 | E20: =+'Equipos-Personal (HH y HM)'!B18 -> 0 | F20: ='Equipos-Personal (HH y HM)'!H18 -> 1.5 | G20: =E20*F20 -> 0 | H20: =+F20*$I$9 -> 27.675
B21: 12 | C21: =+'Equipos-Personal (HH y HM)'!A19 -> Minicargador Cat 246, 74 HP | D21: Diesel 2 | E21: =+'Equipos-Personal (HH y HM)'!B19 -> 0 | F21: ='Equipos-Personal (HH y HM)'!H19 -> 6.5 | G21: =E21*F21 -> 0 | H21: =+F21*$I$9 -> 119.925
B22: 13 | C22: =+'Equipos-Personal (HH y HM)'!A21 -> Rodillo compactador Tandem Tipo Chupetero | D22: Diesel 2 | E22: =+'Equipos-Personal (HH y HM)'!B21 -> 0 | F22: ='Equipos-Personal (HH y HM)'!H20 -> 0.5 | G22: =E22*F22 -> 0 | H22: =+F22*$I$9 -> 9.225
B23: 14 | C23: =+'Equipos-Personal (HH y HM)'!A20 -> Luminaria 4K | D23: Diesel 2 | E23: =+'Equipos-Personal (HH y HM)'!B20 -> 0 | F23: ='Equipos-Personal (HH y HM)'!H20 -> 0.5 | G23: =E23*F23 -> 0 | H23: =+F23*$I$9 -> 9.225
B24: 15 | C24: Camioneta | D24: Diesel 2 | E24: ='1.3 Gastos Generales'!G66*'1.3 Gastos Generales'!I66*2*330 -> 811.8 | F24: 1 | G24: =E24*F24 -> 811.8 | H24: =+F24*$I$9 -> 18.45
B25: 16 | C25: Minibus | D25: Diesel 2 | E25: ='1.3 Gastos Generales'!G67*'1.3 Gastos Generales'!I67*2*(4*30) -> 295.2 | F25: 2 | G25: =E25*F25 -> 590.4 | H25: =+F25*$I$9 -> 36.9
B26: 17 | C26: Combi/Minivan | D26: Diesel 2 | E26: ='1.3 Gastos Generales'!G68*'1.3 Gastos Generales'!I68*2*(4*30) -> 0 | F26: 1.5 | G26: =E26*F26 -> 0
B27: 18 | C27: Cisterna de combustible de 3000Gl | D27: Diesel 2 | E27: ='1.3 Gastos Generales'!G69*'1.3 Gastos Generales'!I69*200 -> 0 | F27: 3.2 | G27: =E27*F27 -> 0
D29: TOTAL PETROLEO DIESEL 2 | G29: =SUM(G9:G27) -> 11991.74
D30: TOTAL CONSUMO | G30: =+G29 -> 11991.74

Sheet Tarifas
B1: PROYECTO: | C1: 16062 CONSTRUCCIÓN DE LA FASE VI-B DE LA PRESA DE RELAVES Y OBRAS COMPLEMENTARIAS
B2: Licitación:
B3: Situado en:
B4: Presentado a: | C4: Compañía Minera Antamina S.A.
B5: Postor: | C5: TRANS BAT S.R.L
B6: Fecha:
B8: Datos Para Presupuesto
D10: VESTIDA
B11: EQUIPOS PESADOS | D11: 230 | E11: Horas mínimas
B12: Tractor sobre Orugas CAT D6T | D12: 63 | E12: US$ / hr
B13: Tractor sobre Orugas CAT D7R | D13: 89 | E13: US$ / hr
B14: Tractor sobre Orugas CAT D8T | D14: 89 | E14: US$ / hr
B15: Tractor sobre Orugas KOMATSU D155 | D15: 74 | E15: US$ / hr
B16: Excavadora Cat 325 | D16: 14 | E16: US$ / hr
B17: Excavadora Cat 360 (Uña Roquera) | D17: 14 | E17: US$ / hr
B18: Excavadora Cat 325 con picotón | D18: 14 | E18: US$ / hr
B19: Excavadora EC 380 ELC con picotón | D19: 14 | E19: US$ / hr
B20: Excavadora EC 380D | D20: 69 | E20: US$ / hr
B21: Excavadora EC 360 ELC con picotón | D21: 14 | E21: US$ / hr
B22: Excavadora EC 360 ELC | D22: 14 | E22: US$ / hr
B23: Excavadora SANY | D23: 14 | E23: US$ / hr
B24: Excavadora John Deere 350 | D24: 64 | E24: US$ / hr | F24: =+#REF!*4 -> #REF! | G24: =+F24+#REF! -> #REF! | H24: =+G24/10 -> #REF!
B25: Excavadora John Deere 290 | D25: 64 | E25: US$ / hr | F25: =+#REF!*4 -> #REF! | G25: =+F25+#REF! -> #REF! | H25: =+G25/10 -> #REF!
B26: Excavadora Cat 312 | D26: 14 | E26: US$ / hr
B27: Excavadora Cat 320 | D27: 56 | E27: US$ / hr
B28: Cargador Frontal John Deere 744 K | D28: 56 | E28: US$ / hr
B29: Cargador Frontal L 120 F | D29: 14 | E29: US$ / hr
B30: Cargador Frontal L 180 E | D30: 14 | E30: US$ / hr
B31: Cargador Frontal L 150 C | D31: 14 | E31: US$ / hr
B32: Cargador Frontal L 150 G | D32: 14 | E32: US$ / hr
B33: Cargador Frontal L 90 | D33: 14 | E33: US$ / hr
B34: Retroexcavadora con martillo | D34: 14 | E34: US$ / hr
B35: Retroexcavadora Cat 420e | D35: 42 | E35: US$ / hr
B36: Volquete de 17 m3 | D36: 38 | E36: US$ / hr
B37: Volquetes de 15 m3 Roquero | D37: 14 | E37: US$ / hr
... B60: Camión lubricador | D60: 26.56 | E60: US$ / hr
B63: EQUIPOS MENORES | D63: Vestido
B64: Minicargador Cat 246, 74 HP | D64: 29 | E64: US$ / hr
B65: Grupo electrogeno | D65: 12 | E65: US$ / hr
B66: Luminaria 4K | D66: 2.28 | E66: US$ / hr
B67: Compresora Neumática 600-690 PCM, 196HP | D67: 0 | E67: US$ / hr
B68: Martillo Neumático de 29kg | D68: 1.4 | E68: US$ / hr
B69: Motobomba 34 HP 8" | D69: 2 | E69: US$ / hr
B70: Martillo compresor | D70: 3.0721966 | E70: US$ / hr
B71: Equipo oxicorte | D71: 7.6804916 | E71: US$ / hr
B72: Oxigeno + Acetileno | D72: 11.7 | E72: US$ / hr
B73: Vibrador de concreto | D73: 3.0721966 | E73: US$ / hr
B74: Plancha compactadora | D74: 3.9938556 | E74: US$ / hr
B75: Rodillo compactador Tandem Tipo Chupetero | D75: 3.9938556 | E75: US$ / hr
... B79: Extrusora | D79: 6.86 | E79: US$ / hr
B81: MATERIALES | D81: Vestido
B82: Manta plastica | D82: 1.5
B83: Andamios dos cuerpos | D83: 1.2288786
B84: Zaranda estática con malla de 6" | D84: 16
B85: Zaranda estática con malla de 4" | D85: 6.1443932
B86: Zaranda estática con malla de 3.1/2" | D86: 6.1443932
B87: Zaranda estática con malla de 2.1/2" | D87: 12.288786
B88: Zaranda estática con malla de 1.1/2" | D88: 15.360983
B89: Zaranda estática con malla de 1" | D89: 9.2165899
B90: Zaranda estática con malla de 1/2" | D90: 12.288786
B91: Zaranda estática con malla N° 4 | D91: 4.6082949
B92: Zaranda estática con malla de 2" | D92: 15.360983
B93: Tubería Rígida | D93: 7.6804916
... B114: Peaje | D114: 3.1242677
B115: Cordon de soldadura para geomembrana | D115: 20.5 | E115: kg
B116: Materiales varios | D116: 4
B118: Mano de Obra
B119: Capataz | D119: 9.68 | E119: US$ / hr
B120: Operador | D120: 9.55 | E120: US$ / hr
B121: Operario | D121: 9.28 | E121: US$ / hr
B122: Topógrafo | D122: 9.28 | E122: US$ / hr
B123: Auxiliar de Topógrafo | D123: 7.33 | E123: US$ / hr
B124: Cadista | D124: 7.33 | E124: US$ / hr
B125: Técnico de wedge | D125: 9.28 | E125: US$ / hr
B126: Técnico de extrusión | D126: 9.28 | E126: US$ / hr
B127: Técnico QC de geosinteticos | D127: 9.28 | E127: US$ / hr
B128: Oficial | D128: 7.33 | E128: US$ / hr
B129: Peón | D129: 6.46 | E129: US$ / hr
B130: Cuadrador | D130: 6.46 | E130: US$ / hr
... B135: Controlador | D135: 7.33 | E135: US$ / hr
B137: Factores de Volúmenes
B138: Compactación | D138: 0.2 | E138: %
B139: Esponjamiento | D139: 0.25 | E139: %
B140: Over | D140: 0.4 | E140: %
B141: Desperdicio lateral | D141: 0.15 | E141: %
B142: Desperdicio tolva | D142: 0.03 | E142: %

Sheet 1.7 Costos Covid
O1: Plazo = | P1: 4 | S1: Laborado | T1: DL | U1: Total | AB1: Sin COVID | AC1: CON COVID
R2: Regimen | S2: 15 | T2: 6 | U2: =+S2+T2 -> 21 | V2: =+S2/U2 -> 0.71428571 | AA2: DL | AB2: 6 | AC2: 10
B3: COSTO COVID | AA3: DT | AB3: 15 | AC3: 14
AB4: =SUM(AB2:AB3) -> 21 | AC4: =SUM(AC2:AC3) -> 24
B5: Licitación: | D5: =+'1.2 APU'!C6 -> MEJORAMIENTO DE VÍAS Y ACCESOS EXISTENTES SUBPROYECTOS A3-A4 | AA5: %DT | AB5: =+AB3/AB4 -> 0.71428571 | AC5: =+AC3/AC4 -> 0.58333333
B6: Situado en: | AA6: %DL | AB6: =+AB2/AB4 -> 0.28571429 | AC6: =+AC2/AC4 -> 0.41666667
B7: Presentado a: | D7: =+'1.3 Gastos Generales'!D6 -> OHLA | AB7: =ROUND(AC6-AB6,2) -> 0.13 | AC7: =ROUNDUP(F2*AB7,0) -> 0
B8: Postor: | D8: =+'1.2 APU'!C7 -> ZOVICSA
B9: Fecha: | D9: =+'1.2 APU'!C8 -> 44655
B11: DETALLE DE GASTOS GENERALES FIJOS
B13: COSTO | C13: CONCEPTO | E13: Und | F13: P.U. US$ | G13: Cant | H13: Turnos | I13: Tiempo | J13: Aporte | K13: Parcial US$ | L13: Subtotal US$
C15: 1 | D15: SERVICIOS Y ALQUILERES EN OBRA | L15: =ROUND(SUM(K16:K18),2) -> 8000
C16: . | D16: Inst. Sistema de control de combustible en EQ | E16: Und | F16: 100 | G16: =SUM('Equipos-Personal (HH y HM)'!G6:G19)+G67+G68+G69 -> 20 | J16: 0.5 | K16: =ROUND(J16*G16*F16,2) -> 1000
C17: . | D17: Inst. de Sistema Antifatiga | E17: Und | F17: =700 -> 700 | G17: =SUM('Equipos-Personal (HH y HM)'!G6:G19)+G67+G68+G69 -> 20 | J17: 0.5 | K17: =ROUND(J17*G17*F17,2) -> 7000
C20: 2 | D20: OTROS GASTOS | L20: =ROUND(SUM(K21:K23),2) -> 58391.77
C21: . | D21: Examen pre y pos - ocupacional | E21: Und | F21: =ROUNDUP(446/TC,2) -> 446 | G21: =ROUND('Equipos-Personal (HH y HM)'!E43+SUMPRODUCT(G32:G64,J32:J64),0) -> 88 | I21: 1 | K21: =ROUND(F21*G21*I21,2) -> 39248
C22: . | D22: Examen de inducción | E22: Und | F22: =ROUNDUP(50/TC,2) -> 50 | G22: =ROUND('Equipos-Personal (HH y HM)'!E43+SUMPRODUCT(G32:G64,J32:J64),0) -> 88 | I22: 1 | K22: =ROUND(F22*G22*I22,2) -> 4400
C23: . | D23: Inducción general | E23: Und | F23: =Tarifas!D128*8*4*V2 -> 167.54286 | G23: =ROUND('Equipos-Personal (HH y HM)'!E43+SUMPRODUCT(G32:G64,J32:J64),0) -> 88 | I23: 1 | K23: =ROUND(F23*G23*I23,2) -> 14743.77
D25: GASTOS GENERALES FIJOS TOTALES | K25: US$ | L25: =SUM(L14:L24) -> 66391.77
B27: DETALLE DE COSTOS COVID
B29: COSTO | C29: CONCEPTO | E29: Und | F29: P.U. US$ | G29: Cant | H29: Turnos | I29: Tiempo | J29: Aporte | K29: Parcial US$ | L29: Subtotal US$
C31: 1 | D31: PERSONAL STAFF | L31: =SUBTOTAL(9,K32:K45) -> #NAME?
B32: V | C32: . | D32: Jefe de proyecto | E32: mes | F32: =ROUND(16000*1.47/TC,2) -> 23520 | G32: 1 | H32: 1 | I32: =PZ -> #NAME? | J32: 0.5 | K32: =PRODUCT(F32:J32) -> #NAME?
B33: V | C33: . | D33: Ing. Residente | E33: mes | F33: =ROUND(13500*1.47/TC,2) -> 19845 | G33: 1 | H33: 1 | I33: =$I$32 -> #NAME? | J33: 1 | K33: =PRODUCT(F33:J33) -> #NAME?
B34: V | C34: . | D34: Jefe de Oficina Técnica | E34: mes | F34: =ROUND(11000*1.47/TC,2) -> 16170 | G34: 1 | H34: 1 | I34: =$I$32 -> #NAME? | J34: 1 | K34: =PRODUCT(F34:J34) -> #NAME?
B35: V | C35: . | D35: Ing. de Planeamiento | E35: mes | F35: =ROUND(8000*1.47/TC,2) -> 11760 | G35: 1 | H35: 1 | I35: =$I$32 -> #NAME? | J35: 1 | K35: =PRODUCT(F35:J35) -> #NAME?
B36: V | C36: . | D36: Ing. de Costos | E36: mes | F36: =ROUND(6000*1.47/TC,2) -> 8820 | G36: 1 | H36: 1 | I36: =$I$32 -> #NAME? | J36: 0.5 | K36: =PRODUCT(F36:J36) -> #NAME?
B37: V | C37: . | D37: Supervisor de campo | E37: mes | F37: =ROUND(6500*1.47/TC,2) -> 9555 | G37: 5 | H37: 1 | I37: =$I$32 -> #NAME? | J37: 1 | K37: =PRODUCT(F37:J37) -> #NAME?
B38: V | C38: . | D38: Jefe de SSOMA | E38: mes | F38: =ROUND(8000*1.47/TC,2) -> 11760 | G38: 1 | H38: 1 | I38: =$I$32 -> #NAME? | J38: 1 | K38: =PRODUCT(F38:J38) -> #NAME?
B39: V | C39: . | D39: Ing. Supervisor de SSO | E39: mes | F39: =ROUND(5500*1.47/TC,2) -> 8085 | G39: 2 | H39: 1 | I39: =$I$32 -> #NAME? | J39: 1 | K39: =PRODUCT(F39:J39) -> #NAME?
B40: V | C40: . | D40: Supervisor MA | E40: mes | F40: =ROUND(5500*1.47/TC,2) -> 8085 | G40: 1 | H40: 1 | I40: =$I$32 -> #NAME? | J40: 1 | K40: =PRODUCT(F40:J40) -> #NAME?
B41: V | C41: . | D41: Jefe de Control de Calidad | E41: mes | F41: =ROUND(8000*1.47/TC,2) -> 11760 | G41: 1 | H41: 1 | I41: =$I$32 -> #NAME? | J41: 1 | K41: =PRODUCT(F41:J41) -> #NAME?
B42: V | C42: . | D42: Supervisor de QC | E42: mes | F42: =ROUND(6000*1.47/TC,2) -> 8820 | G42: 2 | H42: 1 | I42: =$I$32 -> #NAME? | J42: 1 | K42: =PRODUCT(F42:J42) -> #NAME?
B43: V | C43: . | D43: Supervisor de Mtto | E43: mes | F43: =ROUND(5000*1.47/TC,2) -> 7350 | G43: 1 | H43: 1 | I43: =$I$32 -> #NAME? | J43: 0.5 | K43: =PRODUCT(F43:J43) -> #NAME?
B44: V | C44: . | D44: Jefe de Topografía | E44: mes | F44: =ROUND(5000*1.47/TC,2) -> 7350 | G44: 1 | H44: 1 | I44: =$I$32 -> #NAME? | J44: 1 | K44: =PRODUCT(F44:J44) -> #NAME?
B45: V | C45: . | D45: Administrador | E45: mes | F45: =ROUND(4500*1.47/TC,2) -> 6615 | G45: 1 | H45: 1 | I45: =$I$32 -> #NAME? | J45: 1 | K45: =PRODUCT(F45:J45) -> #NAME?
C47: 2 | D47: PERSONAL TECNICO Y AUXILIAR | L47: =SUBTOTAL(9,K48:K52) -> #NAME?
B48: V | C48: . | D48: Técnico de Campo y Laboratorio | E48: mes | F48: =ROUND(Tarifas!D133*11*30*V2,2) -> 2187.43 | G48: 3 | H48: 1 | I48: =$I$32 -> #NAME? | J48: 1 | K48: =PRODUCT(F48:J48) -> #NAME?
B49: V | C49: . | D49: Asistente de Oficina Técnica | E49: mes | F49: =ROUND(5000*1.47/TC,2) -> 7350 | G49: 1 | H49: 1 | I49: =$I$32 -> #NAME? | J49: 1 | K49: =PRODUCT(F49:J49) -> #NAME?
B50: V | C50: . | D50: Enfermero ocupacional | E50: mes | F50: =ROUND(3500*1.47/TC,2) -> 5145 | G50: 1 | H50: 1 | I50: =$I$32 -> #NAME? | J50: 1 | K50: =PRODUCT(F50:J50) -> #NAME?
B51: V | C51: . | D51: Control Documentario | E51: mes | F51: =ROUND(4500*1.47/TC,2) -> 6615 | G51: 1 | H51: 1 | I51: =$I$32 -> #NAME? | J51: 1 | K51: =PRODUCT(F51:J51) -> #NAME?
B52: V | C52: . | D52: Controlador | E52: mes | F52: =ROUND(Tarifas!D135*11*30*V2,) -> 1728 | G52: 1 | H52: 1 | I52: =$I$32 -> #NAME? | J52: 1 | K52: =PRODUCT(F52:J52) -> #NAME?
C54: 3 | D54: PERSONAL DE MANTENIMIENTO | L54: =SUBTOTAL(9,K55:K58) -> #NAME?
B55: V | C55: . | D55: Mecánico | E55: mes | F55: =ROUND(4000*1.47/TC,2) -> 5880 | G55: 2 | H55: 1 | I55: =$I$32 -> #NAME? | J55: 1 | K55: =PRODUCT(F55:J55) -> #NAME?
B56: V | C56: . | D56: Electricista | E56: mes | F56: =ROUND(3800*1.47/TC,2) -> 5586 | G56: 2 | H56: 1 | I56: =$I$32 -> #NAME? | J56: 1 | K56: =PRODUCT(F56:J56) -> #NAME?
B57: V | C57: . | D57: Soldador | E57: mes | F57: =ROUND(3100*1.47/TC,2) -> 4557 | G57: 2 | H57: 1 | I57: =$I$32 -> #NAME? | J57: 1 | K57: =PRODUCT(F57:J57) -> #NAME?
B58: V | C58: . | D58: Llantero | E58: mes | F58: =ROUND(3100*1.47/TC,2) -> 4557 | G58: 1 | H58: 1 | I58: =$I$32 -> #NAME? | J58: 1 | K58: =PRODUCT(F58:J58) -> #NAME?
C60: 4 | D60: CONDUCTORES DE VEHICULOS | L60: =SUBTOTAL(9,K61:K64) -> #NAME?
B61: V | C61: . | D61: Camioneta | E61: mes | F61: =2750*1.47/TC -> 4042.5 | G61: 6 | H61: 1 | I61: =$I$32 -> #NAME? | J61: 1 | K61: =PRODUCT(F61:J61) -> #NAME?
B62: V | C62: . | D62: Minibus | E62: mes | F62: =2750*1.47/TC -> 4042.5 | G62: 6 | H62: 1 | I62: =$I$32 -> #NAME? | J62: 1 | K62: =PRODUCT(F62:J62) -> #NAME?
B63: V | C63: . | D63: Combi/Minivan | E63: mes | F63: =2750*1.47/TC -> 4042.5 | G63: 2 | H63: 1 | I63: =$I$32 -> #NAME? | J63: 1 | K63: =PRODUCT(F63:J63) -> #NAME?
B64: V | C64: . | D64: Cisterna de combustible de 3000Gl | E64: mes | F64: =2750*1.47/TC -> 4042.5 | G64: 2 | H64: 1 | I64: =$I$32 -> #NAME? | J64: 1 | K64: =PRODUCT(F64:J64) -> #NAME?
C66: 5 | D66: VEHICULOS | L66: =SUBTOTAL(9,K67:K71) -> #NAME?
B67: V | C67: . | D67: Camioneta | E67: mes | F67: =ROUNDUP(60*30,2) -> 1800 | G67: 3 | H67: 1 | I67: =$I$32 -> #NAME? | J67: 1 | K67: =PRODUCT(F67:J67) -> #NAME?
B68: V | C68: . | D68: Minibus | E68: mes | F68: =ROUNDUP(150*30,2) -> 4500 | G68: 3 | H68: 1 | I68: =$I$32 -> #NAME? | J68: 1 | K68: =PRODUCT(F68:J68) -> #NAME?
B69: V | C69: . | D69: Combi/Minivan | E69: mes | F69: =ROUNDUP(85*30,2) -> 2550 | G69: 1 | H69: 1 | I69: =$I$32 -> #NAME? | J69: 1 | K69: =PRODUCT(F69:J69) -> #NAME?
B70: V | C70: . | D70: Cisterna de combustible de 3000Gl | E70: mes | F70: =ROUNDUP(200*30,2) -> 6000 | G70: 1 | H70: 1 | I70: =$I$32 -> #NAME? | J70: 1 | K70: =PRODUCT(F70:J70) -> #NAME?
B71: V | C71: . | D71: Lubricador | E71: mes | F71: =ROUNDUP(130*30,2) -> 3900 | G71: 1 | H71: 1 | I71: =$I$32 -> #NAME? | J71: 1 | K71: =PRODUCT(F71:J71) -> #NAME?
C73: 6 | D73: SERVICIOS Y ALQUILERES EN OBRA | L73: =SUBTOTAL(9,K74:K74) -> #NAME?
B74: V | C74: . | D74: Agua en caja de 20lt | E74: Caja | F74: =ROUND(22/TC,2) -> 22 | G74: =ROUNDUP(0.5*('Equipos-Personal (HH y HM)'!B43+SUMPRODUCT('1.7 Costos Covid'!G32:G64,'1.7 Costos Covid'!J32:J64))*30/20,2) -> 65.63 | I74: =$I$32 -> #NAME? | K74: =PRODUCT(F74:J74) -> #NAME?
C76: 7 | D76: COMUNICACION | L76: =SUBTOTAL(9,K77:K79) -> #NAME?
B77: V | C77: . | D77: Radio Frecuencia | E77: mes | F77: =ROUNDUP(400/24,2) -> 16.67 | G77: =ROUNDUP(SUM(G33,G37,G39,G55,G42)/2,0)+SUM('Equipos-Personal (HH y HM)'!G7:G19)*2+'Equipos-Personal (HH y HM)'!B33+'Equipos-Personal (HH y HM)'!B31+'Equipos-Personal (HH y HM)'!B34+'Equipos-Personal (HH y HM)'!B41+'Equipos-Personal (HH y HM)'!B42 -> 49 | I77: =$I$32 -> #NAME? | K77: =PRODUCT(F77:J77) -> #NAME?
B78: V | C78: . | D78: Celular | E78: mes | F78: =ROUNDUP(100/TC,2) -> 100 | G78: =COUNT(G32:G34,G38,G41,G44,G45)+G37/2 -> 9.5 | I78: =$I$32 -> #NAME? | K78: =PRODUCT(F78:J78) -> #NAME?
B79: V | C79: . | D79: Modem de Internet | E79: mes | F79: =ROUNDUP(100/TC,2) -> 100 | G79: =COUNT(G33,G34,G38,G41,G44,G45) -> 6 | I79: =$I$32 -> #NAME? | K79: =PRODUCT(F79:J79) -> #NAME?
C81: 8 | D81: FIANZAS Y SEGUROS | L81: =SUBTOTAL(9,K82:K86) -> #NAME?
B82: V | C82: . | D82: Carta Fianza de Fiel Cumplimiento | E82: glb | F82: =+N85 -> #NAME? | G82: 1 | K82: =PRODUCT(F82:J82) -> #NAME? | N82: 5387789.4
B83: V | C83: . | D83: SCTR | E83: mes | F83: =ROUNDUP(30/TC,2) -> 30 | G83: =ROUNDUP(SUMPRODUCT(G32:G64,J32:J64),0) -> 49 | I83: =$I$32 -> #NAME? | K83: =PRODUCT(F83:J83) -> #NAME? | N83: =+N82*0.0075 -> 40408.42
B84: V | C84: . | D84: Seguro medico | E84: mes | F84: 65 | G84: =ROUNDUP(SUMPRODUCT(G32:G64,J32:J64),0) -> 49 | I84: =$I$32 -> #NAME? | K84: =PRODUCT(F84:J84) -> #NAME? | N84: =+N83*I83 -> #NAME?
B85: V | C85: . | D85: TREC y Responsabilidad Civil | E85: und | F85: 1800 | G85: =SUM('Equipos-Personal (HH y HM)'!G7:G19) -> 13 | I85: =$I$32 -> #NAME? | J85: =ROUNDUP(1/12,2) -> 0.09 | K85: =PRODUCT(F85:J85) -> #NAME? | N85: =+N84*0.1 -> #NAME?
B86: V | C86: . | D86: Seguro Covid-19 | E86: mes | F86: =ROUNDUP(((70/TC)*1.1)/3,2) -> 25.67 | G86: =ROUNDUP(SUMPRODUCT(G32:G64,J32:J64),0) -> 49 | I86: =$I$32 -> #NAME? | K86: =PRODUCT(F86:J86) -> #NAME?
C88: 7 | D88: OTROS GASTOS | L88: =SUBTOTAL(9,K92:K94) -> 8453.7327
B89: V | C89: . | D89: Equipos de Protección Personal Empleados | E89: und | F89: =+'EPPs EMPLEADOS'!H38 -> 320 | G89: =ROUNDUP(SUMPRODUCT(G32:G64,J32:J64),0) -> 49 | I89: 1 | K89: =PRODUCT(F89:J89) -> 15680
B90: V | C90: . | D90: Equipos de Protección Personal Obreros | E90: und | F90: =+'EEPs OBREROS'!H42 -> 482 | G90: =G21-G89 -> 39 | I90: 1 | K90: =PRODUCT(F90:J90) -> 18798
B91: V | C91: . | D91: Equipos de Protección Colectiva | E91: und | F91: =AVERAGE(F89:F90) -> 401 | G91: 1 | I91: =$I$32 -> #NAME? | K91: =PRODUCT(F91:J91) -> #NAME?
B92: V | C92: . | D92: Equipos de Protección Personal Empleados Kit Covid | E92: und | F92: =+'EPPs Empleados (kit)'!H24 -> 115 | G92: ='1.3 Gastos Generales'!G88 -> 12 | I92: 1 | K92: =PRODUCT(F92:J92) -> 1380
B93: V | C93: . | D93: Equipos de Protección Personal Obreros Kit Covid | E93: und | F93: =+'EPPs Obreros (kit)'!H25 -> 115 | G93: ='1.3 Gastos Generales'!G89 -> 39 | I93: 1 | K93: =PRODUCT(F93:J93) -> 4485
B94: V | C94: . | D94: Equipos de Protección Colectiva Kit Covid | E94: und | F94: =+'EPPs Colectivo KIT COVID'!H24 -> 2104.6608 | G94: ='1.3 Gastos Generales'!G90 -> 1 | I94: ='1.3 Gastos Generales'!PZ -> 1.23 | K94: =PRODUCT(F94:J94) -> 2588.7327
C95: . | D95: Monitoreo de Sistema Antifatiga | E95: Und | F95: =22 -> 22 | G95: =SUM('Equipos-Personal (HH y HM)'!G83:G99) -> 13 | I95: 4 | K95: =PRODUCT(F95:J95) -> 1144
B96: V | C96: . | D96: Viaticos visita de gerencia | E96: Mes | F96: 400 | G96: 1 | I96: =$I$32 -> #NAME? | J96: 0.35 | K96: =PRODUCT(F96:J96) -> #NAME?
B97: V | C97: . | D97: Gastos Adm. Oficina Central | E97: Mes | F97: 2500 | G97: 1 | I97: =$I$32 -> #NAME? | J97: 0.35 | K97: =PRODUCT(F97:J97) -> #NAME?
B98: V | C98: . | D98: Certificación a operadores | E98: und | F98: 180 | G98: =+'Equipos-Personal (HH y HM)'!E30 -> 13 | I98: =$I$32 -> #NAME? | J98: =ROUNDUP(1/12,2) -> 0.09 | K98: =PRODUCT(F98:J98) -> #NAME?
B99: V | C99: . | D99: Taller de mantenimiento mecánico | E99: mes | F99: 1500 | G99: 1 | I99: =$I$32 -> #NAME? | K99: =PRODUCT(F99:J99) -> #NAME?
D101: GASTOS GENERALES VARIABLES TOTALES | K101: S/. | L101: =SUM(L88:L91) -> 8453.7327
B103: RESUMEN DE GASTOS GENERALES | J103: % | K103: Parcial US$ | L103: Total US$
B105: V | C105: . | D105: GASTOS GENERALES VARIABLES | J105: =K105/($L$101+$L$25) -> 0.11294911 | K105: =+L101 -> 8453.7327
B106: F | C106: . | D106: GASTOS GENERALES FIJOS | J106: =K106/($L$101+$L$25) -> 0.88705089 | K106: =+L25 -> 66391.77 | L106: =K105+K106 -> 74845.503

Sheet Resumen Viajes
E1: MTE01521 Construcción Plataformas para Protección de Obras Tempranas de Extensión Dique Corredor | U1: ='[6]Ratio Volquete'!F13 -> 0.94000485
E2: 18028 Tailing Storage Facilities (TSF) 4135-4. | L2: Revision: | M2: 0
E3: =CONCATENATE("ESTADO DE PAGO 000",[6]formato_EDP!O1) -> ESTADO DE PAGO 0002 | L3: Fecha: | M3: =[6]formato_EDP!U1 -> 44487 | T3: CUBICAJE DE VOLQUETES
E4: =CONCATENATE("105-18028-MTE01521-EDP-K-430-000",[6]formato_EDP!O1) -> 105-18028-MTE01521-EDP-K-430-0002 | Q4: CAPACIDAD | R4: M3 VALIDADOS | S4: VIAJES | T4: CAPACIDAD NETA | U4: INCIDENCIA | V4: CAPACIDAD CONCILIADA
Q5: 15 | R5: 303.75 | S5: 21 | T5: =Q5 -> 15 | U5: =$U$1 -> 0.94000485 | V5: =ROUND(U5*Q5,2) -> 14.1
Q6: 17 | R6: 352 | S6: 21 | T6: =Q6 -> 17 | U6: =$U$1 -> 0.94000485 | V6: =ROUND(U6*Q6,2) -> 15.98
B7: REPORTE DE VIAJES Y VOLUMENES - SECTOR 1 | Q7: 20 | R7: 386.03 | S7: 20 | T7: =Q7 -> 20 | U7: =$U$1 -> 0.94000485 | V7: =ROUND(U7*Q7,2) -> 18.8
B8: DIA | C8: TURNO | D8: PLACA | E8: ACTIVIDAD | G8: CAP. | H8: TIPO DE MAT. | I8: ORIGEN | J8: DESTINO | K8: N° VIAJES | L8: CAP. AFECTA | M8: PRODUCCIÓN | O8: =M5076 -> 444250.58
B9: 44336 | C9: DIA | D9: D7J-712 | E9: TRANSPORTE DE MATERIAL | G9: 15 | H9: 3B | I9: STACKER | J9: OBRAS TEMPRANAS SECTOR 1 | K9: 6 | L9: =VLOOKUP(G9,$Q$4:$V$7,6,FALSE) -> 14.1
B10: 44336 | C10: DIA | D10: C8J-773 | E10: TRANSPORTE DE MATERIAL | G10: 15 | H10: 3B | I10: STACKER | J10: OBRAS TEMPRANAS SECTOR 1 | K10: 9 | L10: =VLOOKUP(G10,$Q$4:$V$7,6,FALSE) -> 14.1
B11: 44336 | C11: DIA | D11: BHL-836 | E11: TRANSPORTE DE MATERIAL | G11: 20 | H11: 3B | I11: STACKER | J11: OBRAS TEMPRANAS SECTOR 1 | K11: 3 | L11: =VLOOKUP(G11,$Q$4:$V$7,6,FALSE) -> 18.8
B12: 44336 | C12: DIA | D12: BHL-708 | E12: TRANSPORTE DE MATERIAL | G12: 20 | H12: 3B | I12: STACKER | J12: OBRAS TEMPRANAS SECTOR 1 | K12: 4 | L12: =VLOOKUP(G12,$Q$4:$V$7,6,FALSE) -> 18.8
B13: 44336 | C13: DIA | D13: BJS-726 | E13: TRANSPORTE DE MATERIAL | G13: 15 | H13: 3B | I13: STACKER | J13: OBRAS TEMPRANAS SECTOR 1 | K13: 12 | L13: =VLOOKUP(G13,$Q$4:$V$7,6,FALSE) -> 14.1
B14: 44337 | C14: NOCHE | D14: BJS-726 | E14: TRANSPORTE DE MATERIAL | G14: 15 | H14: 3B | I14: PUNTO G_1 | J14: OBRAS TEMPRANAS SECTOR 1 | K14: 6 | L14: =VLOOKUP(G14,$Q$4:$V$7,6,FALSE) -> 14.1
B15: 44337 | C15: NOCHE | D15: D7J-712 | E15: TRANSPORTE DE MATERIAL | G15: 15 | H15: 3B | I15: STACKER | J15: OBRAS TEMPRANAS SECTOR 1 | K15: 2 | L15: =VLOOKUP(G15,$Q$4:$V$7,6,FALSE) -> 14.1
B16: 44337 | C16: NOCHE | D16: F8X-851 | E16: TRANSPORTE DE MATERIAL | G16: 15 | H16: 3B | I16: STACKER | J16: OBRAS TEMPRANAS SECTOR 1 | K16: 2 | L16: =VLOOKUP(G16,$Q$4:$V$7,6,FALSE) -> 14.1
B17: 44337 | C17: NOCHE | D17: BHL-836 | E17: TRANSPORTE DE MATERIAL | G17: 20 | H17: 3B | I17: STACKER | J17: OBRAS TEMPRANAS SECTOR 1 | K17: 2 | L17: =VLOOKUP(G17,$Q$4:$V$7,6,FALSE) -> 18.8
B18: 44337 | C18: NOCHE | D18: AVW-877 | E18: TRANSPORTE DE MATERIAL | G18: 15 | H18: 3B | I18: STACKER | J18: OBRAS TEMPRANAS SECTOR 1 | K18: 1 | L18: =VLOOKUP(G18,$Q$4:$V$7,6,FALSE) -> 14.1
B19: 44337 | C19: NOCHE | D19: BHL-708 | E19: TRANSPORTE DE MATERIAL | G19: 20 | H19: 3B | I19: STACKER | J19: OBRAS TEMPRANAS SECTOR 1 | K19: 3 | L19: =VLOOKUP(G19,$Q$4:$V$7,6,FALSE) -> 18.8
B20: 44337 | C20: NOCHE | D20: BHL-738 | E20: TRANSPORTE DE MATERIAL | G20: 20 | H20: 3B | I20: STACKER | J20: OBRAS TEMPRANAS SECTOR 1 | K20: 3 | L20: =VLOOKUP(G20,$Q$4:$V$7,6,FALSE) -> 18.8
... B230: 44357 | C230: DIA | D230: TAO-871 | E230: TRANSPORTE DE MATERIAL | G230: 17 | H230: 3B | I230: PUNTO G_1 | J230: OBRAS TEMPRANAS SECTOR 1 | K230: 5 | L230: =VLOOKUP(G230,$Q$4:$V$7,6,FALSE) -> 15.98
B231: 44358 | C231: DIA | D231: AMI-773 | E231: TRANSPORTE DE MATERIAL | G231: 20 | H231: 3B | I231: CANTERA PANTALON_2 | J231: OBRAS TEMPRANAS SECTOR 1 | K231: 1 | L231: =VLOOKUP(G231,$Q$4:$V$7,6,FALSE) -> 18.8 | M231: =L231*K231 -> 18.8
B232: 44358 | C232: DIA | D232: AVW-877 | E232: TRANSPORTE DE MATERIAL | G232: 20 | H232: 3B | I232: CANTERA PANTALON_2 | J232: OBRAS TEMPRANAS SECTOR 1 | K232: 2 | L232: =VLOOKUP(G232,$Q$4:$V$7,6,FALSE) -> 18.8 | M232: =L232*K232 -> 37.6
B233: 44358 | C233: DIA | D233: BHL-708 | E233: TRANSPORTE DE MATERIAL | G233: 20 | H233: 3B | I233: CANTERA PANTALON_2 | J233: OBRAS TEMPRANAS SECTOR 1 | K233: 2 | L233: =VLOOKUP(G233,$Q$4:$V$7,6,FALSE) -> 18.8 | M233: =L233*K233 -> 37.6
B234: 44358 | C234: DIA | D234: BHL-738 | E234: TRANSPORTE DE MATERIAL | G234: 20 | H234: 3B | I234: CANTERA PANTALON_2 | J234: OBRAS TEMPRANAS SECTOR 1 | K234: 2 | L234: =VLOOKUP(G234,$Q$4:$V$7,6,FALSE) -> 18.8 | M234: =L234*K234 -> 37.6
B235: 44358 | C235: DIA | D235: BHL-836 | E235: TRANSPORTE DE MATERIAL | G235: 20 | H235: 3B | I235: CANTERA PANTALON_2 | J235: OBRAS TEMPRANAS SECTOR 1 | K235: 2 | L235: =VLOOKUP(G235,$Q$4:$V$7,6,FALSE) -> 18.8 | M235: =L235*K235 -> 37.6
B236: 44358 | C236: DIA | D236: BHL-864 | E236: TRANSPORTE DE MATERIAL | G236: 20 | H236: 3B | I236: CANTERA PANTALON_2 | J236: OBRAS TEMPRANAS SECTOR 1 | K236: 2 | L236: =VLOOKUP(G236,$Q$4:$V$7,6,FALSE) -> 18.8 | M236: =L236*K236 -> 37.6
B237: 44358 | C237: DIA | D237: D7J-712 | E237: TRANSPORTE DE MATERIAL | G237: 15 | H237: 3B | I237: CANTERA PANTALON_2 | J237: OBRAS TEMPRANAS SECTOR 1 | K237: 2 | L237: =VLOOKUP(G237,$Q$4:$V$7,6,FALSE) -> 14.1 | M237: =L237*K237 -> 28.2
B238: 44358 | C238: DIA | D238: F8X-851 | E238: TRANSPORTE DE MATERIAL | G238: 15 | H238: 3B | I238: CANTERA PANTALON_2 | J238: OBRAS TEMPRANAS SECTOR 1 | K238: 1 | L238: =VLOOKUP(G238,$Q$4:$V$7,6,FALSE) -> 14.1 | M238: =L238*K238 -> 14.1
B239: 44358 | C239: DIA | D239: TAN-943 | E239: TRANSPORTE DE MATERIAL | G239: 17 | H239: 3B | I239: CANTERA PANTALON_2 | J239: OBRAS TEMPRANAS SECTOR 1 | K239: 2 | L239: =VLOOKUP(G239,$Q$4:$V$7,6,FALSE) -> 15.98 | M239: =L239*K239 -> 31.96
B240: 44358 | C240: DIA | D240: TAO-871 | E240: TRANSPORTE DE MATERIAL | G240: 17 | H240: 3B | I240: CANTERA PANTALON_2 | J240: OBRAS TEMPRANAS SECTOR 1 | K240: 2 | L240: =VLOOKUP(G240,$Q$4:$V$7,6,FALSE) -> 15.98 | M240: =L240*K240 -> 31.96
B241: 44358 | C241: DIA | D241: F8W-918 | E241: TRANSPORTE DE MATERIAL | G241: 15 | H241: 3B | I241: CANTERA PANTALON_2 | J241: OBRAS TEMPRANAS SECTOR 1 | K241: 1 | L241: =VLOOKUP(G241,$Q$4:$V$7,6,FALSE) -> 14.1 | M241: =L241*K241 -> 14.1
B242: 44359 | C242: DIA | D242: AMI-773 | E242: TRANSPORTE DE MATERIAL | G242: 20 | H242: 3B | I242: CANTERA PANTALON_2 | J242: OBRAS TEMPRANAS SECTOR 1 | K242: 3 | L242: =VLOOKUP(G242,$Q$4:$V$7,6,FALSE) -> 18.8 | M242: =L242*K242 -> 56.4
... B5072: 44501 | C5072: DIA | D5072: C8J-773 | E5072: TRANSPORTE DE MATERIAL | G5072: 15 | H5072: RELAVE | I5072: CANTERA DE LA LINEA SUR S3 | J5072: OBRAS TEMPRANAS | K5072: 10 | L5072: =VLOOKUP(G5072,$Q$4:$V$7,6,FALSE) -> 14.1 | M5072: =L5072*K5072 -> 141
J5076: VOLUMEN AFECTADO POR EL FACTOR DE REDUCCIÓN (94%) | M5076: =ROUND(SUBTOTAL(9,M8:M5075),2) -> 444250.58 | O5076: 172984.44

Sheet 1.8 Estimado del tiempo
B5: ESTIMADO DEL TIEMPO
B6: Activity ID | C6: Descripción | D6: Und | E6: Metrado Estimado | F6: Calendario de la actividad | G6: Cantidad de horas | H6: HH Total | I6: Rendimiento | J6: Nro. de cuadrillas | K6: Avance por día contractual | L6: Duración de la SDC (días) | M6: Duración Final de la SDC en el cronograma | N6: Duración de la LB05 (días) | O6: Duración aplicada al cronograma (días) | P6: Predecesoras | Q6: Sucesoras
A7: 10001 | C7: =VLOOKUP($A7,RENDIMIENTO,3,FALSE) -> 0
A8: 10002 | B8: =VLOOKUP($A8,PRESUPUESTO_,2,FALSE) -> #N/A | C8: =VLOOKUP($A8,RENDIMIENTO,3,FALSE) -> 0
A9: 10051 | B9: =VLOOKUP($A9,PRESUPUESTO_,2,FALSE) -> #N/A | C9: =VLOOKUP($A9,RENDIMIENTO,3,FALSE) -> 0 | D9: =VLOOKUP($A9,RENDIMIENTO,4,FALSE) -> 0 | E9: =VLOOKUP($A9,PRESUPUESTO_,5,FALSE) -> #N/A | F9: Un Turno | G9: =IF(F9="Un Turno",ROUND(E9*11/VLOOKUP(A9,Rend,5,FALSE),2),ROUND(E9*11/VLOOKUP(A9,Rend,5,FALSE),2)) -> #N/A | H9: =VLOOKUP($A9,PRESUPUESTO_,12,FALSE) -> #N/A | I9: =CONCATENATE(ROUND(VLOOKUP(A9,Rend,5,FALSE),2),VLOOKUP(A9,Rend,4,FALSE),"/día") -> 0/día | J9: 1 | K9: 0 | L9: =IF(K9<>0,E9/(J9*K9),IF(F9="Un Turno",G9/(11*J9),G9/(22*J9))) -> #N/A | M9: =IF(L9<0.5,1,ROUND(L9,0)) -> #N/A | N9: 0 | O9: =+M9+N9 -> #N/A
A10: 10052 | B10: =VLOOKUP($A10,PRESUPUESTO_,2,FALSE) -> #N/A | C10: =VLOOKUP($A10,RENDIMIENTO,3,FALSE) -> 0 | D10: =VLOOKUP($A10,RENDIMIENTO,4,FALSE) -> 0 | E10: =VLOOKUP($A10,PRESUPUESTO_,5,FALSE) -> #N/A | F10: Un Turno | G10: =IF(F10="Un Turno",ROUND(E10*11/VLOOKUP(A10,Rend,5,FALSE),2),ROUND(E10*11/VLOOKUP(A10,Rend,5,FALSE),2)) -> #N/A | H10: =VLOOKUP($A10,PRESUPUESTO_,12,FALSE) -> #N/A | I10: =CONCATENATE(ROUND(VLOOKUP(A10,Rend,5,FALSE),2),VLOOKUP(A10,Rend,4,FALSE),"/día") -> 0/día | J10: 1 | K10: 0 | L10: =IF(K10<>0,E10/(J10*K10),IF(F10="Un Turno",G10/(11*J10),G10/(22*J10))) -> #N/A | M10: =IF(L10<0.5,1,ROUND(L10,0)) -> #N/A | N10: 0 | O10: =+M10+N10 -> #N/A
A11: 10040 | B11: =VLOOKUP($A11,PRESUPUESTO_,2,FALSE) -> #N/A | C11: =VLOOKUP($A11,RENDIMIENTO,3,FALSE) -> 0 | D11: =VLOOKUP($A11,RENDIMIENTO,4,FALSE) -> 0 | E11: =VLOOKUP($A11,PRESUPUESTO_,5,FALSE) -> #N/A | F11: Un Turno | G11: =IF(F11="Un Turno",ROUND(E11*11/VLOOKUP(A11,Rend,5,FALSE),2),ROUND(E11*11/VLOOKUP(A11,Rend,5,FALSE),2)) -> #N/A | H11: =VLOOKUP($A11,PRESUPUESTO_,12,FALSE) -> #N/A | I11: =CONCATENATE(ROUND(VLOOKUP(A11,Rend,5,FALSE),2),VLOOKUP(A11,Rend,4,FALSE),"/día") -> 0/día | J11: 1 | K11: 0 | L11: =IF(K11<>0,E11/(J11*K11),IF(F11="Un Turno",G11/(11*J11),G11/(22*J11))) -> #N/A | M11: =IF(L11<0.5,1,ROUND(L11,0)) -> #N/A | N11: 0 | O11: =+M11+N11 -> #N/A
A12: 10043 | B12: =VLOOKUP($A12,PRESUPUESTO_,2,FALSE) -> #N/A | C12: =VLOOKUP($A12,RENDIMIENTO,3,FALSE) -> 0 | D12: =VLOOKUP($A12,RENDIMIENTO,4,FALSE) -> 0 | E12: =VLOOKUP($A12,PRESUPUESTO_,5,FALSE) -> #N/A | F12: Un Turno | G12: =IF(F12="Un Turno",ROUND(E12*11/VLOOKUP(A12,Rend,5,FALSE),2),ROUND(E12*11/VLOOKUP(A12,Rend,5,FALSE),2)) -> #N/A | H12: =VLOOKUP($A12,PRESUPUESTO_,12,FALSE) -> #N/A | I12: =CONCATENATE(ROUND(VLOOKUP(A12,Rend,5,FALSE),2),VLOOKUP(A12,Rend,4,FALSE),"/día") -> 0/día | J12: 1 | K12: 0 | L12: =IF(K12<>0,E12/(J12*K12),IF(F12="Un Turno",G12/(11*J12),G12/(22*J12))) -> #N/A | M12: =IF(L12<0.5,1,ROUND(L12,0)) -> #N/A | N12: 0 | O12: =+M12+N12 -> #N/A
A13: 10045 | B13: =VLOOKUP($A13,PRESUPUESTO_,2,FALSE) -> #N/A | C13: =VLOOKUP($A13,RENDIMIENTO,3,FALSE) -> 0 | D13: =VLOOKUP($A13,RENDIMIENTO,4,FALSE) -> 0 | E13: =VLOOKUP($A13,PRESUPUESTO_,5,FALSE) -> #N/A | F13: Un Turno | G13: =IF(F13="Un Turno",ROUND(E13*330/VLOOKUP(A13,Rend,5,FALSE),2),ROUND(E13*660/VLOOKUP(A13,Rend,5,FALSE),2)) -> #N/A | H13: =VLOOKUP($A13,PRESUPUESTO_,12,FALSE) -> #N/A | I13: =CONCATENATE(ROUND(VLOOKUP(A13,Rend,5,FALSE),2),VLOOKUP(A13,Rend,4,FALSE),"/mes") -> 0/mes | J13: 0.99 | K13: 0 | L13: =IF(K13<>0,E13/(J13*K13),IF(F13="Un Turno",G13/(11*J13),G13/(22*J13))) -> #N/A | M13: =IF(L13<0.5,1,ROUND(L13,0)) -> #N/A | N13: 0 | O13: =+M13+N13 -> #N/A
A14: 10044 | B14: =VLOOKUP($A14,PRESUPUESTO_,2,FALSE) -> #N/A | C14: =VLOOKUP($A14,RENDIMIENTO,3,FALSE) -> 0 | D14: =VLOOKUP($A14,RENDIMIENTO,4,FALSE) -> 0 | E14: =VLOOKUP($A14,PRESUPUESTO_,5,FALSE) -> #N/A | F14: Un Turno | G14: =IF(F14="Un Turno",ROUND(E14*330/VLOOKUP(A14,Rend,5,FALSE),2),ROUND(E14*660/VLOOKUP(A14,Rend,5,FALSE),2)) -> #N/A | H14: =VLOOKUP($A14,PRESUPUESTO_,12,FALSE) -> #N/A | I14: =CONCATENATE(ROUND(VLOOKUP(A14,Rend,5,FALSE),2),VLOOKUP(A14,Rend,4,FALSE),"/mes") -> 0/mes | J14: 0.99 | K14: 0 | L14: =IF(K14<>0,E14/(J14*K14),IF(F14="Un Turno",G14/(11*J14),G14/(22*J14))) -> #N/A | M14: =IF(L14<0.5,1,ROUND(L14,0)) -> #N/A | N14: 1 | O14: =+M14+N14 -> #N/A
A15: 10050 | B15: =VLOOKUP($A15,PRESUPUESTO_,2,FALSE) -> #N/A | C15: =VLOOKUP($A15,RENDIMIENTO,3,FALSE) -> 0 | D15: =VLOOKUP($A15,RENDIMIENTO,4,FALSE) -> 0 | E15: =VLOOKUP($A15,PRESUPUESTO_,5,FALSE) -> #N/A | F15: Doble Turno | G15: =IF(F15="Un Turno",ROUND(E15*1/VLOOKUP(A15,Rend,5,FALSE),2),ROUND(E15*2/VLOOKUP(A15,Rend,5,FALSE),2)) -> #N/A | H15: =VLOOKUP($A15,PRESUPUESTO_,12,FALSE) -> #N/A | I15: =CONCATENATE(ROUND(VLOOKUP(A15,Rend,5,FALSE),2),VLOOKUP(A15,Rend,4,FALSE),"/hr") -> 0/hr | J15: 1 | K15: 454.54545 | L15: =IF(K15<>0,E15/(J15*K15),IF(F15="Un Turno",G15/(11*J15),G15/(22*J15))) -> #N/A | M15: =IF(L15<0,ROUND(L15,0),IF(L15<0.5,1,ROUND(L15,0))) -> #N/A | N15: 0 | O15: =+M15+N15 -> #N/A
A16: 10003 | B16: =VLOOKUP($A16,PRESUPUESTO_,2,FALSE) -> #N/A | C16: =VLOOKUP($A16,RENDIMIENTO,3,FALSE) -> 0 | D16: =VLOOKUP($A16,RENDIMIENTO,4,FALSE) -> 0 | E16: =VLOOKUP($A16,PRESUPUESTO_,5,FALSE) -> #N/A | F16: Doble Turno | G16: =IF(F16="Un Turno",ROUND(E16*1/VLOOKUP(A16,Rend,5,FALSE),2),ROUND(E16*2/VLOOKUP(A16,Rend,5,FALSE),2)) -> #N/A | H16: =VLOOKUP($A16,PRESUPUESTO_,12,FALSE) -> #N/A | I16: =CONCATENATE(ROUND(VLOOKUP(A16,Rend,5,FALSE),2),VLOOKUP(A16,Rend,4,FALSE),"/hr") -> 0/hr | J16: 1 | K16: 454.54545 | L16: =IF(K16<>0,E16/(J16*K16),IF(F16="Un Turno",G16/(11*J16),G16/(22*J16))) -> #N/A | M16: =IF(L16<0,ROUND(L16,0),IF(L16<0.5,1,ROUND(L16,0))) -> #N/A | N16: 1 | O16: =+M16+N16 -> #N/A
A17: 10004 | B17: =VLOOKUP($A17,PRESUPUESTO_,2,FALSE) -> #N/A | C17: =VLOOKUP($A17,RENDIMIENTO,3,FALSE) -> 0 | D17: =VLOOKUP($A17,RENDIMIENTO,4,FALSE) -> 0 | E17: =VLOOKUP($A17,PRESUPUESTO_,5,FALSE) -> #N/A | F17: Doble Turno | G17: =IF(F17="Un Turno",ROUND(E17*1/VLOOKUP(A17,Rend,5,FALSE),2),ROUND(E17*2/VLOOKUP(A17,Rend,5,FALSE),2)) -> #N/A | H17: =VLOOKUP($A17,PRESUPUESTO_,12,FALSE) -> #N/A | I17: =CONCATENATE(ROUND(VLOOKUP(A17,Rend,5,FALSE),2),VLOOKUP(A17,Rend,4,FALSE),"/hr") -> 0/hr | J17: 1 | K17: 454.54545 | L17: =IF(K17<>0,E17/(J17*K17),IF(F17="Un Turno",G17/(11*J17),G17/(22*J17))) -> #N/A | M17: =IF(L17<0,ROUND(L17,0),IF(L17<0.5,1,ROUND(L17,0))) -> #N/A | N17: 2 | O17: =+M17+N17 -> #N/A
A18: 10005 | B18: =VLOOKUP($A18,PRESUPUESTO_,2,FALSE) -> #N/A | C18: =VLOOKUP($A18,RENDIMIENTO,3,FALSE) -> 0 | D18: =VLOOKUP($A18,RENDIMIENTO,4,FALSE) -> 0 | E18: =VLOOKUP($A18,PRESUPUESTO_,5,FALSE) -> #N/A | F18: Doble Turno | G18: =IF(F18="Un Turno",ROUND(E18*1/VLOOKUP(A18,Rend,5,FALSE),2),ROUND(E18*2/VLOOKUP(A18,Rend,5,FALSE),2)) -> #N/A | H18: =VLOOKUP($A18,PRESUPUESTO_,12,FALSE) -> #N/A | I18: =CONCATENATE(ROUND(VLOOKUP(A18,Rend,5,FALSE),2),VLOOKUP(A18,Rend,4,FALSE),"/hr") -> 0/hr | J18: 1 | K18: 454.54545 | L18: =IF(K18<>0,E18/(J18*K18),IF(F18="Un Turno",G18/(11*J18),G18/(22*J18))) -> #N/A | M18: =IF(L18<0,ROUND(L18,0),IF(L18<0.5,1,ROUND(L18,0))) -> #N/A | N18: 3 | O18: =+M18+N18 -> #N/A
A19: 10006 | B19: =VLOOKUP($A19,PRESUPUESTO_,2,FALSE) -> #N/A | C19: =VLOOKUP($A19,RENDIMIENTO,3,FALSE) -> 0 | D19: =VLOOKUP($A19,RENDIMIENTO,4,FALSE) -> 0 | E19: =VLOOKUP($A19,PRESUPUESTO_,5,FALSE) -> #N/A | F19: Doble Turno | G19: =IF(F19="Un Turno",ROUND(E19*1/VLOOKUP(A19,Rend,5,FALSE),2),ROUND(E19*2/VLOOKUP(A19,Rend,5,FALSE),2)) -> #N/A | H19: =VLOOKUP($A19,PRESUPUESTO_,12,FALSE) -> #N/A | I19: =CONCATENATE(ROUND(VLOOKUP(A19,Rend,5,FALSE),2),VLOOKUP(A19,Rend,4,FALSE),"/hr") -> 0/hr | J19: 1 | K19: 454.54545 | L19: =IF(K19<>0,E19/(J19*K19),IF(F19="Un Turno",G19/(11*J19),G19/(22*J19))) -> #N/A | M19: =IF(L19<0,ROUND(L19,0),IF(L19<0.5,1,ROUND(L19,0))) -> #N/A | N19: 4 | O19: =+M19+N19 -> #N/A
A20: 10036 | B20: =VLOOKUP($A20,PRESUPUESTO_,2,FALSE) -> #N/A | C20: =VLOOKUP($A20,RENDIMIENTO,3,FALSE) -> 0 | D20: =VLOOKUP($A20,RENDIMIENTO,4,FALSE) -> 0 | E20: =VLOOKUP($A20,PRESUPUESTO_,5,FALSE) -> #N/A | F20: Doble Turno | G20: =IF(F20="Un Turno",ROUND(E20*1/VLOOKUP(A20,Rend,5,FALSE),2),ROUND(E20*2/VLOOKUP(A20,Rend,5,FALSE),2)) -> #N/A | H20: =VLOOKUP($A20,PRESUPUESTO_,12,FALSE) -> #N/A | I20: =CONCATENATE(ROUND(VLOOKUP(A20,Rend,5,FALSE),2),VLOOKUP(A20,Rend,4,FALSE),"/hr") -> 0/hr | J20: 1 | K20: 454.54545 | L20: =IF(K20<>0,E20/(J20*K20),IF(F20="Un Turno",G20/(11*J20),G20/(22*J20))) -> #N/A | M20: =IF(L20<0,ROUND(L20,0),IF(L20<0.5,1,ROUND(L20,0))) -> #N/A | N20: 5 | O20: =+M20+N20 -> #N/A
A21: 10008 | B21: =VLOOKUP($A21,PRESUPUESTO_,2,FALSE) -> #N/A | C21: =VLOOKUP($A21,RENDIMIENTO,3,FALSE) -> 0 | D21: =VLOOKUP($A21,RENDIMIENTO,4,FALSE) -> 0 | E21: =VLOOKUP($A21,PRESUPUESTO_,5,FALSE) -> #N/A | F21: Doble Turno | G21: =IF(F21="Un Turno",ROUND(E21*1/VLOOKUP(A21,Rend,5,FALSE),2),ROUND(E21*2/VLOOKUP(A21,Rend,5,FALSE),2)) -> #N/A | H21: =VLOOKUP($A21,PRESUPUESTO_,12,FALSE) -> #N/A | I21: =CONCATENATE(ROUND(VLOOKUP(A21,Rend,5,FALSE),2),VLOOKUP(A21,Rend,4,FALSE),"/hr") -> 0/hr | J21: 1 | K21: 454.54545 | L21: =IF(K21<>0,E21/(J21*K21),IF(F21="Un Turno",G21/(11*J21),G21/(22*J21))) -> #N/A | M21: =IF(L21<0,ROUND(L21,0),IF(L21<0.5,1,ROUND(L21,0))) -> #N/A | N21: 0 | O21: =+M21+N21 -> #N/A
A22: 10009 | B22: =VLOOKUP($A22,PRESUPUESTO_,2,FALSE) -> #N/A | C22: =VLOOKUP($A22,RENDIMIENTO,3,FALSE) -> 0 | D22: =VLOOKUP($A22,RENDIMIENTO,4,FALSE) -> 0 | E22: =VLOOKUP($A22,PRESUPUESTO_,5,FALSE) -> #N/A | F22: Un Turno | G22: =IF(F22="Un Turno",ROUND(E22*11/VLOOKUP(A22,Rend,5,FALSE),2),ROUND(E22*11/VLOOKUP(A22,Rend,5,FALSE),2)) -> #N/A | H22: =VLOOKUP($A22,PRESUPUESTO_,12,FALSE) -> #N/A | I22: =CONCATENATE(ROUND(VLOOKUP(A22,Rend,5,FALSE),2),VLOOKUP(A22,Rend,4,FALSE),"/día") -> 0/día | J22: 1 | K22: 0 | L22: =IF(K22<>0,E22/(J22*K22),IF(F22="Un Turno",G22/(11*J22),G22/(22*J22))) -> #N/A | M22: =IF(L22<0.5,1,ROUND(L22,0)) -> #N/A | N22: 0 | O22: =+M22+N22 -> #N/A
A23: 10010 | B23: =VLOOKUP($A23,PRESUPUESTO_,2,FALSE) -> #N/A | C23: =VLOOKUP($A23,RENDIMIENTO,3,FALSE) -> 0 | D23: =VLOOKUP($A23,RENDIMIENTO,4,FALSE) -> 0 | E23: =VLOOKUP($A23,PRESUPUESTO_,5,FALSE) -> #N/A | F23: Un Turno | G23: =IF(F23="Un Turno",ROUND(E23*11/VLOOKUP(A23,Rend,5,FALSE),2),ROUND(E23*11/VLOOKUP(A23,Rend,5,FALSE),2)) -> #N/A | H23: =VLOOKUP($A23,PRESUPUESTO_,12,FALSE) -> #N/A | I23: =CONCATENATE(ROUND(VLOOKUP(A23,Rend,5,FALSE),2),VLOOKUP(A23,Rend,4,FALSE),"/día") -> 0/día | J23: 1 | K23: 0 | L23: =IF(K23<>0,E23/(J23*K23),IF(F23="Un Turno",G23/(11*J23),G23/(22*J23))) -> #N/A | M23: =IF(L23<0.5,1,ROUND(L23,0)) -> #N/A | N23: 1 | O23: =+M23+N23 -> #N/A
A24: 10011 | B24: =VLOOKUP($A24,PRESUPUESTO_,2,FALSE) -> #N/A | C24: =VLOOKUP($A24,RENDIMIENTO,3,FALSE) -> 0 | D24: =VLOOKUP($A24,RENDIMIENTO,4,FALSE) -> 0 | E24: =VLOOKUP($A24,PRESUPUESTO_,5,FALSE) -> #N/A | F24: Doble Turno | G24: =IF(F24="Un Turno",ROUND(E24*11/VLOOKUP(A24,Rend,5,FALSE),2),ROUND(E24*11/VLOOKUP(A24,Rend,5,FALSE),2)) -> #N/A | H24: =VLOOKUP($A24,PRESUPUESTO_,12,FALSE) -> #N/A | I24: =CONCATENATE(ROUND(VLOOKUP(A24,Rend,5,FALSE),2),VLOOKUP(A24,Rend,4,FALSE),"/día") -> 0/día | J24: 1 | K24: 0 | L24: =IF(K24<>0,E24/(J24*K24),IF(F24="Un Turno",G24/(11*J24),G24/(22*J24))) -> #N/A | M24: =IF(L24<0.5,1,ROUND(L24,0)) -> #N/A | N24: 0 | O24: =+M24+N24 -> #N/A
A25: 10012 | B25: =VLOOKUP($A25,PRESUPUESTO_,2,FALSE) -> #N/A | C25: =VLOOKUP($A25,RENDIMIENTO,3,FALSE) -> 0 | D25: =VLOOKUP($A25,RENDIMIENTO,4,FALSE) -> 0 | E25: =VLOOKUP($A25,PRESUPUESTO_,5,FALSE) -> #N/A | F25: Doble Turno | G25: =IF(F25="Un Turno",ROUND(E25*11/VLOOKUP(A25,Rend,5,FALSE),2),ROUND(E25*11/VLOOKUP(A25,Rend,5,FALSE),2)) -> #N/A | H25: =VLOOKUP($A25,PRESUPUESTO_,12,FALSE) -> #N/A | I25: =CONCATENATE(ROUND(VLOOKUP(A25,Rend,5,FALSE),2),VLOOKUP(A25,Rend,4,FALSE),"/día") -> 0/día | J25: 1 | K25: 0 | L25: =IF(K25<>0,E25/(J25*K25),IF(F25="Un Turno",G25/(11*J25),G25/(22*J25))) -> #N/A | M25: =IF(L25<0.5,1,ROUND(L25,0)) -> #N/A | N25: 0 | O25: =+M25+N25 -> #N/A
A26: 10013 | B26: =VLOOKUP($A26,PRESUPUESTO_,2,FALSE) -> #N/A | C26: =VLOOKUP($A26,RENDIMIENTO,3,FALSE) -> 0 | D26: =VLOOKUP($A26,RENDIMIENTO,4,FALSE) -> 0 | E26: =VLOOKUP($A26,PRESUPUESTO_,5,FALSE) -> #N/A | F26: Doble Turno | G26: =IF(F26="Un Turno",ROUND(E26*11/VLOOKUP(A26,Rend,5,FALSE),2),ROUND(E26*11/VLOOKUP(A26,Rend,5,FALSE),2)) -> #N/A | H26: =VLOOKUP($A26,PRESUPUESTO_,12,FALSE) -> #N/A | I26: =CONCATENATE(ROUND(VLOOKUP(A26,Rend,5,FALSE),2),VLOOKUP(A26,Rend,4,FALSE),"/día") -> 0/día | J26: 1 | K26: 0 | L26: =IF(K26<>0,E26/(J26*K26),IF(F26="Un Turno",G26/(11*J26),G26/(22*J26))) -> #N/A | M26: =IF(L26<0.5,1,ROUND(L26,0)) -> #N/A | N26: 0 | O26: =+M26+N26 -> #N/A
A27: 10014 | B27: =VLOOKUP($A27,PRESUPUESTO_,2,FALSE) -> #N/A | C27: =VLOOKUP($A27,RENDIMIENTO,3,FALSE) -> 0 | D27: =VLOOKUP($A27,RENDIMIENTO,4,FALSE) -> 0 | E27: =VLOOKUP($A27,PRESUPUESTO_,5,FALSE) -> #N/A | F27: Doble Turno | G27: =IF(F27="Un Turno",ROUND(E27*11/VLOOKUP(A27,Rend,5,FALSE),2),ROUND(E27*11/VLOOKUP(A27,Rend,5,FALSE),2)) -> #N/A | H27: =VLOOKUP($A27,PRESUPUESTO_,12,FALSE) -> #N/A | I27: =CONCATENATE(ROUND(VLOOKUP(A27,Rend,5,FALSE),2),VLOOKUP(A27,Rend,4,FALSE),"/día") -> 0/día | J27: 1 | K27: 0 | L27: =IF(K27<>0,E27/(J27*K27),IF(F27="Un Turno",G27/(11*J27),G27/(22*J27))) -> #N/A | M27: =IF(L27<0.5,1,ROUND(L27,0)) -> #N/A | N27: 0 | O27: =+M27+N27 -> #N/A
A28: 10015 | B28: =VLOOKUP($A28,PRESUPUESTO_,2,FALSE) -> #N/A | C28: =VLOOKUP($A28,RENDIMIENTO,3,FALSE) -> 0 | D28: =VLOOKUP($A28,RENDIMIENTO,4,FALSE) -> 0 | E28: =VLOOKUP($A28,PRESUPUESTO_,5,FALSE) -> #N/A | F28: Doble Turno | G28: =IF(F28="Un Turno",ROUND(E28*1/VLOOKUP(A28,Rend,5,FALSE),2),ROUND(E28*2/VLOOKUP(A28,Rend,5,FALSE),2)) -> #N/A | H28: =VLOOKUP($A28,PRESUPUESTO_,12,FALSE) -> #N/A | I28: =CONCATENATE(ROUND(VLOOKUP(A28,Rend,5,FALSE),2),VLOOKUP(A28,Rend,4,FALSE),"/hr") -> 0/hr | J28: 1 | K28: 454.54545 | L28: =IF(K28<>0,E28/(J28*K28),IF(F28="Un Turno",G28/(11*J28),G28/(22*J28))) -> #N/A | M28: =IF(L28<0,ROUND(L28,0),IF(L28<0.5,1,ROUND(L28,0))) -> #N/A | N28: 0 | O28: =+M28+N28 -> #N/A
A29: 10016 | B29: =VLOOKUP($A29,PRESUPUESTO_,2,FALSE) -> #N/A | C29: =VLOOKUP($A29,RENDIMIENTO,3,FALSE) -> 0 | D29: =VLOOKUP($A29,RENDIMIENTO,4,FALSE) -> 0 | E29: =VLOOKUP($A29,PRESUPUESTO_,5,FALSE) -> #N/A | F29: Un Turno | G29: =IF(F29="Un Turno",ROUND(E29*11/VLOOKUP(A29,Rend,5,FALSE),2),ROUND(E29*11/VLOOKUP(A29,Rend,5,FALSE),2)) -> #N/A | H29: =VLOOKUP($A29,PRESUPUESTO_,12,FALSE) -> #N/A | I29: =CONCATENATE(ROUND(VLOOKUP(A29,Rend,5,FALSE),2),VLOOKUP(A29,Rend,4,FALSE),"/día") -> 0/día | J29: 1 | K29: 0 | L29: =IF(K29<>0,E29/(J29*K29),IF(F29="Un Turno",G29/(11*J29),G29/(22*J29))) -> #N/A | M29: =IF(L29<0.5,1,ROUND(L29,0)) -> #N/A | N29: 0 | O29: =+M29+N29 -> #N/A
A30: 10017 | B30: =VLOOKUP($A30,PRESUPUESTO_,2,FALSE) -> #N/A | C30: =VLOOKUP($A30,RENDIMIENTO,3,FALSE) -> 0 | D30: =VLOOKUP($A30,RENDIMIENTO,4,FALSE) -> 0 | E30: =VLOOKUP($A30,PRESUPUESTO_,5,FALSE) -> #N/A | F30: Un Turno | G30: =IF(F30="Un Turno",ROUND(E30*11/VLOOKUP(A30,Rend,5,FALSE),2),ROUND(E30*11/VLOOKUP(A30,Rend,5,FALSE),2)) -> #N/A | H30: =VLOOKUP($A30,PRESUPUESTO_,12,FALSE) -> #N/A | I30: =CONCATENATE(ROUND(VLOOKUP(A30,Rend,5,FALSE),2),VLOOKUP(A30,Rend,4,FALSE),"/día") -> 0/día | J30: 1 | K30: 0 | L30: =IF(K30<>0,E30/(J30*K30),IF(F30="Un Turno",G30/(11*J30),G30/(22*J30))) -> #N/A | M30: =IF(L30<0.5,1,ROUND(L30,0)) -> #N/A | N30: 1 | O30: =+M30+N30 -> #N/A
A31: 10018 | B31: =VLOOKUP($A31,PRESUPUESTO_,2,FALSE) -> #N/A | C31: =VLOOKUP($A31,RENDIMIENTO,3,FALSE) -> 0 | D31: =VLOOKUP($A31,RENDIMIENTO,4,FALSE) -> 0 | E31: =VLOOKUP($A31,PRESUPUESTO_,5,FALSE) -> #N/A | F31: Doble Turno | G31: =IF(F31="Un Turno",ROUND(E31*11/VLOOKUP(A31,Rend,5,FALSE),2),ROUND(E31*11/VLOOKUP(A31,Rend,5,FALSE),2)) -> #N/A | H31: =VLOOKUP($A31,PRESUPUESTO_,12,FALSE) -> #N/A | I31: =CONCATENATE(ROUND(VLOOKUP(A31,Rend,5,FALSE),2),VLOOKUP(A31,Rend,4,FALSE),"/día") -> 0/día | J31: 1 | K31: 0 | L31: =IF(K31<>0,E31/(J31*K31),IF(F31="Un Turno",G31/(11*J31),G31/(22*J31))) -> #N/A | M31: =IF(L31<0.5,1,ROUND(L31,0)) -> #N/A | N31: 0 | O31: =+M31+N31 -> #N/A
A32: 10019 | B32: =VLOOKUP($A32,PRESUPUESTO_,2,FALSE) -> #N/A | C32: =VLOOKUP($A32,RENDIMIENTO,3,FALSE) -> 0 | D32: =VLOOKUP($A32,RENDIMIENTO,4,FALSE) -> 0 | E32: =VLOOKUP($A32,PRESUPUESTO_,5,FALSE) -> #N/A | F32: Un Turno | G32: =IF(F32="Un Turno",ROUND(E32*11/VLOOKUP(A32,Rend,5,FALSE),2),ROUND(E32*11/VLOOKUP(A32,Rend,5,FALSE),2)) -> #N/A | H32: =VLOOKUP($A32,PRESUPUESTO_,12,FALSE) -> #N/A | I32: =CONCATENATE(ROUND(VLOOKUP(A32,Rend,5,FALSE),2),VLOOKUP(A32,Rend,4,FALSE),"/día") -> 0/día | J32: 1 | K32: 0 | L32: =IF(K32<>0,E32/(J32*K32),IF(F32="Un Turno",G32/(11*J32),G32/(22*J32))) -> #N/A | M32: =IF(L32<0.5,1,ROUND(L32,0)) -> #N/A | N32: 0 | O32: =+M32+N32 -> #N/A
A33: 10020 | B33: =VLOOKUP($A33,PRESUPUESTO_,2,FALSE) -> #N/A | C33: =VLOOKUP($A33,RENDIMIENTO,3,FALSE) -> 0 | D33: =VLOOKUP($A33,RENDIMIENTO,4,FALSE) -> 0 | E33: =VLOOKUP($A33,PRESUPUESTO_,5,FALSE) -> #N/A | F33: Doble Turno | G33: =IF(F33="Un Turno",ROUND(E33*1/VLOOKUP(A33,Rend,5,FALSE),2),ROUND(E33*2/VLOOKUP(A33,Rend,5,FALSE),2)) -> #N/A | H33: =VLOOKUP($A33,PRESUPUESTO_,12,FALSE) -> #N/A | I33: =CONCATENATE(ROUND(VLOOKUP(A33,Rend,5,FALSE),2),VLOOKUP(A33,Rend,4,FALSE),"/hr") -> 0/hr | J33: 1 | K33: 454.54545 | L33: =IF(K33<>0,E33/(J33*K33),IF(F33="Un Turno",G33/(11*J33),G33/(22*J33))) -> #N/A | M33: =IF(L33<0,ROUND(L33,0),IF(L33<0.5,1,ROUND(L33,0))) -> #N/A | N33: 0 | O33: =+M33+N33 -> #N/A
A34: 10021 | B34: =VLOOKUP($A34,PRESUPUESTO_,2,FALSE) -> #N/A | C34: =VLOOKUP($A34,RENDIMIENTO,3,FALSE) -> 0 | D34: =VLOOKUP($A34,RENDIMIENTO,4,FALSE) -> 0 | E34: =VLOOKUP($A34,PRESUPUESTO_,5,FALSE) -> #N/A | F34: Un Turno | G34: =IF(F34="Un Turno",ROUND(E34*1/VLOOKUP(A34,Rend,5,FALSE),2),ROUND(E34*1/VLOOKUP(A34,Rend,5,FALSE),2)) -> #N/A | H34: =VLOOKUP($A34,PRESUPUESTO_,12,FALSE) -> #N/A | I34: =CONCATENATE(ROUND(VLOOKUP(A34,Rend,5,FALSE),2),VLOOKUP(A34,Rend,4,FALSE),"/hr") -> 0/hr | J34: 1 | K34: 0 | L34: =IF(K34<>0,ROUND(E34/(J34*K34),2),IF(F34="Un Turno",ROUND(G34/(11*J34),2),G34/(22*J34))) -> #N/A | M34: =IF(L34<0.5,1,ROUND(L34,0)) -> #N/A | N34: 0 | O34: =+M34+N34 -> #N/A
A35: 10022 | B35: =VLOOKUP($A35,PRESUPUESTO_,2,FALSE) -> #N/A | C35: =VLOOKUP($A35,RENDIMIENTO,3,FALSE) -> 0 | D35: =VLOOKUP($A35,RENDIMIENTO,4,FALSE) -> 0 | E35: =VLOOKUP($A35,PRESUPUESTO_,5,FALSE) -> #N/A | F35: Un Turno | G35: =IF(F35="Un Turno",ROUND(E35*1/VLOOKUP(A35,Rend,5,FALSE),2),ROUND(E35*1/VLOOKUP(A35,Rend,5,FALSE),2)) -> #N/A | H35: =VLOOKUP($A35,PRESUPUESTO_,12,FALSE) -> #N/A | I35: =CONCATENATE(ROUND(VLOOKUP(A35,Rend,5,FALSE),2),VLOOKUP(A35,Rend,4,FALSE),"/hr") -> 0/hr | J35: 1 | K35: 0 | L35: =IF(K35<>0,ROUND(E35/(J35*K35),2),IF(F35="Un Turno",ROUND(G35/(11*J35),2),G35/(22*J35))) -> #N/A | M35: =IF(L35<0.5,1,ROUND(L35,0)) -> #N/A | N35: 1 | O35: =+M35+N35 -> #N/A
A36: 10023 | B36: =VLOOKUP($A36,PRESUPUESTO_,2,FALSE) -> #N/A | C36: =VLOOKUP($A36,RENDIMIENTO,3,FALSE) -> 0 | D36: =VLOOKUP($A36,RENDIMIENTO,4,FALSE) -> 0 | E36: =VLOOKUP($A36,PRESUPUESTO_,5,FALSE) -> #N/A | F36: Doble Turno | G36: =IF(F36="Un Turno",ROUND(E36*11/VLOOKUP(A36,Rend,5,FALSE),2),ROUND(E36*11/VLOOKUP(A36,Rend,5,FALSE),2)) -> #N/A | H36: =VLOOKUP($A36,PRESUPUESTO_,12,FALSE) -> #N/A | I36: =CONCATENATE(ROUND(VLOOKUP(A36,Rend,5,FALSE),2),VLOOKUP(A36,Rend,4,FALSE),"/día") -> 0/día | J36: 1 | K36: 0 | L36: =IF(K36<>0,E36/(J36*K36),IF(F36="Un Turno",G36/(11*J36),G36/(22*J36))) -> #N/A | M36: =IF(L36<0.5,1,ROUND(L36,0)) -> #N/A | N36: 0 | O36: =+M36+N36 -> #N/A
A37: 10024 | B37: =VLOOKUP($A37,PRESUPUESTO_,2,FALSE) -> #N/A | C37: =VLOOKUP($A37,RENDIMIENTO,3,FALSE) -> 0 | D37: =VLOOKUP($A37,RENDIMIENTO,4,FALSE) -> 0 | E37: =VLOOKUP($A37,PRESUPUESTO_,5,FALSE) -> #N/A | F37: Doble Turno | G37: =IF(F37="Un Turno",ROUND(E37*11/VLOOKUP(A37,Rend,5,FALSE),2),ROUND(E37*11/VLOOKUP(A37,Rend,5,FALSE),2)) -> #N/A | H37: =VLOOKUP($A37,PRESUPUESTO_,12,FALSE) -> #N/A | I37: =CONCATENATE(ROUND(VLOOKUP(A37,Rend,5,FALSE),2),VLOOKUP(A37,Rend,4,FALSE),"/día") -> 0/día | J37: 1 | K37: 0 | L37: =IF(K37<>0,E37/(J37*K37),IF(F37="Un Turno",G37/(11*J37),G37/(22*J37))) -> #N/A | M37: =IF(L37<0.5,1,ROUND(L37,0)) -> #N/A | N37: 0 | O37: =+M37+N37 -> #N/A
A38: 10025 | B38: =VLOOKUP($A38,PRESUPUESTO_,2,FALSE) -> #N/A | C38: =VLOOKUP($A38,RENDIMIENTO,3,FALSE) -> 0 | D38: =VLOOKUP($A38,RENDIMIENTO,4,FALSE) -> 0 | E38: =VLOOKUP($A38,PRESUPUESTO_,5,FALSE) -> #N/A | F38: Doble Turno | G38: =IF(F38="Un Turno",ROUND(E38*11/VLOOKUP(A38,Rend,5,FALSE),2),ROUND(E38*11/VLOOKUP(A38,Rend,5,FALSE),2)) -> #N/A | H38: =VLOOKUP($A38,PRESUPUESTO_,12,FALSE) -> #N/A | I38: =CONCATENATE(ROUND(VLOOKUP(A38,Rend,5,FALSE),2),VLOOKUP(A38,Rend,4,FALSE),"/día") -> 0/día | J38: 1 | K38: 0 | L38: =IF(K38<>0,E38/(J38*K38),IF(F38="Un Turno",G38/(11*J38),G38/(22*J38))) -> #N/A | M38: =IF(L38<0.5,1,ROUND(L38,0)) -> #N/A | N38: 0 | O38: =+M38+N38 -> #N/A
A39: 10026 | B39: =VLOOKUP($A39,PRESUPUESTO_,2,FALSE) -> #N/A | C39: =VLOOKUP($A39,RENDIMIENTO,3,FALSE) -> 0 | D39: =VLOOKUP($A39,RENDIMIENTO,4,FALSE) -> 0 | E39: =VLOOKUP($A39,PRESUPUESTO_,5,FALSE) -> #N/A | F39: Doble Turno | G39: =IF(F39="Un Turno",ROUND(E39*11/VLOOKUP(A39,Rend,5,FALSE),2),ROUND(E39*11/VLOOKUP(A39,Rend,5,FALSE),2)) -> #N/A | H39: =VLOOKUP($A39,PRESUPUESTO_,12,FALSE) -> #N/A | I39: =CONCATENATE(ROUND(VLOOKUP(A39,Rend,5,FALSE),2),VLOOKUP(A39,Rend,4,FALSE),"/día") -> 0/día | J39: 1 | K39: 0 | L39: =IF(K39<>0,E39/(J39*K39),IF(F39="Un Turno",G39/(11*J39),G39/(22*J39))) -> #N/A | M39: =IF(L39<0.5,1,ROUND(L39,0)) -> #N/A | N39: 0 | O39: =+M39+N39 -> #N/A
A40: 10027 | B40: =VLOOKUP($A40,PRESUPUESTO_,2,FALSE) -> #N/A | C40: =VLOOKUP($A40,RENDIMIENTO,3,FALSE) -> 0 | D40: =VLOOKUP($A40,RENDIMIENTO,4,FALSE) -> 0 | E40: =VLOOKUP($A40,PRESUPUESTO_,5,FALSE) -> #N/A | F40: Doble Turno | G40: =IF(F40="Un Turno",ROUND(E40*1/VLOOKUP(A40,Rend,5,FALSE),2),ROUND(E40*2/VLOOKUP(A40,Rend,5,FALSE),2)) -> #N/A | H40: =VLOOKUP($A40,PRESUPUESTO_,12,FALSE) -> #N/A | I40: =CONCATENATE(ROUND(VLOOKUP(A40,Rend,5,FALSE),2),VLOOKUP(A40,Rend,4,FALSE),"/hr") -> 0/hr | J40: 1 | K40: 454.54545 | L40: =IF(K40<>0,E40/(J40*K40),IF(F40="Un Turno",G40/(11*J40),G40/(22*J40))) -> #N/A | M40: =IF(L40<0,ROUND(L40,0),IF(L40<0.5,1,ROUND(L40,0))) -> #N/A | N40: 0 | O40: =+M40+N40 -> #N/A
A41: 10028 | B41: =VLOOKUP($A41,PRESUPUESTO_,2,FALSE) -> #N/A | C41: =VLOOKUP($A41,RENDIMIENTO,3,FALSE) -> 0 | D41: =VLOOKUP($A41,RENDIMIENTO,4,FALSE) -> 0 | E41: =VLOOKUP($A41,PRESUPUESTO_,5,FALSE) -> #N/A | F41: Un Turno | G41: =IF(F41="Un Turno",ROUND(E41*11/VLOOKUP(A41,Rend,5,FALSE),2),ROUND(E41*11/VLOOKUP(A41,Rend,5,FALSE),2)) -> #N/A | H41: =VLOOKUP($A41,PRESUPUESTO_,12,FALSE) -> #N/A | I41: =CONCATENATE(ROUND(VLOOKUP(A41,Rend,5,FALSE),2),VLOOKUP(A41,Rend,4,FALSE),"/día") -> 0/día | J41: 1 | K41: 0 | L41: =IF(K41<>0,E41/(J41*K41),IF(F41="Un Turno",G41/(11*J41),G41/(22*J41))) -> #N/A | M41: =IF(L41<0.5,1,ROUND(L41,0)) -> #N/A | N41: 0 | O41: =+M41+N41 -> #N/A
A42: 10029 | B42: =VLOOKUP($A42,PRESUPUESTO_,2,FALSE) -> #N/A | C42: =VLOOKUP($A42,RENDIMIENTO,3,FALSE) -> 0 | D42: =VLOOKUP($A42,RENDIMIENTO,4,FALSE) -> 0 | E42: =VLOOKUP($A42,PRESUPUESTO_,5,FALSE) -> #N/A | F42: Un Turno | G42: =IF(F42="Un Turno",ROUND(E42*11/VLOOKUP(A42,Rend,5,FALSE),2),ROUND(E42*11/VLOOKUP(A42,Rend,5,FALSE),2)) -> #N/A | H42: =VLOOKUP($A42,PRESUPUESTO_,12,FALSE) -> #N/A | I42: =CONCATENATE(ROUND(VLOOKUP(A42,Rend,5,FALSE),2),VLOOKUP(A42,Rend,4,FALSE),"/día") -> 0/día | J42: 1 | K42: 0 | L42: =IF(K42<>0,E42/(J42*K42),IF(F42="Un Turno",G42/(11*J42),G42/(22*J42))) -> #N/A | M42: =IF(L42<0.5,1,ROUND(L42,0)) -> #N/A | N42: 1 | O42: =+M42+N42 -> #N/A
A43: 10030 | B43: =VLOOKUP($A43,PRESUPUESTO_,2,FALSE) -> #N/A | C43: =VLOOKUP($A43,RENDIMIENTO,3,FALSE) -> 0 | D43: =VLOOKUP($A43,RENDIMIENTO,4,FALSE) -> 0 | E43: =VLOOKUP($A43,PRESUPUESTO_,5,FALSE) -> #N/A | F43: Doble Turno | G43: =IF(F43="Un Turno",ROUND(E43*11/VLOOKUP(A43,Rend,5,FALSE),2),ROUND(E43*11/VLOOKUP(A43,Rend,5,FALSE),2)) -> #N/A | H43: =VLOOKUP($A43,PRESUPUESTO_,12,FALSE) -> #N/A | I43: =CONCATENATE(ROUND(VLOOKUP(A43,Rend,5,FALSE),2),VLOOKUP(A43,Rend,4,FALSE),"/día") -> 0/día | J43: 1 | K43: 0 | L43: =IF(K43<>0,E43/(J43*K43),IF(F43="Un Turno",G43/(11*J43),G43/(22*J43))) -> #N/A | M43: =IF(L43<0.5,1,ROUND(L43,0)) -> #N/A | N43: 0 | O43: =+M43+N43 -> #N/A
A44: 10031 | B44: =VLOOKUP($A44,PRESUPUESTO_,2,FALSE) -> #N/A | C44: =VLOOKUP($A44,RENDIMIENTO,3,FALSE) -> 0 | D44: =VLOOKUP($A44,RENDIMIENTO,4,FALSE) -> 0 | E44: =VLOOKUP($A44,PRESUPUESTO_,5,FALSE) -> #N/A | F44: Doble Turno | G44: =IF(F44="Un Turno",ROUND(E44*11/VLOOKUP(A44,Rend,5,FALSE),2),ROUND(E44*11/VLOOKUP(A44,Rend,5,FALSE),2)) -> #N/A | H44: =VLOOKUP($A44,PRESUPUESTO_,12,FALSE) -> #N/A | I44: =CONCATENATE(ROUND(VLOOKUP(A44,Rend,5,FALSE),2),VLOOKUP(A44,Rend,4,FALSE),"/día") -> 0/día | J44: 1 | K44: 0 | L44: =IF(K44<>0,E44/(J44*K44),IF(F44="Un Turno",G44/(11*J44),G44/(22*J44))) -> #N/A | M44: =IF(L44<0.5,1,ROUND(L44,0)) -> #N/A | N44: 0 | O44: =+M44+N44 -> #N/A
A45: 10032 | B45: =VLOOKUP($A45,PRESUPUESTO_,2,FALSE) -> #N/A | C45: =VLOOKUP($A45,RENDIMIENTO,3,FALSE) -> 0 | D45: =VLOOKUP($A45,RENDIMIENTO,4,FALSE) -> 0 | E45: =VLOOKUP($A45,PRESUPUESTO_,5,FALSE) -> #N/A | F45: Doble Turno | G45: =IF(F45="Un Turno",ROUND(E45*11/VLOOKUP(A45,Rend,5,FALSE),2),ROUND(E45*11/VLOOKUP(A45,Rend,5,FALSE),2)) -> #N/A | H45: =VLOOKUP($A45,PRESUPUESTO_,12,FALSE) -> #N/A | I45: =CONCATENATE(ROUND(VLOOKUP(A45,Rend,5,FALSE),2),VLOOKUP(A45,Rend,4,FALSE),"/día") -> 0/día | J45: 1 | K45: 0 | L45: =IF(K45<>0,E45/(J45*K45),IF(F45="Un Turno",G45/(11*J45),G45/(22*J45))) -> #N/A | M45: =IF(L45<0.5,1,ROUND(L45,0)) -> #N/A | N45: 0 | O45: =+M45+N45 -> #N/A
A46: 10033 | B46: =VLOOKUP($A46,PRESUPUESTO_,2,FALSE) -> #N/A | C46: =VLOOKUP($A46,RENDIMIENTO,3,FALSE) -> 0 | D46: =VLOOKUP($A46,RENDIMIENTO,4,FALSE) -> 0 | E46: =VLOOKUP($A46,PRESUPUESTO_,5,FALSE) -> #N/A | F46: Doble Turno | G46: =IF(F46="Un Turno",ROUND(E46*11/VLOOKUP(A46,Rend,5,FALSE),2),ROUND(E46*11/VLOOKUP(A46,Rend,5,FALSE),2)) -> #N/A | H46: =VLOOKUP($A46,PRESUPUESTO_,12,FALSE) -> #N/A | I46: =CONCATENATE(ROUND(VLOOKUP(A46,Rend,5,FALSE),2),VLOOKUP(A46,Rend,4,FALSE),"/día") -> 0/día | J46: 1 | K46: 0 | L46: =IF(K46<>0,E46/(J46*K46),IF(F46="Un Turno",G46/(11*J46),G46/(22*J46))) -> #N/A | M46: =IF(L46<0.5,1,ROUND(L46,0)) -> #N/A | N46: 0 | O46: =+M46+N46 -> #N/A
A47: 10034 | B47: =VLOOKUP($A47,PRESUPUESTO_,2,FALSE) -> #N/A | C47: =VLOOKUP($A47,RENDIMIENTO,3,FALSE) -> 0 | D47: =VLOOKUP($A47,RENDIMIENTO,4,FALSE) -> 0 | E47: =VLOOKUP($A47,PRESUPUESTO_,5,FALSE) -> #N/A | F47: Doble Turno | G47: =IF(F47="Un Turno",ROUND(E47*1/VLOOKUP(A47,Rend,5,FALSE),2),ROUND(E47*2/VLOOKUP(A47,Rend,5,FALSE),2)) -> #N/A | H47: =VLOOKUP($A47,PRESUPUESTO_,12,FALSE) -> #N/A | I47: =CONCATENATE(ROUND(VLOOKUP(A47,Rend,5,FALSE),2),VLOOKUP(A47,Rend,4,FALSE),"/hr") -> 0/hr | J47: 1 | K47: 454.54545 | L47: =IF(K47<>0,E47/(J47*K47),IF(F47="Un Turno",G47/(11*J47),G47/(22*J47))) -> #N/A | M47: =IF(L47<0,ROUND(L47,0),IF(L47<0.5,1,ROUND(L47,0))) -> #N/A | N47: 0 | O47: =+M47+N47 -> #N/A
N48: Duración

Sheet Equipos-Personal (HH y HM)
A6: EQUIPO | B6: Horas Totales | C6: Meses | D6: Horas por mes por turno | E6: Horas min mes | F6: Cantidad de equipos | G6: Cantidad de equipos Nivelados | H6: Ratio D2 Gl/hm | I6: Combustible Gl | J6: Costo D2 US$ | K6: Costo Eq Sin Vestir US$ | L6: Costo Eq Vestido US$
A7: ='1.4 Insumos'!B30 -> Tractor sobre Orugas CAT D8T | B7: ='1.4 Insumos'!F30 -> 269.27 | C7: =+'1.3 Gastos Generales'!PZ -> 1.23 | D7: =365/12*11*0.87 -> 291.0875 | E7: 180 | F7: =+B7/(C7*D7*2) -> 0.3760359 | G7: 1 | H7: 10 | I7: =+ROUNDUP(B7*H7,2) -> 2692.7
A8: ='1.4 Insumos'!B31 -> Tractor sobre Orugas CAT D6T | B8: ='1.4 Insumos'!F31 -> 0 | C8: =+'1.3 Gastos Generales'!PZ -> 1.23 | D8: =365/12*11*0.87 -> 291.0875 | E8: 180 | F8: =+B8/(C8*D8*2) -> 0 | H8: 5.5 | I8: =+ROUNDUP(B8*H8,2) -> 0
A9: ='1.4 Insumos'!B33 -> Excavadora John Deere 290 | B9: ='1.4 Insumos'!F33 -> 0 | C9: =+'1.3 Gastos Generales'!PZ -> 1.23 | D9: =365/12*11*0.87 -> 291.0875 | E9: 180 | F9: =+B9/(C9*D9*2) -> 0 | H9: 7 | I9: =+ROUNDUP(B9*H9,2) -> 0
A10: ='1.4 Insumos'!B34 -> Cargador Frontal John Deere 744 K | B10: ='1.4 Insumos'!F34 -> 181.1 | C10: =+'1.3 Gastos Generales'!PZ -> 1.23 | D10: =365/12*11*0.87 -> 291.0875 | E10: 180 | F10: =+B10/(C10*D10*2) -> 0.25290638 | G10: 1 | H10: 6.5 | I10: =+ROUNDUP(B10*H10,2) -> 1177.15
A11: ='1.4 Insumos'!B32 -> Excavadora EC 380D | B11: ='1.4 Insumos'!F32 -> 0 | C11: =+'1.3 Gastos Generales'!PZ -> 1.23 | D11: =365/12*11*0.87 -> 291.0875 | E11: 180 | F11: =+B11/(C11*D11*2) -> 0 | H11: 7 | I11: =+ROUNDUP(B11*H11,2) -> 0
A12: ='1.4 Insumos'!B35 -> Retroexcavadora Cat 420e | B12: ='1.4 Insumos'!F35 -> 24.89 | C12: =+'1.3 Gastos Generales'!PZ -> 1.23 | D12: =365/12*11*0.87 -> 291.0875 | E12: 180 | F12: =+B12/(C12*D12*2) -> 0.034758917 | G12: 1 | H12: 2.5 | I12: =+ROUNDUP(B12*H12,2) -> 62.23
A13: ='1.4 Insumos'!B36 -> Volquete de 17 m3 | B13: ='1.4 Insumos'!F36 -> 1348.38 | C13: =+'1.3 Gastos Generales'!PZ -> 1.23 | D13: =365/12*11*0.87 -> 291.0875 | E13: 180 | F13: =+B13/(C13*D13*2) -> 1.8830144 | G13: 7 | H13: 3.2 | I13: =+ROUNDUP(B13*H13,2) -> 4314.82
A14: ='1.4 Insumos'!B38 -> Cisterna de agua 5,000 gln. | B14: ='1.4 Insumos'!F38 -> 269.27 | C14: =+'1.3 Gastos Generales'!PZ -> 1.23 | D14: =365/12*11*0.87 -> 291.0875 | E14: 180 | F14: =+B14/(C14*D14*2) -> 0.3760359 | G14: 1 | H14: 3.2 | I14: =+ROUNDUP(B14*H14,2) -> 861.67
A15: ='1.4 Insumos'!B39 -> Camión Grúa de 20 Ton. | B15: ='1.4 Insumos'!F39 -> 0 | C15: =+'1.3 Gastos Generales'!PZ -> 1.23 | D15: =365/12*11*0.87 -> 291.0875 | E15: 180 | F15: =+B15/(C15*D15*2) -> 0 | H15: 5.5 | I15: =+ROUNDUP(B15*H15,2) -> 0
A16: ='1.4 Insumos'!B41 -> Motoniveladora de 140 HP | B16: ='1.4 Insumos'!F41 -> 269.27 | C16: =+'1.3 Gastos Generales'!PZ -> 1.23 | D16: =365/12*11*0.87 -> 291.0875 | E16: 180 | F16: =+B16/(C16*D16*2) -> 0.3760359 | G16: 1 | H16: 3.5 | I16: =+ROUNDUP(B16*H16,2) -> 942.45
A17: ='1.4 Insumos'!B42 -> Rodillo Liso Vibratorio Autopropulsado HAMM 20 Tn. | B17: ='1.4 Insumos'!F42 -> 269.27 | C17: =+'1.3 Gastos Generales'!PZ -> 1.23 | D17: =365/12*11*0.87 -> 291.0875 | E17: 180 | F17: =+B17/(C17*D17*2) -> 0.3760359 | G17: 1 | H17: 2 | I17: =+ROUNDUP(B17*H17,2) -> 538.54
A18: ='1.4 Insumos'!B43 -> Rodillo Liso Vibratorio Autopropulsado HAMM 11 Tn. | B18: ='1.4 Insumos'!F43 -> 0 | C18: =+'1.3 Gastos Generales'!PZ -> 1.23 | D18: =365/12*11*0.87 -> 291.0875 | E18: 180 | F18: =+B18/(C18*D18*2) -> 0 | H18: 1.5 | I18: =+ROUNDUP(B18*H18,2) -> 0
A19: ='1.4 Insumos'!B48 -> Minicargador Cat 246, 74 HP | B19: ='1.4 Insumos'!F48 -> 0 | C19: =+'1.3 Gastos Generales'!PZ -> 1.23 | D19: =365/12*11*0.87 -> 291.0875 | E19: 180 | F19: =+B19/(C19*D19*2) -> 0 | H19: 6.5 | I19: =+ROUNDUP(B19*H19,2) -> 0
A20: ='1.4 Insumos'!B51 -> Luminaria 4K | B20: ='1.4 Insumos'!F51 -> 0 | C20: =+'1.3 Gastos Generales'!PZ -> 1.23 | D20: =365/12*11*0.87 -> 291.0875 | E20: 180 | F20: =+B20/(C20*D20*2) -> 0 | H20: 0.5 | I20: =+ROUNDUP(B20*H20,2) -> 0
A21: ='1.4 Insumos'!B52 -> Rodillo compactador Tandem Tipo Chupetero | B21: ='1.4 Insumos'!F52 -> 0 | C21: =+'1.3 Gastos Generales'!PZ -> 1.23 | D21: =365/12*11*0.87 -> 291.0875 | E21: 180 | F21: =+B21/(C21*D21*2) -> 0 | H21: 0.5 | I21: =+ROUNDUP(B21*H21,2) -> 0
A22: TOTAL : | B22: =SUM(B7:B19) -> 2631.45 | G22: =SUM(G7:G21) -> 13 | I22: =SUM(I7:I19) -> 10589.56 | J22: =SUM(J7:J19) -> 0 | K22: =SUM(K7:K19) -> 0 | L22: =SUM(L7:L19) -> 0
A25: OBRA
A26: NECESIDAD DE PERSONAL DIRECTO
A29: PERSONAL | B29: Turno Día | C29: Turno Noche | D29: RELEVOS | E29: TOTAL
A30: ='1.4 Insumos'!B12 -> Operador de equipo pesado | B30: =SUM(G7:G19)+G21 -> 13 | E30: =SUM(B30:D30) -> 13
A31: ='1.4 Insumos'!B11 -> Capataz | B31: =ROUNDUP('1.4 Insumos'!F11/10/((365/12)*(17/30)),0) -> 3 | E31: =SUM(B31:D31) -> 3
A32: ='1.4 Insumos'!B13 -> Operario | B32: =ROUNDUP('1.4 Insumos'!F13/10/((365/12)*(17/30)),0) -> 0 | E32: =SUM(B32:D32) -> 0
A33: ='1.4 Insumos'!B14 -> Topógrafo | B33: =ROUNDUP('1.4 Insumos'!F14/10/((365/12)*(17/30)),0) -> 4 | E33: =SUM(B33:D33) -> 4
A34: ='1.4 Insumos'!B15 -> Auxiliar de Topógrafo | B34: =ROUNDUP('1.4 Insumos'!F15/10/((365/12)*(17/30)),0) -> 4 | E34: =SUM(B34:D34) -> 4
A35: ='1.4 Insumos'!B16 -> Cadista | B35: =ROUNDUP('1.4 Insumos'!F16/10/((365/12)*(17/30)),0) -> 2 | E35: =SUM(B35:D35) -> 2
A36: ='1.4 Insumos'!B17 -> Operario Termofusionista | B36: =ROUNDUP('1.4 Insumos'!F17/10/((365/12)*(17/30)),0) -> 0 | E36: =SUM(B36:D36) -> 0
A37: ='1.4 Insumos'!B18 -> Oficial Termofusionista | B37: =ROUNDUP('1.4 Insumos'!F18/10/((365/12)*(17/30)),0) -> 0 | E37: =SUM(B37:D37) -> 0
A38: ='1.4 Insumos'!B20 -> Oficial | B38: =ROUNDUP('1.4 Insumos'!F20/10/((365/12)*(17/30)),0) -> 0 | E38: =SUM(B38:D38) -> 0
A39: ='1.4 Insumos'!B21 -> Peón | B39: =ROUNDUP('1.4 Insumos'!F21/10/((365/12)*(17/30)),0) -> 7 | E39: =SUM(B39:D39) -> 7
A40: ='1.4 Insumos'!B22 -> Cuadrador | B40: =ROUNDUP('1.4 Insumos'!F22/10/((365/12)*(17/30)),0) -> 0 | E40: =SUM(B40:D40) -> 0
A41: ='1.4 Insumos'!B23 -> Vigía | B41: =ROUNDUP('1.4 Insumos'!F23/10/((365/12)*(17/30)),0) -> 6 | E41: =SUM(B41:D41) -> 6
A42: ='1.4 Insumos'!B24 -> Rigger | B42: =ROUNDUP('1.4 Insumos'!F24/10/((365/12)*(30/30)),0) -> 0 | E42: =SUM(B42:D42) -> 0
A43: TOTAL : | B43: =SUM(B30:B42) -> 39 | C43: =SUM(C30:C42) -> 0 | D43: =SUM(D30:D42) -> 0 | E43: =SUM(E30:E42) -> 39
G87: =ROUNDUP(SUM(G50,G52,G70,G75)/2,0)+SUM('Equipos-Personal (HH y HM)'!G7:G19) -> 13

Sheet EEPs OBREROS
A1: COSTO DE ELEMENTOS DE PROTECCION PERSONAL OBRERO (EPPs)
A4: Licitación: | B4: =+'1.7 Costos Covid'!D5 -> MEJORAMIENTO DE VÍAS Y ACCESOS EXISTENTES SUBPROYECTOS A3-A4
A5: Situado en: | B5: =+#REF! -> #REF!
A6: Presentado a: | B6: =+'1.7 Costos Covid'!D7 -> OHLA
A7: Postor: | B7: =+'1.7 Costos Covid'!D8 -> ZOVICSA
A8: Fecha: | B8: =+'1.7 Costos Covid'!D9 -> 44655
B10: Plazo: (a) = | C10: =+'1.3 Gastos Generales'!PZ -> 1.23 | D10: meses
B11: Jornada: (b) = | C11: =+j -> 8 | D11: horas
B12: Horas x Persona (en todo el proyecto): (c) = (a)x(b)x365/12 = | C12: =+ROUNDUP(C11*C10*365/12,0) -> 300 | D12: horas
A14: Ítem | B14: Descripción | C14: und | D14: Duracion x Item [meses] | E14: Cantidad Ítem x Hombre | F14: % de Ítems Requeridos | G14: P.Unitário x Ítem [US$] | H14: COSTO [US$ / hora-hombre]
D15: (d) | E15: (e)=(a)/(d) | F15: (f) | G15: (g) | H15: (h)=(c)x(d)x(e)/(c)
A16: 1 | B16: Arnés 3 anillas 3 hebillas Modelo I3A3H Marca : Hauk | C16: und | D16: 12 | E16: =ROUNDUP($C$10/D16,0) -> 1 | F16: 0.05 | H16: =ROUNDUP(E16*F16*G16/$C$12,3) -> 0
A17: 2 | B17: Línea conexión, 1.8m, de 2 ganchos de 3/4" sin amortiguador Modelo :XN1P Marca: Hauk | C17: und | D17: 12 | E17: =ROUNDUP($C$10/D17,0) -> 1 | F17: 0.05 | H17: =ROUNDUP(E17*F17*G17/$C$12,3) -> 0
A18: 3 | B18: Barbiquejo con mentonera Nacional | C18: und | D18: 12 | E18: =ROUNDUP($C$10/D18,0) -> 1 | F18: 0.5 | G18: 1.3366245 | H18: =ROUNDUP(E18*F18*G18/$C$12,3) -> 0.003
A19: 4 | B19: Botines punta de acero con forro interior de badana planta de chaucho Talla:41 Fabricacion Nacional | C19: par | D19: 10 | E19: =ROUNDUP($C$10/D19,0) -> 1 | F19: 1 | G19: 83.504502 | H19: =ROUNDUP(E19*F19*G19/$C$12,3) -> 0.279
A20: 5 | B20: Capotin de pvc color Anaranjado para la lluvia ligeroTalla : L-6 | C20: und | D20: 12 | E20: =ROUNDUP($C$10/D20,0) -> 1 | F20: 0.5 | G20: 16.707806 | H20: =ROUNDUP(E20*F20*G20/$C$12,3) -> 0.028
A21: 6 | B21: Cascos de seguridad Modelo Americano de 4 puntas con sitesma rachet Color Blancomarca: 3M | C21: und | D21: 12 | E21: =ROUNDUP($C$10/D21,0) -> 1 | F21: 1 | G21: 28.403271 | H21: =ROUNDUP(E21*F21*G21/$C$12,3) -> 0.095
A22: 7 | B22: Cortaviento Material Dril Color Azul /Naranja | C22: und | D22: 12 | E22: =ROUNDUP($C$10/D22,0) -> 1 | F22: 0.5 | G22: 6.5717371 | H22: =ROUNDUP(E22*F22*G22/$C$12,3) -> 0.011
A23: 8 | B23: Chaleco de seguridad con pegapega Material polyester Fabricacion Nacional Con cintas reflectivas chinas de 1" | C23: und | D23: 6 | E23: =ROUNDUP($C$10/D23,0) -> 1 | F23: 1 | G23: 7.2400494 | H23: =ROUNDUP(E23*F23*G23/$C$12,3) -> 0.025
A24: 9 | B24: Respirador de media cara Modelo6200 Talla:(Medium) Marca: 3M | C24: und | D24: 12 | E24: =ROUNDUP($C$10/D24,0) -> 1 | F24: 0.5 | G24: 0 | H24: =ROUNDUP(E24*F24*G24/$C$12,3) -> 0
A25: 10 | B25: Filtro Modelo:7093, P 100 para polvos y particulas Marca:3M | C25: und | D25: 3 | E25: =ROUNDUP($C$10/D25,0) -> 1 | F25: 0.5 | G25: 0 | H25: =ROUNDUP(E25*F25*G25/$C$12,3) -> 0
A26: 11 | B26: Respirador mascarilla Modelo 8210 N95 para polvo y particulas (NTP329.200:2020) | C26: und | D26: 0.1 | E26: =ROUNDUP($C$10/D26,0) -> 13 | F26: 0 | G26: 14.520687 | H26: =ROUNDUP(E26*F26*G26/$C$12,3) -> 0
A27: 12 | B27: Guantes de hilo con palma de latex anticorte Color Rojo con palma negra Modelo:Superflex Marca:Clute | C27: par | D27: 1 | E27: =ROUNDUP($C$10/D27,0) -> 2 | F27: 0.1 | G27: 5.5692687 | H27: =ROUNDUP(E27*F27*G27/$C$12,3) -> 0.004
A28: 13 | B28: Guantes de badana Color Blanco con ribete Azul Modelo Driver Marca: Steelpro | C28: par | D28: 1 | E28: =ROUNDUP($C$10/D28,0) -> 2 | F28: 1 | G28: 12.141006 | H28: =ROUNDUP(E28*F28*G28/$C$12,3) -> 0.081
A29: 14 | B29: Guante de jebe de Color Negro de 13" Calibre 35 Talla:9 Marca: Protex | C29: par | D29: 1 | E29: =ROUNDUP($C$10/D29,0) -> 2 | F29: 0 | G29: 10.247454 | H29: =ROUNDUP(E29*F29*G29/$C$12,3) -> 0
... A38: 22 | B38: Chompa cuello Jorge Chavez Talla:Estándar | C38: und | D38: 12 | E38: =ROUNDUP($C$10/D38,0) -> 1 | F38: 0.2 | G38: 25.618636 | H38: =ROUNDUP(E38*F38*G38/$C$12,3) -> 0.018
G39: Total de Costo: (i) = | H39: =SUM(H16:H38) -> 1.604
G42: Total de Costo: (j) = (i)x(c ) = | H42: =ROUNDUP(H39*C12,0) -> 482
G43: Total de Costo por mes = | H43: =H42/4 -> 120.5

Sheet EPPs EMPLEADOS
A1: COSTO DE ELEMENTOS DE PROTECCION PERSONAL EMPLEADO (EPPs)
A4: =+'EEPs OBREROS'!A4 -> Licitación: | B4: =+'EEPs OBREROS'!B4 -> MEJORAMIENTO DE VÍAS Y ACCESOS EXISTENTES SUBPROYECTOS A3-A4
A5: =+'EEPs OBREROS'!A5 -> Situado en: | B5: =+'EEPs OBREROS'!B5 -> #REF!
A6: =+'EEPs OBREROS'!A6 -> Presentado a: | B6: =+'EEPs OBREROS'!B6 -> OHLA
A7: =+'EEPs OBREROS'!A7 -> Postor: | B7: =+'EEPs OBREROS'!B7 -> ZOVICSA
A8: =+'EEPs OBREROS'!A8 -> Fecha: | B8: =+'EEPs OBREROS'!B8 -> 44655
B10: Plazo: (a) = | C10: =+'EEPs OBREROS'!C10 -> 1.23 | D10: meses
B11: Jornada: (b) = | C11: =+j -> 8 | D11: horas
B12: Horas x Persona (en todo el proyecto): (c) = (a)x(b)x365/12 = | C12: =+ROUNDUP(C11*C10*365/12,0) -> 300 | D12: horas
A14: Ítem | B14: Descripción | C14: und | D14: Duracion x Item [meses] | E14: Cantidad Ítem x Hombre | F14: % de Ítems Requeridos | G14: P.Unitário x Ítem [US$] | H14: COSTO [US$ / hora-hombre]
D15: (d) | E15: (e)=(a)/(d) | F15: (f) | G15: (g) | H15: (h)=(c)x(d)x(e)/(c)
A16: 1 | B16: Barbiquejo con mentonera Nacional | C16: und | D16: 12 | E16: =ROUNDUP($C$10/D16,0) -> 1 | F16: 0.5 | G16: 1.3366245 | H16: =ROUNDUP(E16*F16*G16/$C$12,3) -> 0.003
A17: 2 | B17: Botines punta de acero con forro interior de badana planta de chaucho Talla:41 Fabricacion Nacional | C17: par | D17: 10 | E17: =ROUNDUP($C$10/D17,0) -> 1 | F17: 1 | G17: 83.504502 | H17: =ROUNDUP(E17*F17*G17/$C$12,3) -> 0.279
A18: 3 | B18: Capotin de pvc color Anaranjado para la lluvia ligeroTalla : L-6 | C18: und | D18: 12 | E18: =ROUNDUP($C$10/D18,0) -> 1 | F18: 0.1 | G18: 16.707806 | H18: =ROUNDUP(E18*F18*G18/$C$12,3) -> 0.006
A19: 4 | B19: Cascos de seguridad Modelo Americano de 4 puntas con sitesma rachet Color Blancomarca: 3M | C19: und | D19: 12 | E19: =ROUNDUP($C$10/D19,0) -> 1 | F19: 1 | G19: 28.403271 | H19: =ROUNDUP(E19*F19*G19/$C$12,3) -> 0.095
A20: 5 | B20: Cortaviento Material Dril Color Azul /Naranja | C20: und | D20: 12 | E20: =ROUNDUP($C$10/D20,0) -> 1 | F20: 0.2 | G20: 6.5717371 | H20: =ROUNDUP(E20*F20*G20/$C$12,3) -> 0.005
A21: 6 | B21: Chaleco de seguridad Modelo Reportero Material Dril Color Naranja Con cintas chinas de 1" reflectivas Nacional | C21: und | D21: 12 | E21: =ROUNDUP($C$10/D21,0) -> 1 | F21: 1 | G21: 19.492441 | H21: =ROUNDUP(E21*F21*G21/$C$12,3) -> 0.065
A22: 7 | B22: Respirador de media cara Modelo6200 Talla:(Medium) Marca: 3M | C22: und | D22: 12 | E22: =ROUNDUP($C$10/D22,0) -> 1 | F22: 0 | G22: 9.7424694 | H22: =ROUNDUP(E22*F22*G22/$C$12,3) -> 0
A23: 8 | B23: Filtro Modelo:7093, P 100 para polvos y particulas Marca:3M | C23: und | D23: 3 | E23: =ROUNDUP($C$10/D23,0) -> 1 | F23: 0 | G23: 25.395865 | H23: =ROUNDUP(E23*F23*G23/$C$12,3) -> 0
A24: 9 | B24: Respirador mascarilla Modelo 8210 N95 para polvo y particulas (NTP329.200:2020) | C24: und | D24: 0.1 | E24: =ROUNDUP($C$10/D24,0) -> 13 | F24: 0 | G24: 14.520687 | H24: =ROUNDUP(E24*F24*G24/$C$12,3) -> 0
A25: 10 | B25: Guantes de badana Color Blanco con ribete Azul Modelo Driver Marca: Steelpro | C25: und | D25: 1 | E25: =ROUNDUP($C$10/D25,0) -> 2 | F25: 0.3 | G25: 12.141006 | H25: =ROUNDUP(E25*F25*G25/$C$12,3) -> 0.025
A26: 11 | B26: Lentes de seguridad Marco Negro Modelo Astrolite Tratamiento retardante empañamiento y rayadura Marca: Clute | C26: und | D26: 0.25 | E26: =ROUNDUP($C$10/D26,0) -> 5 | F26: 1 | G26: 2.7846344 | H26: =ROUNDUP(E26*F26*G26/$C$12,3) -> 0.047
A27: 12 | B27: Protector auditivo tipo copa (Orejeras Peltor H9P3E adaptables a casco 23dB Marca: 3M) | C27: par | D27: 12 | E27: =ROUNDUP($C$10/D27,0) -> 1 | F27: 0.2 | G27: 59.368405 | H27: =ROUNDUP(E27*F27*G27/$C$12,3) -> 0.04
... A34: 19 | B34: Chompa cuello Jorge Chavez Talla:Estándar | C34: und | D34: 12 | E34: =ROUNDUP($C$10/D34,0) -> 1 | F34: 1 | G34: 25.618636 | H34: =ROUNDUP(E34*F34*G34/$C$12,3) -> 0.086
G35: Total de Costo: (i) = | H35: =SUM(H16:H34) -> 1.065
G38: Total de Costo: (j) = (i)x(c ) = | H38: =ROUNDUP(H35*C12,0) -> 320
G39: Total de Costo por mes = | H39: =H38/4 -> 80

Sheet EPPs Empleados (kit)
A1: COSTO DE ELEMENTOS DE PROTECCION KIT COVID PERSONAL EMPLEADO (EPPs)
A4: =+'EPPs EMPLEADOS'!A4 -> Licitación: | B4: =+'EPPs EMPLEADOS'!B4 -> MEJORAMIENTO DE VÍAS Y ACCESOS EXISTENTES SUBPROYECTOS A3-A4
A5: =+'EPPs EMPLEADOS'!A5 -> Situado en: | B5: =+'EPPs EMPLEADOS'!B5 -> #REF!
A6: =+'EPPs EMPLEADOS'!A6 -> Presentado a: | B6: =+'EPPs EMPLEADOS'!B6 -> OHLA
A7: =+'EPPs EMPLEADOS'!A7 -> Postor: | B7: =+'EPPs EMPLEADOS'!B7 -> ZOVICSA
A8: =+'EPPs EMPLEADOS'!A8 -> Fecha: | B8: =+'EPPs EMPLEADOS'!B8 -> 44655
B10: Plazo: (a) = | C10: =+'EPPs EMPLEADOS'!C10 -> 1.23 | D10: meses
B11: Jornada: (b) = | C11: 11 | D11: horas
B12: Horas x Persona (en todo el proyecto): (c) = (a)x(b)x365/12 = | C12: =+ROUNDUP(C11*C10*365/12,0) -> 412 | D12: horas
A14: Ítem | B14: Descripción | C14: und | D14: Duracion x Item [meses] | E14: Cantidad Ítem x Hombre | F14: % de Ítems Requeridos | G14: P.Unitário x Ítem [US$] | H14: COSTO [US$ / hora-hombre]
D15: (d) | E15: (e)=(a)/(d) | F15: (f) | G15: (g) | H15: (h)=(c)x(d)x(e)/(c)
A16: 1 | B16: Respirador mascarilla Modelo 8210 N95 para polvo y particulas (NTP329.200:2020) | C16: und | D16: 0.1 | E16: =ROUNDUP($C$10/D16,0) -> 13 | F16: 1 | G16: 3.1407 | H16: =ROUNDUP(E16*F16*G16/$C$12,3) -> 0.1
A17: =+A16+1 -> 2 | B17: Alcohol en gel (1000ml) | C17: und | D17: 1 | E17: =ROUNDUP($C$10/D17,0) -> 2 | F17: 1 | G17: 22.531554 | H17: =ROUNDUP(E17*F17*G17/$C$12,3) -> 0.11
A18: =+A17+1 -> 3 | B18: Jabon Liquido (500ml) | C18: und | D18: 1 | E18: =ROUNDUP($C$10/D18,0) -> 2 | F18: 0.25 | G18: 7.0395 | H18: =ROUNDUP(E18*F18*G18/$C$12,3) -> 0.009 | N18: =ROUNDUP(E18*F18*G18,3) -> 3.52
A19: 4 | B19: Guantes Quirurgicos | C19: und | D19: =0.5/30 -> 0.016666667 | E19: =ROUNDUP($C$10/D19,0) -> 74 | F19: 0.1 | G19: 0.5776 | H19: =ROUNDUP(E19*F19*G19/$C$12,3) -> 0.011
A20: 5 | B20: Paños de limpieza | C20: und | D20: 3 | E20: =ROUNDUP($C$10/D20,0) -> 1 | F20: 0.5 | G20: 2.320865 | H20: =ROUNDUP(E20*F20*G20/$C$12,3) -> 0.003
A21: =+A20+1 -> 6 | B21: Caretas faciales | C21: und | D21: 2 | E21: =ROUNDUP($C$10/D21,0) -> 1 | F21: 1 | G21: 17.82975 | H21: =ROUNDUP(E21*F21*G21/$C$12,3) -> 0.044
G22: Total de Costo: (i) = | H22: =SUM(H16:H21) -> 0.277
G24: Total de Costo: (j) = (i)x(c ) = | H24: =ROUNDUP(H22*C12,0) -> 115
G25: Total de Costo por mes = | H25: =H24/4 -> 28.75

Sheet EPPs Obreros (kit)
A1: COSTO DE ELEMENTOS DE PROTECCION KIT COVID PERSONAL OBRERO (EPPs)
A4: =+'EPPs EMPLEADOS'!A4 -> Licitación: | B4: =+'EPPs EMPLEADOS'!B4 -> MEJORAMIENTO DE VÍAS Y ACCESOS EXISTENTES SUBPROYECTOS A3-A4
A5: =+'EPPs EMPLEADOS'!A5 -> Situado en: | B5: =+'EPPs EMPLEADOS'!B5 -> #REF!
A6: =+'EPPs EMPLEADOS'!A6 -> Presentado a: | B6: =+'EPPs EMPLEADOS'!B6 -> OHLA
A7: =+'EPPs EMPLEADOS'!A7 -> Postor: | B7: =+'EPPs EMPLEADOS'!B7 -> ZOVICSA
A8: =+'EPPs EMPLEADOS'!A8 -> Fecha: | B8: =+'EPPs EMPLEADOS'!B8 -> 44655
B11: Plazo: (a) = | C11: =+'EPPs Empleados (kit)'!C10 -> 1.23 | D11: meses
B12: Jornada: (b) = | C12: 11 | D12: horas
B13: Horas x Persona (en todo el proyecto): (c) = (a)x(b)x365/12 = | C13: =+ROUNDUP(C12*C11*365/12,0) -> 412 | D13: horas
A15: Ítem | B15: Descripción | C15: und | D15: Duracion x Item [meses] | E15: Cantidad Ítem x Hombre | F15: % de Ítems Requeridos | G15: P.Unitário x Ítem [US$] | H15: COSTO [US$ / hora-hombre]
D16: (d) | E16: (e)=(a)/(d) | F16: (f) | G16: (g) | H16: (h)=(c)x(d)x(e)/(c)
A17: 1 | B17: Respirador mascarilla Modelo 8210 N95 para polvo y particulas (NTP329.200:2020) | C17: und | D17: 0.1 | E17: =ROUNDUP($C$11/D17,0) -> 13 | F17: 1 | G17: 3.1407 | H17: =ROUNDUP(E17*F17*G17/$C$13,3) -> 0.1 | I17: 0.76365319 | K17: 0.2 | L17: 0.76 | M17: =+G17-L17 -> 2.3807
A18: =+A17+1 -> 2 | B18: Alcohol en gel (1000ml) | C18: und | D18: 1 | E18: =ROUNDUP($C$11/D18,0) -> 2 | F18: 1 | G18: 22.531554 | H18: =ROUNDUP(E18*F18*G18/$C$13,3) -> 0.11
A19: =+A18+1 -> 3 | B19: Jabon Liquido (500ml) | C19: und | D19: 1 | E19: =ROUNDUP($C$11/D19,0) -> 2 | F19: 0.25 | G19: 7.0395 | H19: =ROUNDUP(E19*F19*G19/$C$13,3) -> 0.009
A20: =+A19+1 -> 4 | B20: Guantes Quirurgicos | C20: und | D20: =0.5/30 -> 0.016666667 | E20: =ROUNDUP($C$11/D20,0) -> 74 | F20: 0.1 | G20: 0.5776 | H20: =ROUNDUP(E20*F20*G20/$C$13,3) -> 0.011
A21: =+A20+1 -> 5 | B21: Paños de limpieza | C21: und | D21: 3 | E21: =ROUNDUP($C$11/D21,0) -> 1 | F21: 0.5 | G21: 2.320865 | H21: =ROUNDUP(E21*F21*G21/$C$13,3) -> 0.003
A22: =+A21+1 -> 6 | B22: Caretas faciales | C22: und | D22: 2 | E22: =ROUNDUP($C$11/D22,0) -> 1 | F22: 1 | G22: 17.82975 | H22: =ROUNDUP(E22*F22*G22/$C$13,3) -> 0.044
G23: Total de Costo: (i) = | H23: =SUM(H17:H22) -> 0.277
G25: Total de Costo: (j) = (i)x(c ) = | H25: =ROUNDUP(H23*C13,0) -> 115
D26: 0.1 | H26: =+H25/36 -> 3.1944444
D27: 1
D28: 1
D29: =0.5/30 -> 0.016666667
D30: 3
D31: 2
A33: 37 | B33: Peróxido de hidrógeno al 0.5% (1 Gal.) | C33: und | D33: 6 | E33: =ROUNDUP($C$11/D33,0) -> 1 | F33: 1 | G33: 9.0590298 | H33: =ROUNDUP(E33*F33*G33/$C$13,3) -> 0.022 | I33: 1 galon
A34: 38 | B34: Amonio cuaternario (1 Gal.) | C34: und | D34: 6 | E34: =ROUNDUP($C$11/D34,0) -> 1 | F34: 1 | G34: 52.600818 | H34: =ROUNDUP(E34*F34*G34/$C$13,3) -> 0.128 | I34: 1 galon
A35: 39 | B35: Equipos de pulverización | C35: und | D35: 3 | E35: =ROUNDUP($C$11/D35,0) -> 1 | F35: 0.5 | G35: 1.4611338 | H35: =ROUNDUP(E35*F35*G35/$C$13,3) -> 0.002
G48: Total de Costo por mes = | H48: =H25/4 -> 28.75

Sheet Cálculo de ciclos
B3: CÁLCULO DE CICLOS DE TRASLADOS
B5: Distancia | C5: =G9 -> 4.739975 | D5: km | E5: S1 | F5: R1 = | G5: 4.24723 | H5: 0.4
B6: Jornada laboral efectiva | C6: 8 | D6: hrs | F6: R2 = | G6: 4.72917 | H6: 0.6
B7: Capacidad de volquete | C7: 17 | D7: m3 | E7: S3 | F7: R3 = | G7: 4.72324 | W7: 11.081481
B8: Velocidad cargado | D8: km/hrs | F8: R4 = | G8: 5.26026
B9: Velocidad descargado | D9: km/hrs | F9: Promedio = | G9: =AVERAGE(G5:G8) -> 4.739975 | W9: =+W7/C7 -> 0.65185185
B10: Tiempo de carga | D10: min
B11: Tiempo de descarga | D11: min
B12: Tiempo de ida | D12: hrs
B13: Tiempo de vuelta | D13: hrs
B15: T ciclo | C15: 0.73192308 | D15: hrs
B16: N° de viajes | C16: =C6/C15 -> 10.93011 | D16: viajes
B18: Volumen efectivo x viaje | C18: =C7*$W$9 -> 11.081481 | D18: m3
B19: Volumen total por volquete | C19: =C18*C16 -> 121.12182 | D19: m3/turno
B21: Rend. APU Propuesto | C21: 76.1 | D21: m3/hr.
B24: RUTA | C24: DISTANCIA (KM) | D24: CICLO (HR) | E24: VIAJES X TURNO | F24: REND. TRAS. (M3/TURNO) | G24: REND. CONF. (M3/TURNO) | H24: CUADRILLA. VOLQUETES
B25: Stacker - Booster | C25: =+C5 -> 4.739975 | D25: =+C15 -> 0.73192308 | E25: =ROUND(C6/D25,0) -> 11 | F25: =ROUND(E25*C18,2) -> 121.9 | G25: =+C21*C6 -> 608.8 | H25: =ROUND(G25/F25,0) -> 5

Sheet EPPs Colectivo KIT COVID
A1: COSTO DE ELEMENTOS DE PROTECCION COLECTIVA (KIT COVID)
A4: =+'EEPs OBREROS'!A4 -> Licitación: | B4: =+'EPPs EMPLEADOS'!B4 -> MEJORAMIENTO DE VÍAS Y ACCESOS EXISTENTES SUBPROYECTOS A3-A4
A5: =+'EEPs OBREROS'!A5 -> Situado en: | B5: =+'EPPs EMPLEADOS'!B5 -> #REF!
A6: =+'EEPs OBREROS'!A6 -> Presentado a: | B6: =+'EPPs EMPLEADOS'!B6 -> OHLA
A7: =+'EEPs OBREROS'!A7 -> Postor: | B7: =+'EPPs EMPLEADOS'!B7 -> ZOVICSA
A8: =+'EEPs OBREROS'!A8 -> Fecha: | B8: =+'EPPs EMPLEADOS'!B8 -> 44655
B10: Plazo: (a) = | C10: =+'EPPs Obreros (kit)'!C11 -> 1.23 | D10: meses
A12: Ítem | B12: Descripción | C12: und | D12: Duracion x Item [meses] | E12: Cantidad Ítem | F12: % de Ítems Requeridos | G12: P.Unitário x Ítem [US$] | H12: COSTO [US$ / hora-hombre]
D13: (d) | E13: (e)=(a)/(d) | F13: (f) | G13: (g) | H13: (h)=(c)x(d)x(e)/(c)
A14: 1 | B14: Amonio Cuaternario | C14: gln | D14: 0.26666667 | E14: =ROUNDUP($C$10/D14,0) -> 5 | F14: 1 | G14: 187.9366 | H14: =ROUNDUP(E14*F14*G14,3) -> 939.683
A15: 2 | B15: Hipoclorito de sodio al 0.1% | C15: gln | D15: 0.16666667 | E15: =ROUNDUP($C$10/D15,0) -> 8 | F15: 1 | G15: 26.5335 | H15: =ROUNDUP(E15*F15*G15,3) -> 212.268
A16: 3 | B16: Equipos de pulverizacion (20Lt) | C16: und | E16: 2 | F16: 1 | G16: 356.58181 | H16: =ROUNDUP(E16*F16*G16,3) -> 713.164
A17: 4 | B17: Termometro Digital | C17: und | E17: 2 | F17: 1 | G17: 702.37801 | H17: =ROUNDUP(E17*F17*G17,3) -> 1404.757
A18: 4 | B18: Alcohol 1000 ml en gel para oficinas y buses | C18: und | D18: 0.23333333 | E18: =ROUNDUP($C$10/D18,0) -> 6 | F18: 1 | G18: 22.531554 | H18: =ROUNDUP(E18*F18*G18,3) -> 135.19
A19: 5 | B19: Lavamanos portatil | C19: und | E19: 2 | F19: 1 | G19: 2397.9469 | H19: =ROUNDUP(E19*F19*G19,3) -> 4795.894
A20: 5 | B20: Paños de Limpieza | C20: und | D20: 0.16666667 | E20: =ROUNDUP($C$10/D20,0)*3 -> 24 | F20: 1 | G20: 2.4369082 | H20: =ROUNDUP(E20*F20*G20,3) -> 58.486
A21: 5 | B21: Bandeja para limpieza de zapatos | C21: und | D21: 0.23333333 | E21: =ROUNDUP($C$10/D21,0) -> 6 | F21: 1 | G21: 26.5335 | H21: =ROUNDUP(E21*F21*G21,3) -> 159.201
G22: Total de Costo: (i) = | H22: =SUM(H14:H21) -> 8418.643
G24: Total de Costo por Mes: = | H24: =H22/4 -> 2104.6608

Sheet Costo HH
A1: Analisis de HH de Personal Obrero
A4: DESCRIPCCIÓN | D4: CALIFICACION DE PERSONAL
D5: Capataz | E5: Operador | F5: Operario | G5: Oficial | H5: Peón | I5: Vigía | J5: Cuadrador
A6: Jornal Basico | B6: Jornal Basico C.C. a Junio 2017 [S/dia] | D6: =+E6 -> 71.8 | E6: =+F6 -> 71.8 | F6: 71.8 | G6: 56.55 | H6: 50.8 | I6: 50.8 | J6: 50.8
B7: Factor de reajuste anual CC previsto | C7: 1 | D7: 0.04 | E7: =+D7 -> 0.04 | F7: =+E7 -> 0.04 | G7: =+F7 -> 0.04 | H7: =+G7 -> 0.04 | I7: =+H7 -> 0.04 | J7: =+I7 -> 0.04
B8: Jornal Basico Reajustado [S/dia] | D8: =+D$6*(1+$C$7*D$7) -> 74.672 | E8: =+E$6*(1+$C$7*E$7) -> 74.672 | F8: =+F$6*(1+$C$7*F$7) -> 74.672 | G8: =+G$6*(1+$C$7*G$7) -> 58.812 | H8: =+H$6*(1+$C$7*H$7) -> 52.832 | I8: =+I$6*(1+$C$7*I$7) -> 52.832 | J8: =+J$6*(1+$C$7*J$7) -> 52.832
B9: Factor por trabajo nocturno | C9: 0.5 | D9: 0.25 | E9: 0.25 | F9: 0.25 | G9: 0.25 | H9: 0.25 | I9: 0.25 | J9: 0.25
B10: Jornal Basico [S/dia] | D10: =+D$8*(1+$C$9*D9) -> 84.006 | E10: =+E$8*(1+$C$9*E9) -> 84.006 | F10: =+F$8*(1+$C$9*F9) -> 84.006 | G10: =+G$8*(1+$C$9*G9) -> 66.1635 | H10: =+H$8*(1+$C$9*H9) -> 59.436 | I10: =+I$8*(1+$C$9*I9) -> 59.436 | J10: =+J$8*(1+$C$9*J9) -> 59.436
B11: SEMANAL | D11: =+D10*6 -> 504.036 | E11: =+E10*6 -> 504.036 | F11: =+F10*6 -> 504.036 | G11: =+G10*6 -> 396.981 | H11: =+H10*6 -> 356.616 | I11: =+I10*6 -> 356.616 | J11: =+J10*6 -> 356.616
A12: Bonificación Basica | B12: Alta Especialidad [%] | C12: - | D12: 0.15 | E12: 0.1
B13: Total Semanal[S/dia] | D13: =+D11*D12 -> 75.6054 | E13: =+E11*E12 -> 50.4036 | F13: =+F11*F12 -> 0 | G13: =+G11*G12 -> 0 | H13: =+H11*H12 -> 0 | I13: =+I11*I12 -> 0 | J13: =+J11*J12 -> 0
A14: Horas Extras | B14: 60% [horas/dia] | C14: - | D14: 12 | E14: 12 | F14: 12 | G14: 12 | H14: 12 | I14: 12 | J14: 12
B15: 100% [horas/dia] | C15: - | D15: 17 | E15: 17 | F15: 17 | G15: 17 | H15: 17 | I15: 17 | J15: 17
B16: Total [S/. x Semana] | D16: =D10/8*(D14*1.6+D15*2) -> 558.6399 | E16: =E10/8*(E14*1.6+E15*2) -> 558.6399 | F16: =F10/8*(F14*1.6+F15*2) -> 558.6399 | G16: =G10/8*(G14*1.6+G15*2) -> 439.98728 | H16: =H10/8*(H14*1.6+H15*2) -> 395.2494 | I16: =I10/8*(I14*1.6+I15*2) -> 395.2494 | J16: =J10/8*(J14*1.6+J15*2) -> 395.2494
A17: Ingressos del Trabajador | B17: Dominical | C17: =+'% Leyes Sociales'!C3 -> 0.14285714 | D17: =+$C17*D$11 -> 72.005143 | E17: =+$C17*E$11 -> 72.005143 | F17: =+$C17*F$11 -> 72.005143 | G17: =+$C17*G$11 -> 56.711571 | H17: =+$C17*H$11 -> 50.945143 | I17: =+$C17*I$11 -> 50.945143 | J17: =+$C17*J$11 -> 50.945143
B18: Altitud > 2,500msnm | C18: 2.5 | D18: =+$C$18*7 -> 17.5 | E18: =+$C$18*7 -> 17.5 | F18: =+$C$18*7 -> 17.5 | G18: =+$C$18*7 -> 17.5
B19: BUC | C19: 32%/30% | D19: =0.32*D11 -> 161.29152 | E19: =0.32*E11 -> 161.29152 | F19: =0.32*F11 -> 161.29152 | G19: =0.32*G11 -> 127.03392 | H19: =0.3*H11 -> 106.9848 | I19: =0.3*I11 -> 106.9848 | J19: =0.3*J11 -> 106.9848
B20: Vacaciones | C20: =+'% Leyes Sociales'!C7 -> 0.10135135 | D20: =+$C20*D$11 -> 51.08473 | E20: =+$C20*E$11 -> 51.08473 | F20: =+$C20*F$11 -> 51.08473 | G20: =+$C20*G$11 -> 40.234561 | H20: =+$C20*H$11 -> 36.143514 | I20: =+$C20*I$11 -> 36.143514 | J20: =+$C20*J$11 -> 36.143514
B21: Indemnización CTS | C21: 0.12 | D21: =(D$11+(D$14+D$15)*(D$10/8))*$C21 -> 97.02693 | E21: =(E$11+(E$14+E$15)*(E$10/8))*$C21 -> 97.02693 | F21: =(F$11+(F$14+F$15)*(F$10/8))*$C21 -> 97.02693 | G21: =(G$11+(G$14+G$15)*(G$10/8))*$C21 -> 76.418842 | H21: =(H$11+(H$14+H$15)*(H$10/8))*$C21 -> 68.64858 | I21: =(I$11+(I$14+I$15)*(I$10/8))*$C21 -> 68.64858 | J21: =(J$11+(J$14+J$15)*(J$10/8))*$C21 -> 68.64858
B22: Participación de Utilidades | C22: 0.03 | D22: =(D$11+(D$14+D$15)*(D$10/8))*$C22 -> 24.256732 | E22: =(E$11+(E$14+E$15)*(E$10/8))*$C22 -> 24.256732 | F22: =(F$11+(F$14+F$15)*(F$10/8))*$C22 -> 24.256732 | G22: =(G$11+(G$14+G$15)*(G$10/8))*$C22 -> 19.104711 | H22: =(H$11+(H$14+H$15)*(H$10/8))*$C22 -> 17.162145 | I22: =(I$11+(I$14+I$15)*(I$10/8))*$C22 -> 17.162145 | J22: =(J$11+(J$14+J$15)*(J$10/8))*$C22 -> 17.162145
B23: Gratificationes | C23: =+'% Leyes Sociales'!C12 -> 0.22222222 | D23: =+$C23*D$11*7/6 -> 130.676 | E23: =+$C23*E$11*7/6 -> 130.676 | F23: =+$C23*F$11*7/6 -> 130.676 | G23: =+$C23*G$11*7/6 -> 102.921 | H23: =+$C23*H$11*7/6 -> 92.456 | I23: =+$C23*I$11*7/6 -> 92.456 | J23: =+$C23*J$11*7/6 -> 92.456
B24: Feriados | C24: =+'% Leyes Sociales'!C23 -> 0.13364517 | D24: =(D$11*7/6)*$C24 -> 78.588974 | E24: =(E$11*7/6)*$C24 -> 78.588974 | F24: =(F$11*7/6)*$C24 -> 78.588974 | G24: =(G$11*7/6)*$C24 -> 61.897026 | H24: =(H$11*7/6)*$C24 -> 55.603341 | I24: =(I$11*7/6)*$C24 -> 55.603341 | J24: =(J$11*7/6)*$C24 -> 55.603341
B25: Asignacion escolar | C25: =+'% Leyes Sociales'!C16 -> 0.1875 | D25: =(D$11*7/6)*$C25 -> 110.25788 | E25: =(E$11*7/6)*$C25 -> 110.25788 | F25: =(F$11*7/6)*$C25 -> 110.25788 | G25: =(G$11*7/6)*$C25 -> 86.839594 | H25: =(H$11*7/6)*$C25 -> 78.00975 | I25: =(I$11*7/6)*$C25 -> 78.00975 | J25: =(J$11*7/6)*$C25 -> 78.00975
B26: Total [S/. x Semana] | D26: =SUM(D17:D25) -> 742.6879 | E26: =SUM(E17:E25) -> 742.6879 | F26: =SUM(F17:F25) -> 742.6879 | G26: =SUM(G17:G25) -> 588.66123 | H26: =SUM(H17:H25) -> 505.95327 | I26: =SUM(I17:I25) -> 505.95327 | J26: =SUM(J17:J25) -> 505.95327
A27: Aportes y Leyes Sociales | B27: ESSALUD | C27: 0.09 | D27: =$C27*SUM(D$11,D$13,D$16:D$20,D$23:D$24) -> 148.44849 | E27: =$C27*SUM(E$11,E$13,E$16:E$20,E$23:E$24) -> 146.18033 | F27: =$C27*SUM(F$11,F$13,F$16:F$20,F$23:F$24) -> 141.644 | G27: =$C27*SUM(G$11,G$13,G$16:G$20,G$23:G$24) -> 111.89397 | H27: =$C27*SUM(H$11,H$13,H$16:H$20,H$23:H$24) -> 98.459838 | I27: =$C27*SUM(I$11,I$13,I$16:I$20,I$23:I$24) -> 98.459838 | J27: =$C27*SUM(J$11,J$13,J$16:J$20,J$23:J$24) -> 98.459838
B28: JUBILACION ADELANTADA | C28: 0.01 | D28: =$C28*SUM(D$11,D$13,D$16:D$20,D$23:D$24) -> 16.494277 | E28: =$C28*SUM(E$11,E$13,E$16:E$20,E$23:E$24) -> 16.242259 | F28: =$C28*SUM(F$11,F$13,F$16:F$20,F$23:F$24) -> 15.738223 | G28: =$C28*SUM(G$11,G$13,G$16:G$20,G$23:G$24) -> 12.432664 | H28: =$C28*SUM(H$11,H$13,H$16:H$20,H$23:H$24) -> 10.939982 | I28: =$C28*SUM(I$11,I$13,I$16:I$20,I$23:I$24) -> 10.939982 | J28: =$C28*SUM(J$11,J$13,J$16:J$20,J$23:J$24) -> 10.939982
B29: S.C.T.R.Salud | C29: 0.0030333333 | D29: =$C29*SUM(D$11,D$13,D$16:D$20,D$23:D$24) -> 5.0032639 | E29: =$C29*SUM(E$11,E$13,E$16:E$20,E$23:E$24) -> 4.9268185 | F29: =$C29*SUM(F$11,F$13,F$16:F$20,F$23:F$24) -> 4.7739275 | G29: =$C29*SUM(G$11,G$13,G$16:G$20,G$23:G$24) -> 3.7712413 | H29: =$C29*SUM(H$11,H$13,H$16:H$20,H$23:H$24) -> 3.3184612 | I29: =$C29*SUM(I$11,I$13,I$16:I$20,I$23:I$24) -> 3.3184612 | J29: =$C29*SUM(J$11,J$13,J$16:J$20,J$23:J$24) -> 3.3184612
B30: S.C.T.R.Pens.(caso Invalidez/muerte) | C30: 0.0039666667 | D30: =$C30*SUM(D$11,D$13,D$16:D$20,D$23:D$24) -> 6.5427297 | E30: =$C30*SUM(E$11,E$13,E$16:E$20,E$23:E$24) -> 6.4427626 | F30: =$C30*SUM(F$11,F$13,F$16:F$20,F$23:F$24) -> 6.2428283 | G30: =$C30*SUM(G$11,G$13,G$16:G$20,G$23:G$24) -> 4.9316232 | H30: =$C30*SUM(H$11,H$13,H$16:H$20,H$23:H$24) -> 4.3395262 | I30: =$C30*SUM(I$11,I$13,I$16:I$20,I$23:I$24) -> 4.3395262 | J30: =$C30*SUM(J$11,J$13,J$16:J$20,J$23:J$24) -> 4.3395262
B31: + Vida por Semana | C31: 1.15 | D31: =+C31 -> 1.15 | E31: =+C31 -> 1.15 | F31: =+C31 -> 1.15 | G31: =+C31 -> 1.15 | H31: =+C31 -> 1.15 | I31: =+C31 -> 1.15 | J31: =+C31 -> 1.15
B32: Total [S/. x Semana] | D32: =SUM(D27:D31) -> 177.63876 | E32: =SUM(E27:E31) -> 174.94217 | F32: =SUM(F27:F31) -> 169.54898 | G32: =SUM(G27:G31) -> 134.1795 | H32: =SUM(H27:H31) -> 118.20781 | I32: =SUM(I27:I31) -> 118.20781 | J32: =SUM(J27:J31) -> 118.20781
A34: Costos [S/hombre.semana] | D34: =SUM(D11,D13,D16,D26,D32) -> 2058.608 | E34: =SUM(E11,E13,E16,E26,E32) -> 2030.7096 | F34: =SUM(F11,F13,F16,F26,F32) -> 1974.9128 | G34: =SUM(G11,G13,G16,G26,G32) -> 1559.809 | H34: =SUM(H11,H13,H16,H26,H32) -> 1376.0265 | I34: =SUM(I11,I13,I16,I26,I32) -> 1376.0265 | J34: =SUM(J11,J13,J16,J26,J32) -> 1376.0265
A35: Costos [S/hombre.hora] | D35: =D34/(7*j) -> 36.760857 | E35: =E34/(7*j) -> 36.262671 | F35: =F34/(7*j) -> 35.2663 | G35: =G34/(7*j) -> 27.853732 | H35: =H34/(7*j) -> 24.571901 | I35: =I34/(7*j) -> 24.571901 | J35: =J34/(7*j) -> 24.571901
A37: Costos [S/hombre.hora] | C37: - | D37: =+D35/TC -> 36.760857 | E37: =+E35/TC -> 36.262671 | F37: =+F35/TC -> 35.2663 | G37: =+G35/TC -> 27.853732 | H37: =+H35/TC -> 24.571901 | I37: =+I35/TC -> 24.571901 | J37: =+J35/TC -> 24.571901
A38: Costos por cambio de regimen [S/hombre.hora] | C38: - | D38: 2.7427891 | E38: 2.6157626 | F38: 2.5417096 | G38: 2.0088934 | H38: 1.7683341 | I38: 1.7683341 | J38: 1.7683341
A39: Total de Costos [S/hombre.hora] | C39: - | D39: =SUM(D37:D38) -> 39.503646 | E39: =SUM(E37:E38) -> 38.878434 | F39: =SUM(F37:F38) -> 37.808009 | G39: =SUM(G37:G38) -> 29.862626 | H39: =SUM(H37:H38) -> 26.340236 | I39: =SUM(I37:I38) -> 26.340236 | J39: =SUM(J37:J38) -> 26.340236
A40: Nota: | B40: Costo sin vestir y sin incluir relevo en columna de cantidad por regimen de salida en formato de metrado y costos.

Sheet % Leyes Sociales
A1: Ingresos del Trabajador
A3: 1 | B3: Dominical | C3: =+C5/C4 -> 0.14285714
A4: 1.1 | B4: Dias trabajados p/semana | C4: 7
A5: 1.2 | B5: Domingos por semana | C5: 1
A7: 2 | B7: Vacaciones | C7: =30/C10 -> 0.10135135
A8: 2.1 | B8: Domingos | C8: 52
A9: 2.2 | B9: Feriados | C9: 12
A10: 2.3 | B10: Dias trabajo/año | C10: 296
A12: 3 | B12: gratificaciones | C12: =+C13/C14 -> 0.22222222
A13: 3.1 | B13: jornales | C13: 80
A14: 3.2 | B14: Dias trabajo/año | C14: 360
A16: 4 | B16: Asignación escolar | C16: =+C20/C21 -> 0.1875
A17: 4.1 | B17: Nº de hijos | C17: 3
A18: 4.2 | B18: Jornales al año p/hijo | C18: 30
A19: 4.3 | B19: Probabilidad | C19: 0.75
A20: 4.4 | B20: Total jornales | C20: =+C17*C18*C19 -> 67.5
A21: 4.5 | B21: Dias trabajo/año | C21: 360
A23: 5 | B23: Feriados | C23: =C24/C25 -> 0.13364517
A24: 5.1 | B24: Feriados durante obra | C24: 5
A25: 5.2 | B25: Dias trabajo/obra | C25: ='1.3 Gastos Generales'!PZ*365/12 -> 37.4125

Sheet Datos
A8: Datos:
A10: Jornada | B10: 8 | C10: Hr
A11: Volumen del Volquete | B11: 17 | C11: M3
A12: % de Herramientas Manuales | B12: 0.05 | C12: mo
A13: Tipo de cambio | B13: 1 | C13: al | D13: 44008 | E13: http://www.sunat.gob.pe/cl-at-ittipcam/tcS01Alias
A14: Costo del Petroleo | B14: 0
